Workbook
Name \C: [1]Reforma!#REF!
Name \C: [1]Reforma!#REF!
Name \D: [1]Reforma!#REF!
Name \G: [1]Reforma!#REF!
Name \I: [1]Reforma!#REF!
Name \l: #REF!
Name \M: [1]Reforma!#REF!
Name \P: [1]Reforma!#REF!
Name \q: #REF!
Name \R: [1]Reforma!#REF!
Name \s: #REF!
Name \t: #REF!
Name \Y: [1]Reforma!#REF!
Name _: [1]Reforma!#REF!
Name _________sub1: #REF!
Name _________sub3: #REF!
Name ________R: #REF!
Name ________sub1: #REF!
Name ________sub2: #REF!
Name ________sub3: #REF!
Name ________sub4: #REF!
Name _______MDO1: [2]INSUMOS!$C$8
Name _______MDO2: [2]INSUMOS!$C$9
Name _______R: #REF!
Name _______sub1: #REF!
Name _______sub2: #REF!
Name _______sub3: #REF!
Name _______sub4: #REF!
Name ______MDO1: #REF!
Name ______MDO2: #REF!
Name ______R: #REF!
Name ______sub1: #REF!
Name ______sub2: #REF!
Name ______sub3: #REF!
Name ______sub4: #REF!
Name _____MDO1: #REF!
Name _____MDO2: #REF!
Name _____R: #REF!
Name _____sub1: #REF!
Name _____sub2: #REF!
Name _____sub3: #REF!
Name _____sub4: #REF!
Name ____MDO1: #REF!
Name ____MDO2: #REF!
Name ____R: #REF!
Name ____sub1: #REF!
Name ____sub2: #REF!
Name ____sub3: #REF!
Name ____sub4: #REF!
Name ___ELE3: #REF!
Name ___MDO1: #REF!
Name ___MDO2: #REF!
Name ___R: #REF!
Name ___sub1: #REF!
Name ___sub2: #REF!
Name ___sub3: #REF!
Name ___sub4: #REF!
Name ___tot1: #REF!
Name ___tot2: #REF!
Name ___tot3: #REF!

Sheet Encargos
A1: ENCARGOS SOCIAIS
A3: Item | B3: Discriminação | C3: Horista | D3: Mensalista
A4: A | B4: ENCARGOS SOCIAIS BÁSICOS | C4: =SUM(C5:C13) -> 16.8 | D4: =SUM(D5:D13) -> 16.8
A5: A-1 | B5: INSS | C5: 0 | D5: 0
A6: A-2 | B6: SESI | C6: 1.5 | D6: 1.5
A7: A-3 | B7: SENAI | C7: 1 | D7: 1
A8: A-4 | B8: INCRA | C8: 0.2 | D8: 0.2
A9: A-5 | B9: SEBRAE | C9: 0.6 | D9: 0.6
A10: A-6 | B10: SALÁRIO EDUCAÇÃO | C10: 2.5 | D10: 2.5
A11: A-7 | B11: SEGURO CONTRA ACIDENTES DE TRABALHO | C11: 3 | D11: 3
A12: A-8 | B12: FGTS | C12: 8 | D12: 8
A13: A-9 | B13: SECONCI | C13: 0 | D13: 0
A14: B | B14: ENCARGOS SOCIAIS QUE RECEBEM AS INCIDÊNCIAS DE "A" | C14: =SUM(C15:C25) -> 50.51 | D14: =SUM(D15:D25) -> 20.28
A15: B-1 | B15: REPOUSO SEMANAL REMUNERADO | C15: 18.01 | D15: 0
A16: B-2 | B16: FERIADOS | C16: 4.3 | D16: 0
A17: B-3 | B17: AUXILIO - ENFERMIDADE | C17: 0.87 | D17: 0.67
A18: B-4 | B18: 13º SALARIO | C18: 10.78 | D18: 8.33
A19: B-5 | B19: LICENÇA PATERNIDADE | C19: 0.07 | D19: 0.06
A20: B-6 | B20: FALTAS JUSTIFICADAS | C20: 0.72 | D20: 0.56
A21: B-7 | B21: DIAS DE CHUVAS | C21: 1.98 | D21: -
A22: B-8 | B22: AUXILIO ACIDENTE DE TRABALHO | C22: 0.11 | D22: 0.08
A23: B-9 | B23: FÉRIAS GOZADAS | C23: 13.64 | D23: 10.55
A24: B-10 | B24: SALÁRIO MATERNIDADE | C24: 0.03 | D24: 0.03
A26: C | B26: ENCARGOS SOCIAIS QUE NÃO RECEBEM AS INCIDÊNCIAS DE "A" | C26: =SUM(C27:C32) -> 9.52 | D26: =SUM(D27:D32) -> 7.38
A27: C-1 | B27: AVISO PRÉVIO INDENIZADO | C27: 4.45 | D27: 3.45
A28: C-2 | B28: AVISO PRÉVIO TRABALHADO | C28: 0.1 | D28: 0.08
A29: C-3 | B29: FÉRIAS INDENIZADAS | C29: 0.5 | D29: 0.39
A30: C-4 | B30: DEPÓSITO RECISÃO SEM JUSTA CAUSA | C30: 4.1 | D30: 3.17
A31: C-5 | B31: INDENIZAÇÃO ADICIONAL | C31: 0.37 | D31: 0.29
A33: D | B33: TAXAS DE REINCIDÊNCIAS DE UM GRUPO SOBRE O OUTRO | C33: =SUM(C34:C37) -> 8.86 | D33: =SUM(D34:D37) -> 3.7
A34: D-1 | B34: REINCIDENCIA DE GRUPO A SOBRE GRUPO B | C34: 8.49 | D34: 3.41
A35: D-2 | B35: REINCIDENCIA DE GRUPO A SOBRE AVISO PRÉVIO TRABALHADO E REINCIDENCIA DO FGTS SOBRE AVISO PRÉVIO INDENIZADO | C35: 0.37 | D35: 0.29
B38: TOTAL GERAL | C38: =C33+C26+C14+C4 -> 85.69 | D38: =D33+D26+D14+D4 -> 48.16
A39: ENCARGOS SOCIAIS - NÃO DESONERADO
A41: Item | B41: Discriminação | C41: Horista | D41: Mensalista
A42: A | B42: ENCARGOS SOCIAIS BÁSICOS | C42: =SUM(C43:C51) -> 36.8 | D42: =SUM(D43:D51) -> 36.8
A43: A-1 | B43: INSS | C43: 20 | D43: 20
A44: A-2 | B44: SESI | C44: 1.5 | D44: 1.5
A45: A-3 | B45: SENAI | C45: 1 | D45: 1
A46: A-4 | B46: INCRA | C46: 0.2 | D46: 0.2
A47: A-5 | B47: SEBRAE | C47: 0.6 | D47: 0.6
A48: A-6 | B48: SALÁRIO EDUCAÇÃO | C48: 2.5 | D48: 2.5
A49: A-7 | B49: SEGURO CONTRA ACIDENTES DE TRABALHO | C49: 3 | D49: 3
A50: A-8 | B50: FGTS | C50: 8 | D50: 8
A51: A-9 | B51: SECONCI | C51: 0 | D51: 0
A52: B | B52: ENCARGOS SOCIAIS QUE RECEBEM AS INCIDÊNCIAS DE "A" | C52: =SUM(C53:C63) -> 46.76 | D52: =SUM(D53:D63) -> 17.04
A53: B-1 | B53: REPOUSO SEMANAL REMUNERADO | C53: 18.02 | D53: 0
A54: B-2 | B54: FERIADOS | C54: 4.31 | D54: 0
A55: B-3 | B55: AUXILIO - ENFERMIDADE | C55: 0.87 | D55: 0.66
A56: B-4 | B56: 13º SALARIO | C56: 10.96 | D56: 8.33
A57: B-5 | B57: LICENÇA PATERNIDADE | C57: 0.07 | D57: 0.05
A58: B-6 | B58: FALTAS JUSTIFICADAS | C58: 0.73 | D58: 0.56
A59: B-7 | B59: DIAS DE CHUVAS | C59: 2.02 | D59: -
A60: B-8 | B60: AUXILIO ACIDENTE DE TRABALHO | C60: 0.1 | D60: 0.08
A61: B-9 | B61: FÉRIAS GOZADAS | C61: 9.64 | D61: 7.33
A62: B-10 | B62: SALÁRIO MATERNIDADE | C62: 0.04 | D62: 0.03
A64: C | B64: ENCARGOS SOCIAIS QUE NÃO RECEBEM AS INCIDÊNCIAS DE "A" | C64: =SUM(C65:C70) -> 12.25 | D64: =SUM(D65:D70) -> 9.33
A65: C-1 | B65: AVISO PRÉVIO INDENIZADO | C65: 4.53 | D65: 3.45
A66: C-2 | B66: AVISO PRÉVIO TRABALHADO | C66: 0.11 | D66: 0.08
A67: C-3 | B67: FÉRIAS INDENIZADAS | C67: 4.24 | D67: 3.23
A68: C-4 | B68: DEPÓSITO RECISÃO SEM JUSTA CAUSA | C68: 2.99 | D68: 2.28
A69: C-5 | B69: INDENIZAÇÃO ADICIONAL | C69: 0.38 | D69: 0.29
A71: D | B71: TAXAS DE REINCIDÊNCIAS DE UM GRUPO SOBRE O OUTRO | C71: =SUM(C72:C75) -> 17.61 | D71: =SUM(D72:D75) -> 6.58
A72: D-1 | B72: REINCIDENCIA DE GRUPO A SOBRE GRUPO B | C72: 17.21 | D72: 6.27
A73: D-2 | B73: REINCIDENCIA DE GRUPO A SOBRE AVISO PRÉVIO TRABALHADO E REINCIDENCIA DO FGTS SOBRE AVISO PRÉVIO INDENIZADO | C73: 0.4 | D73: 0.31
B76: TOTAL GERAL | C76: =C71+C64+C52+C42 -> 113.42 | D76: =D71+D64+D52+D42 -> 69.75

Sheet BDI
A3: (*) | B3: PROGRAMA:
A4: (*) | B4: CONCEDENTE:
A5: (*) | B5: CONVENENTE: | C5: PREFEITURA MUNICIPAL DE LUCENA
B6: CONTRATO:
B7: OBRA: | C7: CONSTRUÇÃO DA CRECHE PROINFANCIA FNDE
A8: (*) | B8: REF. PREÇOS: | C8: SINAPI 12/2024
B9: DESONERADO: | C9: NÃO
B11: CÁLCULO DA BONIFICAÇÃO E DESPESAS INDIRETAS
B13: CÁLCULO DE BDI | D13: 1 - Edificações | G13: 2 - Rodovias, Ferrovias, Pistas de Aeroportos, Infra Viária Urbana | J13: 3 - Abastecimento de Água, Coleta de Esgoto | M13: 4 - Estações e Redes de Distribuição de Energia Elétrica | P13: 5 - Portuárias, Marítimas e Fluviais | S13: 6 - Fornecimento de Materiais e Equipamentos
B14: Item componente do BDI | C14: % Info | D14: 1ºQ | E14: Médio | F14: 3º Q | G14: 1ºQ | H14: Médio | I14: 3º Q | J14: 1ºQ | K14: Médio | L14: 3º Q | M14: 1ºQ | N14: Médio | O14: 3º Q | P14: 1ºQ | Q14: Médio | R14: 3º Q | S14: 1ºQ | T14: Médio | U14: 3º Q
B15: Administração Central ( AC ) | C15: 3 | D15: 3 | E15: 4 | F15: 5.5 | G15: 3.8 | H15: 4.01 | I15: 4.67 | J15: 3.43 | K15: 4.93 | L15: 6.71 | M15: 5.29 | N15: 5.92 | O15: 7.93 | P15: 4 | Q15: 5.52 | R15: 7.85 | S15: 1.5 | T15: 3.45 | U15: 4.49
B16: Seguro e Garantia (G) | C16: 0.8 | D16: 0.8 | E16: 0.8 | F16: 1 | G16: 0.32 | H16: 0.4 | I16: 0.74 | J16: 0.28 | K16: 0.49 | L16: 0.75 | M16: 0.25 | N16: 0.51 | O16: 0.56 | P16: 0.81 | Q16: 1.22 | R16: 1.99 | S16: 0.3 | T16: 0.48 | U16: 0.82
B17: Risco (R) | C17: 1.27 | D17: 0.97 | E17: 1.27 | F17: 1.27 | G17: 0.5 | H17: 0.56 | I17: 0.97 | J17: 1 | K17: 1.39 | L17: 1.74 | M17: 1 | N17: 1.48 | O17: 1.97 | P17: 1.46 | Q17: 2.32 | R17: 3.16 | S17: 0.56 | T17: 0.85 | U17: 0.89
B18: Despesas Financeiras (DF) | C18: 1.23 | D18: 0.59 | E18: 1.23 | F18: 1.39 | G18: 1.02 | H18: 1.11 | I18: 1.21 | J18: 0.94 | K18: 0.99 | L18: 1.17 | M18: 1.01 | N18: 1.07 | O18: 1.11 | P18: 0.94 | Q18: 1.02 | R18: 1.33 | S18: 0.85 | T18: 0.85 | U18: 1.11
B19: Lucro (L) | C19: 6.5 | D19: 6.16 | E19: 7.4 | F19: 8.96 | G19: 6.64 | H19: 7.3 | I19: 8.69 | J19: 6.74 | K19: 8.04 | L19: 9.4 | M19: 8 | N19: 8.31 | O19: 9.51 | P19: 7.14 | Q19: 8.4 | R19: 10.43 | S19: 3.5 | T19: 5.11 | U19: 6.22
B20: Impostos (I) - PIS, COFINS, CPRB, ISSQN | C20: =0.65+3+2.5 -> 6.15 | D20: Conforme Legislação Específica
B21: Observações | G21: VALORES DE BDI POR TIPO DE OBRA
B22: 1) Preencher apenas a coluna % Informado (Coluna C) | G22: Tipo de Obra | M22: 1ºQ | N22: Médio | O22: 3º Q
G23: 1 - Edificações | M23: 20.34 | N23: 22.12 | O23: 25
G24: 2 - Rodovias, Ferrovias, Pistas de Aeroportos, Infra Viária Urbana | M24: 19.6 | N24: 20.97 | O24: 24.23 | V24: =50000-25000 -> 25000
B25: 3) O cálculo do BDI se baseia na fórmula abaixo utilizada pelo Acórdão 2622/13 do TCU, conforme CE GEPAD 354/2013 de 17/10/2013. | G25: 3 - Abastecimento de Água, Coleta de Esgotos | M25: 20.76 | N25: 24.18 | O25: 26.44 | V25: =25000*0.4 -> 10000
G26: 4 - Estações e Redes de Distribuição de Energia Elétrica | M26: 24 | N26: 25.84 | O26: 27.86
G27: 5 - Portuárias, Marítimas e Fluviais | M27: 22.8 | N27: 27.48 | O27: 30.95
B28: Fórmula Utilizada: | G28: 6 - Fornecimento de Materiais e Equipamentos | M28: 11.1 | N28: 14.02 | O28: 16.8
B32: B.D.I = | C32: =ROUND(((1+(C15+C16+C17)/100)*((1+C18/100)*(1+C19/100))/(1-C20/100))-1,4) -> 0.207
B33: Observações sobre os % informados no cálculo do BDI, neste caso:
B34: Edificações (obra tipo 1)
B35: Os valores % informados se enquadram nos limites do Acordão 2622/2013-TCU-Plenário | U35: PROJETO: Lincoln Cartaxo de Lira Júnior – Eng° Civil CREA 160 814 689 - 8 – Tel. (83) 9 9924 4447
C37: =#REF! -> #REF! | G37: =Resumo_Pavim!#REF! -> #REF!

Sheet BDI fornecimento
A3: (*) | B3: PROGRAMA: | C3: =#REF! -> #REF!
A4: (*) | B4: CONCEDENTE: | C4: =#REF! -> #REF!
A5: (*) | B5: CONVENENTE: | C5: =#REF! -> #REF!
B6: CONTRATO: | C6: =#REF! -> #REF!
B7: OBRA: | C7: =#REF! -> #REF!
A8: (*) | B8: REF. PREÇOS: | C8: =CONCATENATE("SINAPI PB - ",RIGHT(#REF!,7)) -> #REF!
B9: DESONERADO: | C9: =IF(SEARCH("desonerados",#REF!)>0,"Sim","Não") -> #REF!
B11: CÁLCULO DA BONIFICAÇÃO E DESPESAS INDIRETAS
B13: CÁLCULO DE BDI | D13: 1 - Edificações | G13: 2 - Rodovias, Ferrovias, Pistas de Aeroportos, Infra Viária Urbana | J13: 3 - Abastecimento de Água, Coleta de Esgoto | M13: 4 - Estações e Redes de Distribuição de Energia Elétrica | P13: 5 - Portuárias, Marítimas e Fluviais | S13: 6 - Fornecimento de Materiais e Equipamentos
B14: Item componente do BDI | C14: % Info | D14: 1ºQ | E14: Médio | F14: 3º Q | G14: 1ºQ | H14: Médio | I14: 3º Q | J14: 1ºQ | K14: Médio | L14: 3º Q | M14: 1ºQ | N14: Médio | O14: 3º Q | P14: 1ºQ | Q14: Médio | R14: 3º Q | S14: 1ºQ | T14: Médio | U14: 3º Q
B15: Administração Central ( AC ) | C15: 1.5 | D15: 3 | E15: 4 | F15: 5.5 | G15: 3.8 | H15: 4.01 | I15: 4.67 | J15: 3.43 | K15: 4.93 | L15: 6.71 | M15: 5.29 | N15: 5.92 | O15: 7.93 | P15: 4 | Q15: 5.52 | R15: 7.85 | S15: 1.5 | T15: 3.45 | U15: 4.49
B16: Seguro e Garantia (G) | C16: 0.3 | D16: 0.8 | E16: 0.8 | F16: 1 | G16: 0.32 | H16: 0.4 | I16: 0.74 | J16: 0.28 | K16: 0.49 | L16: 0.75 | M16: 0.25 | N16: 0.51 | O16: 0.56 | P16: 0.81 | Q16: 1.22 | R16: 1.99 | S16: 0.3 | T16: 0.48 | U16: 0.82
B17: Risco (R) | C17: 0.55 | D17: 0.97 | E17: 1.27 | F17: 1.27 | G17: 0.5 | H17: 0.56 | I17: 0.97 | J17: 1 | K17: 1.39 | L17: 1.74 | M17: 1 | N17: 1.48 | O17: 1.97 | P17: 1.46 | Q17: 2.32 | R17: 3.16 | S17: 0.56 | T17: 0.85 | U17: 0.89
B18: Despesas Financeiras (DF) | C18: 0.59 | D18: 0.59 | E18: 1.23 | F18: 1.39 | G18: 1.02 | H18: 1.11 | I18: 1.21 | J18: 0.94 | K18: 0.99 | L18: 1.17 | M18: 1.01 | N18: 1.07 | O18: 1.11 | P18: 0.94 | Q18: 1.02 | R18: 1.33 | S18: 0.85 | T18: 0.85 | U18: 1.11
B19: Lucro (L) | C19: 3.5 | D19: 6.16 | E19: 7.4 | F19: 8.96 | G19: 6.64 | H19: 7.3 | I19: 8.69 | J19: 6.74 | K19: 8.04 | L19: 9.4 | M19: 8 | N19: 8.31 | O19: 9.51 | P19: 7.14 | Q19: 8.4 | R19: 10.43 | S19: 3.5 | T19: 5.11 | U19: 6.22
B20: Impostos (I) - PIS, COFINS, CPRB, ISSQN | C20: =3+2.5 -> 5.5 | D20: Conforme Legislação Específica
B21: Observações | G21: VALORES DE BDI POR TIPO DE OBRA
B22: 1) Preencher apenas a coluna % Informado (Coluna C) | G22: Tipo de Obra | M22: 1ºQ | N22: Médio | O22: 3º Q
B23: =CONCATENATE("2) Os impostos (I) normalmente aplicáveis são: PIS (0,65%), COFINS (3,00%), CPRB (4,5%), ISS (2,5% ",#REF!,").") -> #REF! | G23: 1 - Edificações | M23: 20.34 | N23: 22.12 | O23: 25
G24: 2 - Rodovias, Ferrovias, Pistas de Aeroportos, Infra Viária Urbana | M24: 19.6 | N24: 20.97 | O24: 24.23
B25: 3) O cálculo do BDI se baseia na fórmula abaixo utilizada pelo Acórdão 2622/13 do TCU, conforme CE GEPAD 354/2013 de 17/10/2013. | G25: 3 - Abastecimento de Água, Coleta de Esgotos | M25: 20.76 | N25: 24.18 | O25: 26.44
G26: 4 - Estações e Redes de Distribuição de Energia Elétrica | M26: 24 | N26: 25.84 | O26: 27.86
G27: 5 - Portuárias, Marítimas e Fluviais | M27: 22.8 | N27: 27.48 | O27: 30.95
B28: Fórmula Utilizada: | G28: 6 - Fornecimento de Materiais e Equipamentos | M28: 11.1 | N28: 14.02 | O28: 16.8
B32: B.D.I = | C32: =ROUND(((1+(C15+C16+C17)/100)*((1+C18/100)*(1+C19/100))/(1-C20/100))-1,4) -> 0.1276
B33: Observações sobre os % informados no cálculo do BDI, neste caso:
B34: PAVIMENTAÇÃO E DRENAGEM DE VIAS URBANAS (obra tipo 2)
B35: Os valores % informados se enquadram nos limites do Acordão 2622/2013-TCU-Plenário (CPRB desconsiderado) | U35: PROJETO: Lincoln Cartaxo de Lira Júnior – Eng° Civil CREA 160 814 689 - 8 – Tel. (83) 9 9924 4447
C37: =#REF! -> #REF! | G37: =Resumo_Pavim!#REF! -> #REF!

Sheet relatorio Conde 
A6: PROJETOS MUNICÍPIO DO CONDE-PB
A7: Item | B7: Descrição do Convênio | C7: Valor | D7: Status | E7: Providências
A8: 1.1 | B8: Construção de Portal, no Município de Conde-PB- Recursos Próprios | C8: 303343.02 | D8: Entregue | E8: -
A9: 1.2 | B9: Reforma da UPA | C9: Não definido | D9: Entregamos os projetos Hidrosanitário, Climatização, Incêndio e Gases Medicinais. Orçamento em andamento | E9: Falta o Projeto elétrico, equipe do Município está elaborando.
A10: 1.3 | B10: Construção de Portal, no Município de Conde e Tambaba-PB - Convênio do Governo do Estado | C10: 136015.08 | D10: Entregue | E10: -
A11: 1.4 | B11: PAVIMENTAÇÃO EM PARALELEPÍPEDO E DRENAGEM NO MUNICÍPIO DO CONDE - PB | C11: 1155000 | D11: Em andamento | E11: -

Sheet Resumo_Pavim
B1: Área Total da faixa de rolamento (m2): | D1: =SUMPRODUCT(C16:C17,D16:D17) -> 1921 | E1: (Inserir na ART)
A3: PROGRAMA: | C3: =BDI!C3 -> 0
A4: CONCEDENTE: | C4: =BDI!C4 -> 0
A5: CONVENENTE: | C5: =BDI!C5 -> PREFEITURA MUNICIPAL DE LUCENA
A6: CONTRATO: | C6: =BDI!C6 -> 0
A7: OBRA: | C7: =BDI!C7 -> CONSTRUÇÃO DA CRECHE PROINFANCIA FNDE
A8: REF. PREÇOS: | C8: =BDI!C8 -> SINAPI 12/2024
A9: DESONERADO: | C9: =BDI!C9 -> NÃO
A11: QUADRO RESUMO DE QUANTITATIVOS A SEREM EXECUTADOS NAS RUAS
A13: Item | B13: Logradouro | C13: Comprimento | D13: Largura faixa rolamento | E13: Largura passeio início | F13: Largura passeio fim | G13: Área Média | H13: Sinalização vertical | I13: Placa de rua | J13: Rampa de acessibilidade | K13: Cinturão travamento | L13: Cinturão fechamento | M13: Obs.
C14: m | D14: m | E14: m | F14: m | G14: m2 | H14: und | I14: und | J14: und | K14: und | L14: und | T14: =20*8+6.224 -> 166.224
A15: TOTAL | C15: =SUM(C16:C17) -> 346 | G15: =SUM(G16:G18) -> 3131.57 | H15: =SUM(H16:H18) -> 6 | I15: =SUM(I16:I18) -> 6 | J15: =SUM(J16:J18) -> 12 | K15: =SUM(K16:K18) -> 6 | L15: =SUM(L16:L18) -> 6 | N15: Estimativa ACONTR da Bacia | O15: CALÇADA | Q15: RUA
A16: 1 | B16: RUA PROJETADA A | C16: 155 | D16: 5 | E16: 1.2 | F16: 1.2 | G16: =((E16+F16)/2+D16/2)*2*C16 -> 1147 | H16: 2 | I16: 2 | J16: 4 | K16: 2 | L16: 2 | N16: =ROUND(G16*1.1,0) -> 1262 | O16: =AVERAGE(E16:F16) -> 1.2 | Q16: =D16/2 -> 2.5
A17: 2 | B17: RUA SEBASTIÃO RIBEIRO DA SILVA | C17: 191 | D17: 6 | E17: 1.2 | F17: 1.2 | G17: 195.37 | H17: 2 | I17: 2 | J17: 4 | K17: 2 | L17: 2 | N17: =ROUND(G17*1.1,0) -> 215 | O17: =AVERAGE(E17:F17) -> 1.2 | Q17: =D17/2 -> 3
A18: 3 | B18: RUA PROJETADA C | C18: 213 | D18: 6 | E18: 1.2 | F18: 1.2 | G18: =((E18+F18)/2+D18/2)*2*C18 -> 1789.2 | H18: 2 | I18: 2 | J18: 4 | K18: 2 | L18: 2 | N18: =ROUND(G18*1.1,0) -> 1968 | O18: =AVERAGE(E18:F18) -> 1.2 | Q18: =D18/2 -> 3
A19: 4 | B19: RUA FELINTO SEBASTIÃO DA SILVA | C19: 49 | D19: 6 | E19: 1.2 | F19: 1.2 | G19: =((E19+F19)/2+D19/2)*2*C19 -> 411.6 | H19: 2 | I19: 2 | J19: 4 | K19: 2 | L19: 2 | N19: =ROUND(G19*1.1,0) -> 453 | O19: =AVERAGE(E19:F19) -> 1.2 | Q19: =D19/2 -> 3
A20: 5 | B20: RUA ANTONIO MAXIMINO RODRIGUES | C20: 87 | D20: 5 | E20: 1.2 | F20: 1.2 | G20: =((E20+F20)/2+D20/2)*2*C20 -> 643.8 | H20: 2 | I20: 2 | J20: 4 | K20: 2 | L20: 2 | N20: =ROUND(G20*1.1,0) -> 708 | O20: =AVERAGE(E20:F20) -> 1.2 | Q20: =D20/2 -> 2.5
A21: 6 | B21: RUA JOÃO LUIZ DE OLIVEIRA | C21: 107 | D21: 6 | E21: 1.2 | F21: 1.2 | G21: =((E21+F21)/2+D21/2)*2*C21 -> 898.8 | H21: 2 | I21: 2 | J21: 4 | K21: 2 | L21: 2 | N21: =ROUND(G21*1.1,0) -> 989 | O21: =AVERAGE(E21:F21) -> 1.2 | Q21: =D21/2 -> 3
A22: 7 | B22: RUA TOMAZ DA SILVA (ZÉ BAÊTA) | C22: 69 | D22: 5.5 | E22: 1.2 | F22: 1.2 | G22: =((E22+F22)/2+D22/2)*2*C22 -> 545.1 | H22: 2 | I22: 2 | J22: 4 | K22: 2 | L22: 2 | N22: =ROUND(G22*1.1,0) -> 600 | O22: =AVERAGE(E22:F22) -> 1.2 | Q22: =D22/2 -> 2.75

Sheet Dados_Intesidade
A1: Nome | B1: Latitude | C1: Longitude | D1: N* | E1: Período | F1: B | G1: n | H1: m | I1: K
A2: Antenor Navarro | B2: 6°44’ | C2: 38°27’ | D2: 30 | E2: (65-94) | F2: 15 | G2: 0.693 | H2: 0.161 | I2: 936
A3: Barra de Santa Rosa | B3: 6°43’ | C3: 36°04’ | D3: 17 | E3: (65-89) | F3: 16 | G3: 0.786 | H3: 0.277 | I3: 765
A4: Bonito de Santa Fé | B4: 7°19’ | C4: 38°31’ | D4: 15 | E4: (67-94) | F4: 10 | G4: 0.729 | H4: 0.181 | I4: 813
A5: Campina Grande | B5: 7°14’ | C5: 35°52’ | D5: 11 | E5: (66-89) | F5: 5 | G5: 0.596 | H5: 0.227 | I5: 334
A6: Catolé do Rocha | B6: 6°21’ | C6: 37°45’ | D6: 27 | E6: (63-92) | F6: 13 | G6: 0.566 | H6: 0.095 | I6: 708
A7: Guarabira | B7: 6°50’ | C7: 35°29’ | D7: 12 | E7: (65-81) | F7: 5 | G7: 0.536 | H7: 0.239 | I7: 246
A8: Taperoá | B8: 7°12’ | C8: 36°50’ | D8: 15 | E8: (63-93) | F8: 7 | G8: 0.497 | H8: 0.074 | I8: 342
A9: Teixeira | B9: 7°13’ | C9: 37°15’ | D9: 17 | E9: (63-85) | F9: 18 | G9: 0.604 | H9: 0.16 | I9: 877
A10: Seridó | B10: 6°51’ | C10: 36°25’ | D10: 16 | E10: (79-94) | F10: 8 | G10: 0.543 | H10: 0.168 | I10: 492
A11: Itaporanga | B11: 7°19’ | C11: 38°09’ | D11: 12 | E11: (65-83) | F11: 15 | G11: 0.58 | H11: 0.083 | I11: 527
A12: João Pessoa | B12: 7°08’ | C12: 34°53’ | D12: 6 | E12: (81-86) | F12: 10 | G12: 0.398 | H12: 0.087 | I12: 290
A13: Monteiro | B13: 7°52’ | C13: 37°07’ | D13: 9 | E13: (67-86) | F13: 15 | G13: 0.724 | H13: 0.295 | I13: 302
... A16: São Gonçalo | B16: 6°50’ | C16: 38°19’ | D16: 7 | E16: (81-87) | F16: 7 | G16: 0.651 | H16: 0.301 | I16: 352

Sheet DADOS
A1: =OFFSET(A1,-1,0)+1 -> #REF! | J1: =CONCATENATE(A1,"-",B1) -> #REF!
A2: 27477 | B2: PLE - Planilha de Levantamento de Eventos
A3: v006
A6: Nº OPERAÇÃO | B6: Nº SICONV | C6: GIGOV | D6: GESTOR | E6: PROGRAMA | F6: AÇÃO / MODALIDADE | H6: DATA ASSINATURA
A7: =#REF! -> #REF! | B7: =#REF! -> #REF! | C7: =#REF! -> #REF! | D7: =#REF! -> #REF! | E7: =#REF! -> #REF! | F7: =#REF! -> #REF! | H7: =#REF! -> #REF!
A9: PROPONENTE / TOMADOR | D9: MUNICÍPIO / UF | E9: LOCALIDADE / ENDEREÇO | F9: OBJETO
A10: =#REF! -> #REF! | D10: =#REF! -> #REF! | E10: =#REF! -> #REF! | F10: =#REF! -> #REF!
A12: Nº CTEF | B12: EMPRESA EXECUTORA | D12: CNPJ | E12: OBJETO DO CTEF | H12: INÍCIO DA OBRA
A18: RESPONSÁVEIS TÉCNICOS:
A19: Elaboração do documento | C19: CREA/CAU
A20: =#REF! -> #REF! | C20: =#REF! -> #REF!
A22: Fiscalização | C22: CREA/CAU | D22: ART/RRT
A25: Execução | C25: CREA/CAU | D25: ART/RRT
A28: REPRESENTANTE TOMADOR / AG. PROMOTOR / TOMADOR
A29: Nome | C29: Cargo
A32: EVENTOS
A33: Núm do Evento | B33: Título do Evento
A34: 1 | B34: Administração Local | J34: =CONCATENATE(A34,"-",B34) -> 1-Administração Local
A35: =OFFSET(A35,-1,0)+1 -> 2 | B35: PAVIMENTAÇÃO | J35: =CONCATENATE(A35,"-",B35) -> 2-PAVIMENTAÇÃO
A36: =OFFSET(A36,-1,0)+1 -> 3 | B36: CALÇADA | J36: =CONCATENATE(A36,"-",B36) -> 3-CALÇADA
A39: INSTRUÇÕES DE USO E PREENCHIMENTO
A41: Informações gerais:
A43: 1. Este documento somente pode ser utilizado nas versões do Excel 2003 ou superior. Não devem ser utilizadas versões do BROffice.
A45: 2. Para funcionamento pleno desse arquivo, a Segurança de Macros do Excel deve ser habilitada.
A47: a. Na Versão Excel 2003, selecione na Faixa de Opções: Ferramentas --> Macro --> Segurança --> Na aba Nível de Segurança selecione a Opção "Baixo" --> Clique em OK --> Feche e abra o Excel novamente para utilizar a Planilha.
A48: b. Na Versão Excel 2007 ou superior, selecione na Faixa de Opções: Arquivo --> Opções --> Central de Confiabilidade --> Configurações da Central de Confiabilidade --> Configurações de Macro --> Habilitar todas as Macros --> Clique em OK --> Feche e abra o excel novamente para utilizar a Planilha.
A50: 3. O Preenchimento deve ser feito somente nas células em amarelo. As demais células são de preenchimento Automático e estão bloqueadas para edição.
A52: Instruções de preenchimento:
A54: Aba DADOS
A56: 1º passo: Na aba Dados, preencher os dados do contrato e identificação dos responsáveis;
A58: 2º passo: Incluir e nomear os eventos (pode ser alterado posteriormente também);
A60: Aba EVENTOGRAMA E QUANTITATIVOS
... A124: VT - VITORIA

Sheet Eventograma_e_Quantitativos
B1: =ROW(Nível)-ROW(LIorçamento)+1 -> -17 | C1: =IF(D1="","",IF(ISNUMBER(VALUE(D1)),"Meta",IF(AND(F1<>"",I1<>""),"Serviço","Nível"))) | G1: =IF(Nível="Serviço",SUMIF($N$15:$BK$15,"<>"&"",N1:BK1),"") | H1: =IF(AND(ISNUMBER(G1),G1<>0),I1/G1,IF(G1=0,0,"")) | K1: =IF(L1="","",VALUE(LEFT(L1,(FIND("-",L1,1))-1))) | BM1: =IF(N$15="",0,IF(ISNUMBER(PreçoUnit),PreçoUnit*INDEX(Import.PLQ,$B1,BM$16),0)) -> #REF! | BN1: =IF(O$15="",0,IF(ISNUMBER(PreçoUnit),PreçoUnit*INDEX(Import.PLQ,$B1,BN$16),0)) -> #REF! | BO1: =IF(P$15="",0,IF(ISNUMBER(PreçoUnit),PreçoUnit*INDEX(Import.PLQ,$B1,BO$16),0)) -> #REF! | BP1: =IF(Q$15="",0,IF(ISNUMBER(PreçoUnit),PreçoUnit*INDEX(Import.PLQ,$B1,BP$16),0)) -> #REF! | BQ1: =IF(R$15="",0,IF(ISNUMBER(PreçoUnit),PreçoUnit*INDEX(Import.PLQ,$B1,BQ$16),0)) -> 0 | BR1: =IF(S$15="",0,IF(ISNUMBER(PreçoUnit),PreçoUnit*INDEX(Import.PLQ,$B1,BR$16),0)) -> 0 | BS1: =IF(T$15="",0,IF(ISNUMBER(PreçoUnit),PreçoUnit*INDEX(Import.PLQ,$B1,BS$16),0)) -> 0 | BT1: =IF(U$15="",0,IF(ISNUMBER(PreçoUnit),PreçoUnit*INDEX(Import.PLQ,$B1,BT$16),0)) -> 0 | ... DJ1: =IF(BK$15="",0,IF(ISNUMBER(PreçoUnit),PreçoUnit*INDEX(Import.PLQ,$B1,DJ$16),0)) -> 0 | DK1: =IF(D1="",0,IF(ISNUMBER(VALUE(D1)),VALUE(D1),LEFT(D1,FIND(".",D1)-1))) -> 0 | DL1: =SUM(DM1:FJ1) -> 0 | DM1: =IF($K1<>1,IF(ISNUMBER(INDEX(Import.PLE,$K1,DM$16)),IF(INDEX(Import.PLE,$K1,DM$16)<=mediçao,BM1,0),0),PLE!$AA$28*BM1) -> 0 | DN1: =IF($K1<>1,IF(ISNUMBER(INDEX(Import.PLE,$K1,DN$16)),IF(INDEX(Import.PLE,$K1,DN$16)<=mediçao,BN1,0),0),PLE!$AA$28*BN1) -> 0 | DO1: =IF($K1<>1,IF(ISNUMBER(INDEX(Import.PLE,$K1,DO$16)),IF(INDEX(Import.PLE,$K1,DO$16)<=mediçao,BO1,0),0),PLE!$AA$28*BO1) -> 0 | DP1: =IF($K1<>1,IF(ISNUMBER(INDEX(Import.PLE,$K1,DP$16)),IF(INDEX(Import.PLE,$K1,DP$16)<=mediçao,BP1,0),0),PLE!$AA$28*BP1) -> 0 | DQ1: =IF($K1<>1,IF(ISNUMBER(INDEX(Import.PLE,$K1,DQ$16)),IF(INDEX(Import.PLE,$K1,DQ$16)<=mediçao,BQ1,0),0),PLE!$AA$28*BQ1) -> 0 | DR1: =IF($K1<>1,IF(ISNUMBER(INDEX(Import.PLE,$K1,DR$16)),IF(INDEX(Import.PLE,$K1,DR$16)<=mediçao,BR1,0),0),PLE!$AA$28*BR1) -> 0 | DS1: =IF($K1<>1,IF(ISNUMBER(INDEX(Import.PLE,$K1,DS$16)),IF(INDEX(Import.PLE,$K1,DS$16)<=mediçao,BS1,0),0),PLE!$AA$28*BS1) -> 0 | DT1: =IF($K1<>1,IF(ISNUMBER(INDEX(Import.PLE,$K1,DT$16)),IF(INDEX(Import.PLE,$K1,DT$16)<=mediçao,BT1,0),0),PLE!$AA$28*BT1) -> 0 | ... FJ1: =IF($K1<>1,IF(ISNUMBER(INDEX(Import.PLE,$K1,FJ$16)),IF(INDEX(Import.PLE,$K1,FJ$16)<=mediçao,DJ1,0),0),PLE!$AA$28*DJ1) -> 0
B3: =ROW(Nível)-ROW(LIorçamento)+1 -> -15 | C3: Evento | D3: Evento | E3: =INDEX(Eventos,K3,2) -> #VALUE! | F3: R$ | G3: =IF(Nível="Serviço",SUMIF($N$15:$BK$15,"<>"&"",N3:BK3),"") | H3: =IF(AND(ISNUMBER(G3),G3<>0),I3/G3,IF(G3=0,0,"")) | I3: =SUM(N3:BK3) -> #REF! | K3: =INDEX(Eventos,ROW(Nível)-ROW(LForçamento),1) -> #VALUE! | L3: =IF(AND(NumEvento<>"",Nível="Serviço"),INDEX(Eventos,NumEvento,2),"") -> #VALUE! | N3: =IF(N$15="",0,SUMIF(Import.numEventos,$K3,OFFSET(PreçoServiçoPorFrente,0,N$16-1,,1))) -> #REF! | O3: =IF(O$15="",0,SUMIF(Import.numEventos,$K3,OFFSET(PreçoServiçoPorFrente,0,O$16-1,,1))) -> #REF! | P3: =IF(P$15="",0,SUMIF(Import.numEventos,$K3,OFFSET(PreçoServiçoPorFrente,0,P$16-1,,1))) -> #REF! | Q3: =IF(Q$15="",0,SUMIF(Import.numEventos,$K3,OFFSET(PreçoServiçoPorFrente,0,Q$16-1,,1))) -> #REF! | R3: =IF(R$15="",0,SUMIF(Import.numEventos,$K3,OFFSET(PreçoServiçoPorFrente,0,R$16-1,,1))) -> 0 | S3: =IF(S$15="",0,SUMIF(Import.numEventos,$K3,OFFSET(PreçoServiçoPorFrente,0,S$16-1,,1))) -> 0 | T3: =IF(T$15="",0,SUMIF(Import.numEventos,$K3,OFFSET(PreçoServiçoPorFrente,0,T$16-1,,1))) -> 0 | U3: =IF(U$15="",0,SUMIF(Import.numEventos,$K3,OFFSET(PreçoServiçoPorFrente,0,U$16-1,,1))) -> 0 | ... BK3: =IF(BK$15="",0,SUMIF(Import.numEventos,$K3,OFFSET(PreçoServiçoPorFrente,0,BK$16-1,,1))) -> 0
E4: PLE - Planilha de Levantamento de Eventos Eventograma e Quantitativos | R4: Grau de Sigilo #PUBLICO | X4: Grau de Sigilo #PUBLICO | AD4: Grau de Sigilo #PUBLICO | AJ4: Grau de Sigilo #PUBLICO | AP4: Grau de Sigilo #PUBLICO | AV4: Grau de Sigilo #PUBLICO | BB4: Grau de Sigilo #PUBLICO | BH4: Grau de Sigilo #PUBLICO
BM14: Preço do Serviço por frente | DM14: Preço dos Serviços executados
C15: ="Valor Total do Orçamento: R$ "&TEXT(SUMIF(C19:C38,"Serviço",I19:I38),"#.#0,00") -> Valor Total do Orçamento: R$ 0,00 | L15: Frentes de Obra: | N15: =Resumo_Pavim!#REF! -> #REF! | O15: =Resumo_Pavim!#REF! -> #REF! | P15: =IF(Resumo_Pavim!#REF!=0,"") -> #REF! | Q15: =IF(Resumo_Pavim!#REF!=0,"") -> #REF!
B16: =COUNTA(OFFSET(Eventograma_e_Quantitativos!$K$18,1,0):OFFSET(Eventograma_e_Quantitativos!$K$36,-1,0))-COUNTBLANK(OFFSET(Eventograma_e_Quantitativos!$L$18,1,0):OFFSET(Eventograma_e_Quantitativos!$L$36,-1,0))<COUNTIF(OFFSET(Eventograma_e_Quantitativos!$C$18,1,0):OFFSET(Eventograma_e_Quantitativos!$C$36,-1,0),"Serviço") -> FALSE | C16: Nível | D16: Item | E16: Descrição | F16: Unid. | G16: Qtde. | H16: Preço Unit. (R$) | I16: Preço Total (R$) | K16: Núm. Evento | L16: Agrupador de Eventos | N16: 1 | O16: 2 | P16: 3 | Q16: 4 | R16: 5 | S16: 6 | T16: 7 | U16: 8 | V16: 9 | W16: 10 | X16: 11 | Y16: 12 | Z16: 13 | AA16: 14 | AB16: 15 | AC16: 16 | AD16: 17 | AE16: 18 | AF16: 19 | AG16: 20 | AH16: 21 | AI16: 22 | AJ16: 23 | AK16: 24 | AL16: 25 | AM16: 26 | AN16: 27 | AO16: 28 | AP16: 29 | AQ16: 30 | AR16: 31 | AS16: 32 | AT16: 33 | AU16: 34 | AV16: 35 | AW16: 36 | AX16: 37 | AY16: 38 | AZ16: 39 | BA16: 40 | BB16: 41 | BC16: 42 | BD16: 43 | BE16: 44 | BF16: 45 | BG16: 46 | BH16: 47 | BI16: 48 | BJ16: 49 | BK16: 50 | BM16: 1 | BN16: 2 | BO16: 3 | BP16: 4 | BQ16: 5 | BR16: 6 | BS16: 7 | BT16: 8 | BU16: 9 | BV16: 10 | BW16: 11 | BX16: 12 | BY16: 13 | BZ16: 14 | CA16: 15 | CB16: 16 | CC16: 17 | CD16: 18 | CE16: 19 | CF16: 20 | CG16: 21 | CH16: 22 | CI16: 23 | CJ16: 24 | CK16: 25 | CL16: 26 | CM16: 27 | CN16: 28 | CO16: 29 | CP16: 30 | CQ16: 31 | CR16: 32 | CS16: 33 | CT16: 34 | CU16: 35 | CV16: 36 | CW16: 37 | CX16: 38 | CY16: 39 | CZ16: 40 | DA16: 41 | DB16: 42 | DC16: 43 | DD16: 44 | DE16: 45 | DF16: 46 | DG16: 47 | DH16: 48 | DI16: 49 | DJ16: 50 | DK16: meta | DM16: 1 | DN16: 2 | DO16: 3 | DP16: 4 | DQ16: 5 | DR16: 6 | DS16: 7 | DT16: 8 | DU16: 9 | DV16: 10 | DW16: 11 | DX16: 12 | DY16: 13 | DZ16: 14 | EA16: 15 | EB16: 16 | EC16: 17 | ED16: 18 | EE16: 19 | EF16: 20 | EG16: 21 | EH16: 22 | EI16: 23 | EJ16: 24 | EK16: 25 | EL16: 26 | EM16: 27 | EN16: 28 | EO16: 29 | EP16: 30 | EQ16: 31 | ER16: 32 | ES16: 33 | ET16: 34 | EU16: 35 | EV16: 36 | EW16: 37 | EX16: 38 | EY16: 39 | EZ16: 40 | FA16: 41 | FB16: 42 | FC16: 43 | FD16: 44 | FE16: 45 | FF16: 46 | FG16: 47 | FH16: 48 | FI16: 49 | FJ16: 50
E17: 0
B19: =ROW(Nível)-ROW(LIorçamento)+1 -> 1 | C19: =IF(D19="","",IF(ISNUMBER(VALUE(D19)),"Meta",IF(AND(F19<>"",I19<>""),"Serviço","Nível"))) -> #REF! | D19: =VLOOKUP(E19,#REF!,2,FALSE) -> #REF! | E19: =IFERROR(INDEX(#REF!,MATCH(0,INDEX(COUNTIF($E$17:E18,#REF!),),)),"") | F19: =IF(VLOOKUP(E19,#REF!,8,FALSE)=0,"",VLOOKUP(E19,#REF!,8,FALSE)) -> #REF! | G19: =IF(Nível="Serviço",SUMIF($N$15:$BK$15,"<>"&"",N19:BK19),"") -> #REF! | H19: =IF(AND(ISNUMBER(G19),G19<>0),I19/G19,IF(G19=0,0,"")) -> #REF! | I19: =SUMIF(#REF!,Eventograma_e_Quantitativos!E19,#REF!) -> #REF! | K19: =deactivatedados.form1 -> 1 | L19: 1-Administração Local | BM19: =IF(N$15="",0,IF(ISNUMBER(PreçoUnit),PreçoUnit*INDEX(Import.PLQ,$B19,BM$16),0)) -> #REF! | BN19: =IF(O$15="",0,IF(ISNUMBER(PreçoUnit),PreçoUnit*INDEX(Import.PLQ,$B19,BN$16),0)) -> #REF! | BO19: =IF(P$15="",0,IF(ISNUMBER(PreçoUnit),PreçoUnit*INDEX(Import.PLQ,$B19,BO$16),0)) -> #REF! | BP19: =IF(Q$15="",0,IF(ISNUMBER(PreçoUnit),PreçoUnit*INDEX(Import.PLQ,$B19,BP$16),0)) -> #REF! | BQ19: =IF(R$15="",0,IF(ISNUMBER(PreçoUnit),PreçoUnit*INDEX(Import.PLQ,$B19,BQ$16),0)) -> 0 | BR19: =IF(S$15="",0,IF(ISNUMBER(PreçoUnit),PreçoUnit*INDEX(Import.PLQ,$B19,BR$16),0)) -> 0 | BS19: =IF(T$15="",0,IF(ISNUMBER(PreçoUnit),PreçoUnit*INDEX(Import.PLQ,$B19,BS$16),0)) -> 0 | BT19: =IF(U$15="",0,IF(ISNUMBER(PreçoUnit),PreçoUnit*INDEX(Import.PLQ,$B19,BT$16),0)) -> 0 | ... DJ19: =IF(BK$15="",0,IF(ISNUMBER(PreçoUnit),PreçoUnit*INDEX(Import.PLQ,$B19,DJ$16),0)) -> 0 | DK19: =IF(D19="",0,IF(ISNUMBER(VALUE(D19)),VALUE(D19),LEFT(D19,FIND(".",D19)-1))) -> #REF! | DL19: =SUM(DM19:FJ19) -> #REF! | DM19: =IF($K19<>1,IF(ISNUMBER(INDEX(Import.PLE,$K19,DM$16)),IF(INDEX(Import.PLE,$K19,DM$16)<=mediçao,BM19,0),0),PLE!$AA$28*BM19) -> #REF! | DN19: =IF($K19<>1,IF(ISNUMBER(INDEX(Import.PLE,$K19,DN$16)),IF(INDEX(Import.PLE,$K19,DN$16)<=mediçao,BN19,0),0),PLE!$AA$28*BN19) -> #REF! | DO19: =IF($K19<>1,IF(ISNUMBER(INDEX(Import.PLE,$K19,DO$16)),IF(INDEX(Import.PLE,$K19,DO$16)<=mediçao,BO19,0),0),PLE!$AA$28*BO19) -> #REF! | DP19: =IF($K19<>1,IF(ISNUMBER(INDEX(Import.PLE,$K19,DP$16)),IF(INDEX(Import.PLE,$K19,DP$16)<=mediçao,BP19,0),0),PLE!$AA$28*BP19) -> #REF! | DQ19: =IF($K19<>1,IF(ISNUMBER(INDEX(Import.PLE,$K19,DQ$16)),IF(INDEX(Import.PLE,$K19,DQ$16)<=mediçao,BQ19,0),0),PLE!$AA$28*BQ19) -> #REF! | DR19: =IF($K19<>1,IF(ISNUMBER(INDEX(Import.PLE,$K19,DR$16)),IF(INDEX(Import.PLE,$K19,DR$16)<=mediçao,BR19,0),0),PLE!$AA$28*BR19) -> #REF! | DS19: =IF($K19<>1,IF(ISNUMBER(INDEX(Import.PLE,$K19,DS$16)),IF(INDEX(Import.PLE,$K19,DS$16)<=mediçao,BS19,0),0),PLE!$AA$28*BS19) -> #REF! | DT19: =IF($K19<>1,IF(ISNUMBER(INDEX(Import.PLE,$K19,DT$16)),IF(INDEX(Import.PLE,$K19,DT$16)<=mediçao,BT19,0),0),PLE!$AA$28*BT19) -> #REF! | ... FJ19: =IF($K19<>1,IF(ISNUMBER(INDEX(Import.PLE,$K19,FJ$16)),IF(INDEX(Import.PLE,$K19,FJ$16)<=mediçao,DJ19,0),0),PLE!$AA$28*DJ19) -> #REF!
B20: =ROW(Nível)-ROW(LIorçamento)+1 -> 2 | C20: =IF(D20="","",IF(ISNUMBER(VALUE(D20)),"Meta",IF(AND(F20<>"",I20<>""),"Serviço","Nível"))) -> #REF! | D20: =VLOOKUP(E20,#REF!,2,FALSE) -> #REF! | E20: =IFERROR(INDEX(#REF!,MATCH(0,INDEX(COUNTIF($E$17:E19,#REF!),),)),"") | F20: =IF(VLOOKUP(E20,#REF!,8,FALSE)=0,"",VLOOKUP(E20,#REF!,8,FALSE)) -> #REF! | G20: =IF(Nível="Serviço",SUMIF($N$15:$BK$15,"<>"&"",N20:BK20),"") -> #REF! | H20: =IF(AND(ISNUMBER(G20),G20<>0),I20/G20,IF(G20=0,0,"")) -> #REF! | I20: =SUMIF(#REF!,Eventograma_e_Quantitativos!E20,#REF!) -> #REF! | K20: =deactivatedados.form1 -> 2 | L20: 2-PAVIMENTAÇÃO | N20: =SUMIFS(#REF!,#REF!,Eventograma_e_Quantitativos!N$16,#REF!,Eventograma_e_Quantitativos!$E20) -> #REF! | O20: =SUMIFS(#REF!,#REF!,Eventograma_e_Quantitativos!O$16,#REF!,Eventograma_e_Quantitativos!$E20) -> #REF! | P20: =SUMIFS(#REF!,#REF!,Eventograma_e_Quantitativos!P$16,#REF!,Eventograma_e_Quantitativos!$E20) -> #REF! | Q20: =SUMIFS(#REF!,#REF!,Eventograma_e_Quantitativos!Q$16,#REF!,Eventograma_e_Quantitativos!$E20) -> #REF! | R20: =SUMIFS(#REF!,#REF!,Eventograma_e_Quantitativos!R$16,#REF!,Eventograma_e_Quantitativos!$E20) -> #REF! | S20: =SUMIFS(#REF!,#REF!,Eventograma_e_Quantitativos!S$16,#REF!,Eventograma_e_Quantitativos!$E20) -> #REF! | T20: =SUMIFS(#REF!,#REF!,Eventograma_e_Quantitativos!T$16,#REF!,Eventograma_e_Quantitativos!$E20) -> #REF! | U20: =SUMIFS(#REF!,#REF!,Eventograma_e_Quantitativos!U$16,#REF!,Eventograma_e_Quantitativos!$E20) -> #REF! | ... BK20: =SUMIFS(#REF!,#REF!,Eventograma_e_Quantitativos!BK$16,#REF!,Eventograma_e_Quantitativos!$E20) -> #REF! | BM20: =IF(N$15="",0,IF(ISNUMBER(PreçoUnit),PreçoUnit*INDEX(Import.PLQ,$B20,BM$16),0)) -> #REF! | BN20: =IF(O$15="",0,IF(ISNUMBER(PreçoUnit),PreçoUnit*INDEX(Import.PLQ,$B20,BN$16),0)) -> #REF! | BO20: =IF(P$15="",0,IF(ISNUMBER(PreçoUnit),PreçoUnit*INDEX(Import.PLQ,$B20,BO$16),0)) -> #REF! | BP20: =IF(Q$15="",0,IF(ISNUMBER(PreçoUnit),PreçoUnit*INDEX(Import.PLQ,$B20,BP$16),0)) -> #REF! | BQ20: =IF(R$15="",0,IF(ISNUMBER(PreçoUnit),PreçoUnit*INDEX(Import.PLQ,$B20,BQ$16),0)) -> 0 | BR20: =IF(S$15="",0,IF(ISNUMBER(PreçoUnit),PreçoUnit*INDEX(Import.PLQ,$B20,BR$16),0)) -> 0 | BS20: =IF(T$15="",0,IF(ISNUMBER(PreçoUnit),PreçoUnit*INDEX(Import.PLQ,$B20,BS$16),0)) -> 0 | BT20: =IF(U$15="",0,IF(ISNUMBER(PreçoUnit),PreçoUnit*INDEX(Import.PLQ,$B20,BT$16),0)) -> 0 | ... DJ20: =IF(BK$15="",0,IF(ISNUMBER(PreçoUnit),PreçoUnit*INDEX(Import.PLQ,$B20,DJ$16),0)) -> 0 | DK20: =IF(D20="",0,IF(ISNUMBER(VALUE(D20)),VALUE(D20),LEFT(D20,FIND(".",D20)-1))) -> #REF! | DL20: =SUM(DM20:FJ20) -> 0 | DM20: =IF($K20<>1,IF(ISNUMBER(INDEX(Import.PLE,$K20,DM$16)),IF(INDEX(Import.PLE,$K20,DM$16)<=mediçao,BM20,0),0),PLE!$AA$28*BM20) -> 0 | DN20: =IF($K20<>1,IF(ISNUMBER(INDEX(Import.PLE,$K20,DN$16)),IF(INDEX(Import.PLE,$K20,DN$16)<=mediçao,BN20,0),0),PLE!$AA$28*BN20) -> 0 | DO20: =IF($K20<>1,IF(ISNUMBER(INDEX(Import.PLE,$K20,DO$16)),IF(INDEX(Import.PLE,$K20,DO$16)<=mediçao,BO20,0),0),PLE!$AA$28*BO20) -> 0 | DP20: =IF($K20<>1,IF(ISNUMBER(INDEX(Import.PLE,$K20,DP$16)),IF(INDEX(Import.PLE,$K20,DP$16)<=mediçao,BP20,0),0),PLE!$AA$28*BP20) -> 0 | DQ20: =IF($K20<>1,IF(ISNUMBER(INDEX(Import.PLE,$K20,DQ$16)),IF(INDEX(Import.PLE,$K20,DQ$16)<=mediçao,BQ20,0),0),PLE!$AA$28*BQ20) -> 0 | DR20: =IF($K20<>1,IF(ISNUMBER(INDEX(Import.PLE,$K20,DR$16)),IF(INDEX(Import.PLE,$K20,DR$16)<=mediçao,BR20,0),0),PLE!$AA$28*BR20) -> 0 | DS20: =IF($K20<>1,IF(ISNUMBER(INDEX(Import.PLE,$K20,DS$16)),IF(INDEX(Import.PLE,$K20,DS$16)<=mediçao,BS20,0),0),PLE!$AA$28*BS20) -> 0 | DT20: =IF($K20<>1,IF(ISNUMBER(INDEX(Import.PLE,$K20,DT$16)),IF(INDEX(Import.PLE,$K20,DT$16)<=mediçao,BT20,0),0),PLE!$AA$28*BT20) -> 0 | ... FJ20: =IF($K20<>1,IF(ISNUMBER(INDEX(Import.PLE,$K20,FJ$16)),IF(INDEX(Import.PLE,$K20,FJ$16)<=mediçao,DJ20,0),0),PLE!$AA$28*DJ20) -> 0
B21: =ROW(Nível)-ROW(LIorçamento)+1 -> 3 | C21: =IF(D21="","",IF(ISNUMBER(VALUE(D21)),"Meta",IF(AND(F21<>"",I21<>""),"Serviço","Nível"))) -> #REF! | D21: =VLOOKUP(E21,#REF!,2,FALSE) -> #REF! | E21: =IFERROR(INDEX(#REF!,MATCH(0,INDEX(COUNTIF($E$17:E20,#REF!),),)),"") | F21: =IF(VLOOKUP(E21,#REF!,8,FALSE)=0,"",VLOOKUP(E21,#REF!,8,FALSE)) -> #REF! | G21: =IF(Nível="Serviço",SUMIF($N$15:$BK$15,"<>"&"",N21:BK21),"") -> #REF! | H21: =IF(AND(ISNUMBER(G21),G21<>0),I21/G21,IF(G21=0,0,"")) -> #REF! | I21: =SUMIF(#REF!,Eventograma_e_Quantitativos!E21,#REF!) -> #REF! | K21: =deactivatedados.form1 -> 2 | L21: 2-PAVIMENTAÇÃO | N21: =SUMIFS(#REF!,#REF!,Eventograma_e_Quantitativos!N$16,#REF!,Eventograma_e_Quantitativos!$E21) -> #REF! | O21: =SUMIFS(#REF!,#REF!,Eventograma_e_Quantitativos!O$16,#REF!,Eventograma_e_Quantitativos!$E21) -> #REF! | P21: =SUMIFS(#REF!,#REF!,Eventograma_e_Quantitativos!P$16,#REF!,Eventograma_e_Quantitativos!$E21) -> #REF! | Q21: =SUMIFS(#REF!,#REF!,Eventograma_e_Quantitativos!Q$16,#REF!,Eventograma_e_Quantitativos!$E21) -> #REF! | R21: =SUMIFS(#REF!,#REF!,Eventograma_e_Quantitativos!R$16,#REF!,Eventograma_e_Quantitativos!$E21) -> #REF! | S21: =SUMIFS(#REF!,#REF!,Eventograma_e_Quantitativos!S$16,#REF!,Eventograma_e_Quantitativos!$E21) -> #REF! | T21: =SUMIFS(#REF!,#REF!,Eventograma_e_Quantitativos!T$16,#REF!,Eventograma_e_Quantitativos!$E21) -> #REF! | U21: =SUMIFS(#REF!,#REF!,Eventograma_e_Quantitativos!U$16,#REF!,Eventograma_e_Quantitativos!$E21) -> #REF! | ... BK21: =SUMIFS(#REF!,#REF!,Eventograma_e_Quantitativos!BK$16,#REF!,Eventograma_e_Quantitativos!$E21) -> #REF! | BM21: =IF(N$15="",0,IF(ISNUMBER(PreçoUnit),PreçoUnit*INDEX(Import.PLQ,$B21,BM$16),0)) -> #REF! | BN21: =IF(O$15="",0,IF(ISNUMBER(PreçoUnit),PreçoUnit*INDEX(Import.PLQ,$B21,BN$16),0)) -> #REF! | BO21: =IF(P$15="",0,IF(ISNUMBER(PreçoUnit),PreçoUnit*INDEX(Import.PLQ,$B21,BO$16),0)) -> #REF! | BP21: =IF(Q$15="",0,IF(ISNUMBER(PreçoUnit),PreçoUnit*INDEX(Import.PLQ,$B21,BP$16),0)) -> #REF! | BQ21: =IF(R$15="",0,IF(ISNUMBER(PreçoUnit),PreçoUnit*INDEX(Import.PLQ,$B21,BQ$16),0)) -> 0 | BR21: =IF(S$15="",0,IF(ISNUMBER(PreçoUnit),PreçoUnit*INDEX(Import.PLQ,$B21,BR$16),0)) -> 0 | BS21: =IF(T$15="",0,IF(ISNUMBER(PreçoUnit),PreçoUnit*INDEX(Import.PLQ,$B21,BS$16),0)) -> 0 | BT21: =IF(U$15="",0,IF(ISNUMBER(PreçoUnit),PreçoUnit*INDEX(Import.PLQ,$B21,BT$16),0)) -> 0 | ... DJ21: =IF(BK$15="",0,IF(ISNUMBER(PreçoUnit),PreçoUnit*INDEX(Import.PLQ,$B21,DJ$16),0)) -> 0 | DK21: =IF(D21="",0,IF(ISNUMBER(VALUE(D21)),VALUE(D21),LEFT(D21,FIND(".",D21)-1))) -> #REF! | DL21: =SUM(DM21:FJ21) -> 0 | DM21: =IF($K21<>1,IF(ISNUMBER(INDEX(Import.PLE,$K21,DM$16)),IF(INDEX(Import.PLE,$K21,DM$16)<=mediçao,BM21,0),0),PLE!$AA$28*BM21) -> 0 | DN21: =IF($K21<>1,IF(ISNUMBER(INDEX(Import.PLE,$K21,DN$16)),IF(INDEX(Import.PLE,$K21,DN$16)<=mediçao,BN21,0),0),PLE!$AA$28*BN21) -> 0 | DO21: =IF($K21<>1,IF(ISNUMBER(INDEX(Import.PLE,$K21,DO$16)),IF(INDEX(Import.PLE,$K21,DO$16)<=mediçao,BO21,0),0),PLE!$AA$28*BO21) -> 0 | DP21: =IF($K21<>1,IF(ISNUMBER(INDEX(Import.PLE,$K21,DP$16)),IF(INDEX(Import.PLE,$K21,DP$16)<=mediçao,BP21,0),0),PLE!$AA$28*BP21) -> 0 | DQ21: =IF($K21<>1,IF(ISNUMBER(INDEX(Import.PLE,$K21,DQ$16)),IF(INDEX(Import.PLE,$K21,DQ$16)<=mediçao,BQ21,0),0),PLE!$AA$28*BQ21) -> 0 | DR21: =IF($K21<>1,IF(ISNUMBER(INDEX(Import.PLE,$K21,DR$16)),IF(INDEX(Import.PLE,$K21,DR$16)<=mediçao,BR21,0),0),PLE!$AA$28*BR21) -> 0 | DS21: =IF($K21<>1,IF(ISNUMBER(INDEX(Import.PLE,$K21,DS$16)),IF(INDEX(Import.PLE,$K21,DS$16)<=mediçao,BS21,0),0),PLE!$AA$28*BS21) -> 0 | DT21: =IF($K21<>1,IF(ISNUMBER(INDEX(Import.PLE,$K21,DT$16)),IF(INDEX(Import.PLE,$K21,DT$16)<=mediçao,BT21,0),0),PLE!$AA$28*BT21) -> 0 | ... FJ21: =IF($K21<>1,IF(ISNUMBER(INDEX(Import.PLE,$K21,FJ$16)),IF(INDEX(Import.PLE,$K21,FJ$16)<=mediçao,DJ21,0),0),PLE!$AA$28*DJ21) -> 0
B22: =ROW(Nível)-ROW(LIorçamento)+1 -> 4 | C22: =IF(D22="","",IF(ISNUMBER(VALUE(D22)),"Meta",IF(AND(F22<>"",I22<>""),"Serviço","Nível"))) -> #REF! | D22: =VLOOKUP(E22,#REF!,2,FALSE) -> #REF! | E22: =IFERROR(INDEX(#REF!,MATCH(0,INDEX(COUNTIF($E$17:E21,#REF!),),)),"") | F22: =IF(VLOOKUP(E22,#REF!,8,FALSE)=0,"",VLOOKUP(E22,#REF!,8,FALSE)) -> #REF! | G22: =IF(Nível="Serviço",SUMIF($N$15:$BK$15,"<>"&"",N22:BK22),"") -> #REF! | H22: =IF(AND(ISNUMBER(G22),G22<>0),I22/G22,IF(G22=0,0,"")) -> #REF! | I22: =SUMIF(#REF!,Eventograma_e_Quantitativos!E22,#REF!) -> #REF! | K22: =deactivatedados.form1 -> 2 | L22: 2-PAVIMENTAÇÃO | N22: =SUMIFS(#REF!,#REF!,Eventograma_e_Quantitativos!N$16,#REF!,Eventograma_e_Quantitativos!$E22) -> #REF! | O22: =SUMIFS(#REF!,#REF!,Eventograma_e_Quantitativos!O$16,#REF!,Eventograma_e_Quantitativos!$E22) -> #REF! | P22: =SUMIFS(#REF!,#REF!,Eventograma_e_Quantitativos!P$16,#REF!,Eventograma_e_Quantitativos!$E22) -> #REF! | Q22: =SUMIFS(#REF!,#REF!,Eventograma_e_Quantitativos!Q$16,#REF!,Eventograma_e_Quantitativos!$E22) -> #REF! | R22: =SUMIFS(#REF!,#REF!,Eventograma_e_Quantitativos!R$16,#REF!,Eventograma_e_Quantitativos!$E22) -> #REF! | S22: =SUMIFS(#REF!,#REF!,Eventograma_e_Quantitativos!S$16,#REF!,Eventograma_e_Quantitativos!$E22) -> #REF! | T22: =SUMIFS(#REF!,#REF!,Eventograma_e_Quantitativos!T$16,#REF!,Eventograma_e_Quantitativos!$E22) -> #REF! | U22: =SUMIFS(#REF!,#REF!,Eventograma_e_Quantitativos!U$16,#REF!,Eventograma_e_Quantitativos!$E22) -> #REF! | ... BK22: =SUMIFS(#REF!,#REF!,Eventograma_e_Quantitativos!BK$16,#REF!,Eventograma_e_Quantitativos!$E22) -> #REF! | BM22: =IF(N$15="",0,IF(ISNUMBER(PreçoUnit),PreçoUnit*INDEX(Import.PLQ,$B22,BM$16),0)) -> #REF! | BN22: =IF(O$15="",0,IF(ISNUMBER(PreçoUnit),PreçoUnit*INDEX(Import.PLQ,$B22,BN$16),0)) -> #REF! | BO22: =IF(P$15="",0,IF(ISNUMBER(PreçoUnit),PreçoUnit*INDEX(Import.PLQ,$B22,BO$16),0)) -> #REF! | BP22: =IF(Q$15="",0,IF(ISNUMBER(PreçoUnit),PreçoUnit*INDEX(Import.PLQ,$B22,BP$16),0)) -> #REF! | BQ22: =IF(R$15="",0,IF(ISNUMBER(PreçoUnit),PreçoUnit*INDEX(Import.PLQ,$B22,BQ$16),0)) -> 0 | BR22: =IF(S$15="",0,IF(ISNUMBER(PreçoUnit),PreçoUnit*INDEX(Import.PLQ,$B22,BR$16),0)) -> 0 | BS22: =IF(T$15="",0,IF(ISNUMBER(PreçoUnit),PreçoUnit*INDEX(Import.PLQ,$B22,BS$16),0)) -> 0 | BT22: =IF(U$15="",0,IF(ISNUMBER(PreçoUnit),PreçoUnit*INDEX(Import.PLQ,$B22,BT$16),0)) -> 0 | ... DJ22: =IF(BK$15="",0,IF(ISNUMBER(PreçoUnit),PreçoUnit*INDEX(Import.PLQ,$B22,DJ$16),0)) -> 0 | DK22: =IF(D22="",0,IF(ISNUMBER(VALUE(D22)),VALUE(D22),LEFT(D22,FIND(".",D22)-1))) -> #REF! | DL22: =SUM(DM22:FJ22) -> 0 | DM22: =IF($K22<>1,IF(ISNUMBER(INDEX(Import.PLE,$K22,DM$16)),IF(INDEX(Import.PLE,$K22,DM$16)<=mediçao,BM22,0),0),PLE!$AA$28*BM22) -> 0 | DN22: =IF($K22<>1,IF(ISNUMBER(INDEX(Import.PLE,$K22,DN$16)),IF(INDEX(Import.PLE,$K22,DN$16)<=mediçao,BN22,0),0),PLE!$AA$28*BN22) -> 0 | DO22: =IF($K22<>1,IF(ISNUMBER(INDEX(Import.PLE,$K22,DO$16)),IF(INDEX(Import.PLE,$K22,DO$16)<=mediçao,BO22,0),0),PLE!$AA$28*BO22) -> 0 | DP22: =IF($K22<>1,IF(ISNUMBER(INDEX(Import.PLE,$K22,DP$16)),IF(INDEX(Import.PLE,$K22,DP$16)<=mediçao,BP22,0),0),PLE!$AA$28*BP22) -> 0 | DQ22: =IF($K22<>1,IF(ISNUMBER(INDEX(Import.PLE,$K22,DQ$16)),IF(INDEX(Import.PLE,$K22,DQ$16)<=mediçao,BQ22,0),0),PLE!$AA$28*BQ22) -> 0 | DR22: =IF($K22<>1,IF(ISNUMBER(INDEX(Import.PLE,$K22,DR$16)),IF(INDEX(Import.PLE,$K22,DR$16)<=mediçao,BR22,0),0),PLE!$AA$28*BR22) -> 0 | DS22: =IF($K22<>1,IF(ISNUMBER(INDEX(Import.PLE,$K22,DS$16)),IF(INDEX(Import.PLE,$K22,DS$16)<=mediçao,BS22,0),0),PLE!$AA$28*BS22) -> 0 | DT22: =IF($K22<>1,IF(ISNUMBER(INDEX(Import.PLE,$K22,DT$16)),IF(INDEX(Import.PLE,$K22,DT$16)<=mediçao,BT22,0),0),PLE!$AA$28*BT22) -> 0 | ... FJ22: =IF($K22<>1,IF(ISNUMBER(INDEX(Import.PLE,$K22,FJ$16)),IF(INDEX(Import.PLE,$K22,FJ$16)<=mediçao,DJ22,0),0),PLE!$AA$28*DJ22) -> 0
B23: =ROW(Nível)-ROW(LIorçamento)+1 -> 5 | C23: =IF(D23="","",IF(ISNUMBER(VALUE(D23)),"Meta",IF(AND(F23<>"",I23<>""),"Serviço","Nível"))) -> #REF! | D23: =VLOOKUP(E23,#REF!,2,FALSE) -> #REF! | E23: =IFERROR(INDEX(#REF!,MATCH(0,INDEX(COUNTIF($E$17:E22,#REF!),),)),"") | F23: =IF(VLOOKUP(E23,#REF!,8,FALSE)=0,"",VLOOKUP(E23,#REF!,8,FALSE)) -> #REF! | G23: =IF(Nível="Serviço",SUMIF($N$15:$BK$15,"<>"&"",N23:BK23),"") -> #REF! | H23: =IF(AND(ISNUMBER(G23),G23<>0),I23/G23,IF(G23=0,0,"")) -> #REF! | I23: =SUMIF(#REF!,Eventograma_e_Quantitativos!E23,#REF!) -> #REF! | K23: =deactivatedados.form1 -> 2 | L23: 2-PAVIMENTAÇÃO | N23: =SUMIFS(#REF!,#REF!,Eventograma_e_Quantitativos!N$16,#REF!,Eventograma_e_Quantitativos!$E23) -> #REF! | O23: =SUMIFS(#REF!,#REF!,Eventograma_e_Quantitativos!O$16,#REF!,Eventograma_e_Quantitativos!$E23) -> #REF! | P23: =SUMIFS(#REF!,#REF!,Eventograma_e_Quantitativos!P$16,#REF!,Eventograma_e_Quantitativos!$E23) -> #REF! | Q23: =SUMIFS(#REF!,#REF!,Eventograma_e_Quantitativos!Q$16,#REF!,Eventograma_e_Quantitativos!$E23) -> #REF! | R23: =SUMIFS(#REF!,#REF!,Eventograma_e_Quantitativos!R$16,#REF!,Eventograma_e_Quantitativos!$E23) -> #REF! | S23: =SUMIFS(#REF!,#REF!,Eventograma_e_Quantitativos!S$16,#REF!,Eventograma_e_Quantitativos!$E23) -> #REF! | T23: =SUMIFS(#REF!,#REF!,Eventograma_e_Quantitativos!T$16,#REF!,Eventograma_e_Quantitativos!$E23) -> #REF! | U23: =SUMIFS(#REF!,#REF!,Eventograma_e_Quantitativos!U$16,#REF!,Eventograma_e_Quantitativos!$E23) -> #REF! | ... BK23: =SUMIFS(#REF!,#REF!,Eventograma_e_Quantitativos!BK$16,#REF!,Eventograma_e_Quantitativos!$E23) -> #REF! | BM23: =IF(N$15="",0,IF(ISNUMBER(PreçoUnit),PreçoUnit*INDEX(Import.PLQ,$B23,BM$16),0)) -> #REF! | BN23: =IF(O$15="",0,IF(ISNUMBER(PreçoUnit),PreçoUnit*INDEX(Import.PLQ,$B23,BN$16),0)) -> #REF! | BO23: =IF(P$15="",0,IF(ISNUMBER(PreçoUnit),PreçoUnit*INDEX(Import.PLQ,$B23,BO$16),0)) -> #REF! | BP23: =IF(Q$15="",0,IF(ISNUMBER(PreçoUnit),PreçoUnit*INDEX(Import.PLQ,$B23,BP$16),0)) -> #REF! | BQ23: =IF(R$15="",0,IF(ISNUMBER(PreçoUnit),PreçoUnit*INDEX(Import.PLQ,$B23,BQ$16),0)) -> 0 | BR23: =IF(S$15="",0,IF(ISNUMBER(PreçoUnit),PreçoUnit*INDEX(Import.PLQ,$B23,BR$16),0)) -> 0 | BS23: =IF(T$15="",0,IF(ISNUMBER(PreçoUnit),PreçoUnit*INDEX(Import.PLQ,$B23,BS$16),0)) -> 0 | BT23: =IF(U$15="",0,IF(ISNUMBER(PreçoUnit),PreçoUnit*INDEX(Import.PLQ,$B23,BT$16),0)) -> 0 | ... DJ23: =IF(BK$15="",0,IF(ISNUMBER(PreçoUnit),PreçoUnit*INDEX(Import.PLQ,$B23,DJ$16),0)) -> 0 | DK23: =IF(D23="",0,IF(ISNUMBER(VALUE(D23)),VALUE(D23),LEFT(D23,FIND(".",D23)-1))) -> #REF! | DL23: =SUM(DM23:FJ23) -> 0 | DM23: =IF($K23<>1,IF(ISNUMBER(INDEX(Import.PLE,$K23,DM$16)),IF(INDEX(Import.PLE,$K23,DM$16)<=mediçao,BM23,0),0),PLE!$AA$28*BM23) -> 0 | DN23: =IF($K23<>1,IF(ISNUMBER(INDEX(Import.PLE,$K23,DN$16)),IF(INDEX(Import.PLE,$K23,DN$16)<=mediçao,BN23,0),0),PLE!$AA$28*BN23) -> 0 | DO23: =IF($K23<>1,IF(ISNUMBER(INDEX(Import.PLE,$K23,DO$16)),IF(INDEX(Import.PLE,$K23,DO$16)<=mediçao,BO23,0),0),PLE!$AA$28*BO23) -> 0 | DP23: =IF($K23<>1,IF(ISNUMBER(INDEX(Import.PLE,$K23,DP$16)),IF(INDEX(Import.PLE,$K23,DP$16)<=mediçao,BP23,0),0),PLE!$AA$28*BP23) -> 0 | DQ23: =IF($K23<>1,IF(ISNUMBER(INDEX(Import.PLE,$K23,DQ$16)),IF(INDEX(Import.PLE,$K23,DQ$16)<=mediçao,BQ23,0),0),PLE!$AA$28*BQ23) -> 0 | DR23: =IF($K23<>1,IF(ISNUMBER(INDEX(Import.PLE,$K23,DR$16)),IF(INDEX(Import.PLE,$K23,DR$16)<=mediçao,BR23,0),0),PLE!$AA$28*BR23) -> 0 | DS23: =IF($K23<>1,IF(ISNUMBER(INDEX(Import.PLE,$K23,DS$16)),IF(INDEX(Import.PLE,$K23,DS$16)<=mediçao,BS23,0),0),PLE!$AA$28*BS23) -> 0 | DT23: =IF($K23<>1,IF(ISNUMBER(INDEX(Import.PLE,$K23,DT$16)),IF(INDEX(Import.PLE,$K23,DT$16)<=mediçao,BT23,0),0),PLE!$AA$28*BT23) -> 0 | ... FJ23: =IF($K23<>1,IF(ISNUMBER(INDEX(Import.PLE,$K23,FJ$16)),IF(INDEX(Import.PLE,$K23,FJ$16)<=mediçao,DJ23,0),0),PLE!$AA$28*DJ23) -> 0
B24: =ROW(Nível)-ROW(LIorçamento)+1 -> 6 | C24: =IF(D24="","",IF(ISNUMBER(VALUE(D24)),"Meta",IF(AND(F24<>"",I24<>""),"Serviço","Nível"))) -> #REF! | D24: =VLOOKUP(E24,#REF!,2,FALSE) -> #REF! | E24: =IFERROR(INDEX(#REF!,MATCH(0,INDEX(COUNTIF($E$17:E23,#REF!),),)),"") | F24: =IF(VLOOKUP(E24,#REF!,8,FALSE)=0,"",VLOOKUP(E24,#REF!,8,FALSE)) -> #REF! | G24: =IF(Nível="Serviço",SUMIF($N$15:$BK$15,"<>"&"",N24:BK24),"") -> #REF! | H24: =IF(AND(ISNUMBER(G24),G24<>0),I24/G24,IF(G24=0,0,"")) -> #REF! | I24: =SUMIF(#REF!,Eventograma_e_Quantitativos!E24,#REF!) -> #REF! | K24: =deactivatedados.form1 | N24: =SUMIFS(#REF!,#REF!,Eventograma_e_Quantitativos!N$16,#REF!,Eventograma_e_Quantitativos!$E24) -> #REF! | O24: =SUMIFS(#REF!,#REF!,Eventograma_e_Quantitativos!O$16,#REF!,Eventograma_e_Quantitativos!$E24) -> #REF! | P24: =SUMIFS(#REF!,#REF!,Eventograma_e_Quantitativos!P$16,#REF!,Eventograma_e_Quantitativos!$E24) -> #REF! | Q24: =SUMIFS(#REF!,#REF!,Eventograma_e_Quantitativos!Q$16,#REF!,Eventograma_e_Quantitativos!$E24) -> #REF! | R24: =SUMIFS(#REF!,#REF!,Eventograma_e_Quantitativos!R$16,#REF!,Eventograma_e_Quantitativos!$E24) -> #REF! | S24: =SUMIFS(#REF!,#REF!,Eventograma_e_Quantitativos!S$16,#REF!,Eventograma_e_Quantitativos!$E24) -> #REF! | T24: =SUMIFS(#REF!,#REF!,Eventograma_e_Quantitativos!T$16,#REF!,Eventograma_e_Quantitativos!$E24) -> #REF! | U24: =SUMIFS(#REF!,#REF!,Eventograma_e_Quantitativos!U$16,#REF!,Eventograma_e_Quantitativos!$E24) -> #REF! | ... BK24: =SUMIFS(#REF!,#REF!,Eventograma_e_Quantitativos!BK$16,#REF!,Eventograma_e_Quantitativos!$E24) -> #REF! | BM24: =IF(N$15="",0,IF(ISNUMBER(PreçoUnit),PreçoUnit*INDEX(Import.PLQ,$B24,BM$16),0)) -> #REF! | BN24: =IF(O$15="",0,IF(ISNUMBER(PreçoUnit),PreçoUnit*INDEX(Import.PLQ,$B24,BN$16),0)) -> #REF! | BO24: =IF(P$15="",0,IF(ISNUMBER(PreçoUnit),PreçoUnit*INDEX(Import.PLQ,$B24,BO$16),0)) -> #REF! | BP24: =IF(Q$15="",0,IF(ISNUMBER(PreçoUnit),PreçoUnit*INDEX(Import.PLQ,$B24,BP$16),0)) -> #REF! | BQ24: =IF(R$15="",0,IF(ISNUMBER(PreçoUnit),PreçoUnit*INDEX(Import.PLQ,$B24,BQ$16),0)) -> 0 | BR24: =IF(S$15="",0,IF(ISNUMBER(PreçoUnit),PreçoUnit*INDEX(Import.PLQ,$B24,BR$16),0)) -> 0 | BS24: =IF(T$15="",0,IF(ISNUMBER(PreçoUnit),PreçoUnit*INDEX(Import.PLQ,$B24,BS$16),0)) -> 0 | BT24: =IF(U$15="",0,IF(ISNUMBER(PreçoUnit),PreçoUnit*INDEX(Import.PLQ,$B24,BT$16),0)) -> 0 | ... DJ24: =IF(BK$15="",0,IF(ISNUMBER(PreçoUnit),PreçoUnit*INDEX(Import.PLQ,$B24,DJ$16),0)) -> 0 | DK24: =IF(D24="",0,IF(ISNUMBER(VALUE(D24)),VALUE(D24),LEFT(D24,FIND(".",D24)-1))) -> #REF! | DL24: =SUM(DM24:FJ24) -> 0 | DM24: =IF($K24<>1,IF(ISNUMBER(INDEX(Import.PLE,$K24,DM$16)),IF(INDEX(Import.PLE,$K24,DM$16)<=mediçao,BM24,0),0),PLE!$AA$28*BM24) -> 0 | DN24: =IF($K24<>1,IF(ISNUMBER(INDEX(Import.PLE,$K24,DN$16)),IF(INDEX(Import.PLE,$K24,DN$16)<=mediçao,BN24,0),0),PLE!$AA$28*BN24) -> 0 | DO24: =IF($K24<>1,IF(ISNUMBER(INDEX(Import.PLE,$K24,DO$16)),IF(INDEX(Import.PLE,$K24,DO$16)<=mediçao,BO24,0),0),PLE!$AA$28*BO24) -> 0 | DP24: =IF($K24<>1,IF(ISNUMBER(INDEX(Import.PLE,$K24,DP$16)),IF(INDEX(Import.PLE,$K24,DP$16)<=mediçao,BP24,0),0),PLE!$AA$28*BP24) -> 0 | DQ24: =IF($K24<>1,IF(ISNUMBER(INDEX(Import.PLE,$K24,DQ$16)),IF(INDEX(Import.PLE,$K24,DQ$16)<=mediçao,BQ24,0),0),PLE!$AA$28*BQ24) -> 0 | DR24: =IF($K24<>1,IF(ISNUMBER(INDEX(Import.PLE,$K24,DR$16)),IF(INDEX(Import.PLE,$K24,DR$16)<=mediçao,BR24,0),0),PLE!$AA$28*BR24) -> 0 | DS24: =IF($K24<>1,IF(ISNUMBER(INDEX(Import.PLE,$K24,DS$16)),IF(INDEX(Import.PLE,$K24,DS$16)<=mediçao,BS24,0),0),PLE!$AA$28*BS24) -> 0 | DT24: =IF($K24<>1,IF(ISNUMBER(INDEX(Import.PLE,$K24,DT$16)),IF(INDEX(Import.PLE,$K24,DT$16)<=mediçao,BT24,0),0),PLE!$AA$28*BT24) -> 0 | ... FJ24: =IF($K24<>1,IF(ISNUMBER(INDEX(Import.PLE,$K24,FJ$16)),IF(INDEX(Import.PLE,$K24,FJ$16)<=mediçao,DJ24,0),0),PLE!$AA$28*DJ24) -> 0
B25: =ROW(Nível)-ROW(LIorçamento)+1 -> 7 | C25: =IF(D25="","",IF(ISNUMBER(VALUE(D25)),"Meta",IF(AND(F25<>"",I25<>""),"Serviço","Nível"))) -> #REF! | D25: =VLOOKUP(E25,#REF!,2,FALSE) -> #REF! | E25: =IFERROR(INDEX(#REF!,MATCH(0,INDEX(COUNTIF($E$17:E24,#REF!),),)),"") | F25: =IF(VLOOKUP(E25,#REF!,8,FALSE)=0,"",VLOOKUP(E25,#REF!,8,FALSE)) -> #REF! | G25: =IF(Nível="Serviço",SUMIF($N$15:$BK$15,"<>"&"",N25:BK25),"") -> #REF! | H25: =IF(AND(ISNUMBER(G25),G25<>0),I25/G25,IF(G25=0,0,"")) -> #REF! | I25: =SUMIF(#REF!,Eventograma_e_Quantitativos!E25,#REF!) -> #REF! | K25: =deactivatedados.form1 -> 2 | L25: 2-PAVIMENTAÇÃO | N25: =SUMIFS(#REF!,#REF!,Eventograma_e_Quantitativos!N$16,#REF!,Eventograma_e_Quantitativos!$E25) -> #REF! | O25: =SUMIFS(#REF!,#REF!,Eventograma_e_Quantitativos!O$16,#REF!,Eventograma_e_Quantitativos!$E25) -> #REF! | P25: =SUMIFS(#REF!,#REF!,Eventograma_e_Quantitativos!P$16,#REF!,Eventograma_e_Quantitativos!$E25) -> #REF! | Q25: =SUMIFS(#REF!,#REF!,Eventograma_e_Quantitativos!Q$16,#REF!,Eventograma_e_Quantitativos!$E25) -> #REF! | R25: =SUMIFS(#REF!,#REF!,Eventograma_e_Quantitativos!R$16,#REF!,Eventograma_e_Quantitativos!$E25) -> #REF! | S25: =SUMIFS(#REF!,#REF!,Eventograma_e_Quantitativos!S$16,#REF!,Eventograma_e_Quantitativos!$E25) -> #REF! | T25: =SUMIFS(#REF!,#REF!,Eventograma_e_Quantitativos!T$16,#REF!,Eventograma_e_Quantitativos!$E25) -> #REF! | U25: =SUMIFS(#REF!,#REF!,Eventograma_e_Quantitativos!U$16,#REF!,Eventograma_e_Quantitativos!$E25) -> #REF! | ... BK25: =SUMIFS(#REF!,#REF!,Eventograma_e_Quantitativos!BK$16,#REF!,Eventograma_e_Quantitativos!$E25) -> #REF! | BM25: =IF(N$15="",0,IF(ISNUMBER(PreçoUnit),PreçoUnit*INDEX(Import.PLQ,$B25,BM$16),0)) -> #REF! | BN25: =IF(O$15="",0,IF(ISNUMBER(PreçoUnit),PreçoUnit*INDEX(Import.PLQ,$B25,BN$16),0)) -> #REF! | BO25: =IF(P$15="",0,IF(ISNUMBER(PreçoUnit),PreçoUnit*INDEX(Import.PLQ,$B25,BO$16),0)) -> #REF! | BP25: =IF(Q$15="",0,IF(ISNUMBER(PreçoUnit),PreçoUnit*INDEX(Import.PLQ,$B25,BP$16),0)) -> #REF! | BQ25: =IF(R$15="",0,IF(ISNUMBER(PreçoUnit),PreçoUnit*INDEX(Import.PLQ,$B25,BQ$16),0)) -> 0 | BR25: =IF(S$15="",0,IF(ISNUMBER(PreçoUnit),PreçoUnit*INDEX(Import.PLQ,$B25,BR$16),0)) -> 0 | BS25: =IF(T$15="",0,IF(ISNUMBER(PreçoUnit),PreçoUnit*INDEX(Import.PLQ,$B25,BS$16),0)) -> 0 | BT25: =IF(U$15="",0,IF(ISNUMBER(PreçoUnit),PreçoUnit*INDEX(Import.PLQ,$B25,BT$16),0)) -> 0 | ... DJ25: =IF(BK$15="",0,IF(ISNUMBER(PreçoUnit),PreçoUnit*INDEX(Import.PLQ,$B25,DJ$16),0)) -> 0 | DK25: =IF(D25="",0,IF(ISNUMBER(VALUE(D25)),VALUE(D25),LEFT(D25,FIND(".",D25)-1))) -> #REF! | DL25: =SUM(DM25:FJ25) -> 0 | DM25: =IF($K25<>1,IF(ISNUMBER(INDEX(Import.PLE,$K25,DM$16)),IF(INDEX(Import.PLE,$K25,DM$16)<=mediçao,BM25,0),0),PLE!$AA$28*BM25) -> 0 | DN25: =IF($K25<>1,IF(ISNUMBER(INDEX(Import.PLE,$K25,DN$16)),IF(INDEX(Import.PLE,$K25,DN$16)<=mediçao,BN25,0),0),PLE!$AA$28*BN25) -> 0 | DO25: =IF($K25<>1,IF(ISNUMBER(INDEX(Import.PLE,$K25,DO$16)),IF(INDEX(Import.PLE,$K25,DO$16)<=mediçao,BO25,0),0),PLE!$AA$28*BO25) -> 0 | DP25: =IF($K25<>1,IF(ISNUMBER(INDEX(Import.PLE,$K25,DP$16)),IF(INDEX(Import.PLE,$K25,DP$16)<=mediçao,BP25,0),0),PLE!$AA$28*BP25) -> 0 | DQ25: =IF($K25<>1,IF(ISNUMBER(INDEX(Import.PLE,$K25,DQ$16)),IF(INDEX(Import.PLE,$K25,DQ$16)<=mediçao,BQ25,0),0),PLE!$AA$28*BQ25) -> 0 | DR25: =IF($K25<>1,IF(ISNUMBER(INDEX(Import.PLE,$K25,DR$16)),IF(INDEX(Import.PLE,$K25,DR$16)<=mediçao,BR25,0),0),PLE!$AA$28*BR25) -> 0 | DS25: =IF($K25<>1,IF(ISNUMBER(INDEX(Import.PLE,$K25,DS$16)),IF(INDEX(Import.PLE,$K25,DS$16)<=mediçao,BS25,0),0),PLE!$AA$28*BS25) -> 0 | DT25: =IF($K25<>1,IF(ISNUMBER(INDEX(Import.PLE,$K25,DT$16)),IF(INDEX(Import.PLE,$K25,DT$16)<=mediçao,BT25,0),0),PLE!$AA$28*BT25) -> 0 | ... FJ25: =IF($K25<>1,IF(ISNUMBER(INDEX(Import.PLE,$K25,FJ$16)),IF(INDEX(Import.PLE,$K25,FJ$16)<=mediçao,DJ25,0),0),PLE!$AA$28*DJ25) -> 0
B26: =ROW(Nível)-ROW(LIorçamento)+1 -> 8 | C26: =IF(D26="","",IF(ISNUMBER(VALUE(D26)),"Meta",IF(AND(F26<>"",I26<>""),"Serviço","Nível"))) -> #REF! | D26: =VLOOKUP(E26,#REF!,2,FALSE) -> #REF! | E26: =IFERROR(INDEX(#REF!,MATCH(0,INDEX(COUNTIF($E$17:E25,#REF!),),)),"") | F26: =IF(VLOOKUP(E26,#REF!,8,FALSE)=0,"",VLOOKUP(E26,#REF!,8,FALSE)) -> #REF! | G26: =IF(Nível="Serviço",SUMIF($N$15:$BK$15,"<>"&"",N26:BK26),"") -> #REF! | H26: =IF(AND(ISNUMBER(G26),G26<>0),I26/G26,IF(G26=0,0,"")) -> #REF! | I26: =SUMIF(#REF!,Eventograma_e_Quantitativos!E26,#REF!) -> #REF! | K26: =deactivatedados.form1 -> 2 | L26: 2-PAVIMENTAÇÃO | N26: =SUMIFS(#REF!,#REF!,Eventograma_e_Quantitativos!N$16,#REF!,Eventograma_e_Quantitativos!$E26) -> #REF! | O26: =SUMIFS(#REF!,#REF!,Eventograma_e_Quantitativos!O$16,#REF!,Eventograma_e_Quantitativos!$E26) -> #REF! | P26: =SUMIFS(#REF!,#REF!,Eventograma_e_Quantitativos!P$16,#REF!,Eventograma_e_Quantitativos!$E26) -> #REF! | Q26: =SUMIFS(#REF!,#REF!,Eventograma_e_Quantitativos!Q$16,#REF!,Eventograma_e_Quantitativos!$E26) -> #REF! | R26: =SUMIFS(#REF!,#REF!,Eventograma_e_Quantitativos!R$16,#REF!,Eventograma_e_Quantitativos!$E26) -> #REF! | S26: =SUMIFS(#REF!,#REF!,Eventograma_e_Quantitativos!S$16,#REF!,Eventograma_e_Quantitativos!$E26) -> #REF! | T26: =SUMIFS(#REF!,#REF!,Eventograma_e_Quantitativos!T$16,#REF!,Eventograma_e_Quantitativos!$E26) -> #REF! | U26: =SUMIFS(#REF!,#REF!,Eventograma_e_Quantitativos!U$16,#REF!,Eventograma_e_Quantitativos!$E26) -> #REF! | ... BK26: =SUMIFS(#REF!,#REF!,Eventograma_e_Quantitativos!BK$16,#REF!,Eventograma_e_Quantitativos!$E26) -> #REF! | BM26: =IF(N$15="",0,IF(ISNUMBER(PreçoUnit),PreçoUnit*INDEX(Import.PLQ,$B26,BM$16),0)) -> #REF! | BN26: =IF(O$15="",0,IF(ISNUMBER(PreçoUnit),PreçoUnit*INDEX(Import.PLQ,$B26,BN$16),0)) -> #REF! | BO26: =IF(P$15="",0,IF(ISNUMBER(PreçoUnit),PreçoUnit*INDEX(Import.PLQ,$B26,BO$16),0)) -> #REF! | BP26: =IF(Q$15="",0,IF(ISNUMBER(PreçoUnit),PreçoUnit*INDEX(Import.PLQ,$B26,BP$16),0)) -> #REF! | BQ26: =IF(R$15="",0,IF(ISNUMBER(PreçoUnit),PreçoUnit*INDEX(Import.PLQ,$B26,BQ$16),0)) -> 0 | BR26: =IF(S$15="",0,IF(ISNUMBER(PreçoUnit),PreçoUnit*INDEX(Import.PLQ,$B26,BR$16),0)) -> 0 | BS26: =IF(T$15="",0,IF(ISNUMBER(PreçoUnit),PreçoUnit*INDEX(Import.PLQ,$B26,BS$16),0)) -> 0 | BT26: =IF(U$15="",0,IF(ISNUMBER(PreçoUnit),PreçoUnit*INDEX(Import.PLQ,$B26,BT$16),0)) -> 0 | ... DJ26: =IF(BK$15="",0,IF(ISNUMBER(PreçoUnit),PreçoUnit*INDEX(Import.PLQ,$B26,DJ$16),0)) -> 0 | DK26: =IF(D26="",0,IF(ISNUMBER(VALUE(D26)),VALUE(D26),LEFT(D26,FIND(".",D26)-1))) -> #REF! | DL26: =SUM(DM26:FJ26) -> 0 | DM26: =IF($K26<>1,IF(ISNUMBER(INDEX(Import.PLE,$K26,DM$16)),IF(INDEX(Import.PLE,$K26,DM$16)<=mediçao,BM26,0),0),PLE!$AA$28*BM26) -> 0 | DN26: =IF($K26<>1,IF(ISNUMBER(INDEX(Import.PLE,$K26,DN$16)),IF(INDEX(Import.PLE,$K26,DN$16)<=mediçao,BN26,0),0),PLE!$AA$28*BN26) -> 0 | DO26: =IF($K26<>1,IF(ISNUMBER(INDEX(Import.PLE,$K26,DO$16)),IF(INDEX(Import.PLE,$K26,DO$16)<=mediçao,BO26,0),0),PLE!$AA$28*BO26) -> 0 | DP26: =IF($K26<>1,IF(ISNUMBER(INDEX(Import.PLE,$K26,DP$16)),IF(INDEX(Import.PLE,$K26,DP$16)<=mediçao,BP26,0),0),PLE!$AA$28*BP26) -> 0 | DQ26: =IF($K26<>1,IF(ISNUMBER(INDEX(Import.PLE,$K26,DQ$16)),IF(INDEX(Import.PLE,$K26,DQ$16)<=mediçao,BQ26,0),0),PLE!$AA$28*BQ26) -> 0 | DR26: =IF($K26<>1,IF(ISNUMBER(INDEX(Import.PLE,$K26,DR$16)),IF(INDEX(Import.PLE,$K26,DR$16)<=mediçao,BR26,0),0),PLE!$AA$28*BR26) -> 0 | DS26: =IF($K26<>1,IF(ISNUMBER(INDEX(Import.PLE,$K26,DS$16)),IF(INDEX(Import.PLE,$K26,DS$16)<=mediçao,BS26,0),0),PLE!$AA$28*BS26) -> 0 | DT26: =IF($K26<>1,IF(ISNUMBER(INDEX(Import.PLE,$K26,DT$16)),IF(INDEX(Import.PLE,$K26,DT$16)<=mediçao,BT26,0),0),PLE!$AA$28*BT26) -> 0 | ... FJ26: =IF($K26<>1,IF(ISNUMBER(INDEX(Import.PLE,$K26,FJ$16)),IF(INDEX(Import.PLE,$K26,FJ$16)<=mediçao,DJ26,0),0),PLE!$AA$28*DJ26) -> 0
B27: =ROW(Nível)-ROW(LIorçamento)+1 -> 9 | C27: =IF(D27="","",IF(ISNUMBER(VALUE(D27)),"Meta",IF(AND(F27<>"",I27<>""),"Serviço","Nível"))) -> #REF! | D27: =VLOOKUP(E27,#REF!,2,FALSE) -> #REF! | E27: =IFERROR(INDEX(#REF!,MATCH(0,INDEX(COUNTIF($E$17:E26,#REF!),),)),"") | F27: =IF(VLOOKUP(E27,#REF!,8,FALSE)=0,"",VLOOKUP(E27,#REF!,8,FALSE)) -> #REF! | G27: =IF(Nível="Serviço",SUMIF($N$15:$BK$15,"<>"&"",N27:BK27),"") -> #REF! | H27: =IF(AND(ISNUMBER(G27),G27<>0),I27/G27,IF(G27=0,0,"")) -> #REF! | I27: =SUMIF(#REF!,Eventograma_e_Quantitativos!E27,#REF!) -> #REF! | K27: =deactivatedados.form1 -> 3 | L27: 3-CALÇADA | N27: =SUMIFS(#REF!,#REF!,Eventograma_e_Quantitativos!N$16,#REF!,Eventograma_e_Quantitativos!$E27) -> #REF! | O27: =SUMIFS(#REF!,#REF!,Eventograma_e_Quantitativos!O$16,#REF!,Eventograma_e_Quantitativos!$E27) -> #REF! | P27: =SUMIFS(#REF!,#REF!,Eventograma_e_Quantitativos!P$16,#REF!,Eventograma_e_Quantitativos!$E27) -> #REF! | Q27: =SUMIFS(#REF!,#REF!,Eventograma_e_Quantitativos!Q$16,#REF!,Eventograma_e_Quantitativos!$E27) -> #REF! | R27: =SUMIFS(#REF!,#REF!,Eventograma_e_Quantitativos!R$16,#REF!,Eventograma_e_Quantitativos!$E27) -> #REF! | S27: =SUMIFS(#REF!,#REF!,Eventograma_e_Quantitativos!S$16,#REF!,Eventograma_e_Quantitativos!$E27) -> #REF! | T27: =SUMIFS(#REF!,#REF!,Eventograma_e_Quantitativos!T$16,#REF!,Eventograma_e_Quantitativos!$E27) -> #REF! | U27: =SUMIFS(#REF!,#REF!,Eventograma_e_Quantitativos!U$16,#REF!,Eventograma_e_Quantitativos!$E27) -> #REF! | ... BK27: =SUMIFS(#REF!,#REF!,Eventograma_e_Quantitativos!BK$16,#REF!,Eventograma_e_Quantitativos!$E27) -> #REF! | BM27: =IF(N$15="",0,IF(ISNUMBER(PreçoUnit),PreçoUnit*INDEX(Import.PLQ,$B27,BM$16),0)) -> #REF! | BN27: =IF(O$15="",0,IF(ISNUMBER(PreçoUnit),PreçoUnit*INDEX(Import.PLQ,$B27,BN$16),0)) -> #REF! | BO27: =IF(P$15="",0,IF(ISNUMBER(PreçoUnit),PreçoUnit*INDEX(Import.PLQ,$B27,BO$16),0)) -> #REF! | BP27: =IF(Q$15="",0,IF(ISNUMBER(PreçoUnit),PreçoUnit*INDEX(Import.PLQ,$B27,BP$16),0)) -> #REF! | BQ27: =IF(R$15="",0,IF(ISNUMBER(PreçoUnit),PreçoUnit*INDEX(Import.PLQ,$B27,BQ$16),0)) -> 0 | BR27: =IF(S$15="",0,IF(ISNUMBER(PreçoUnit),PreçoUnit*INDEX(Import.PLQ,$B27,BR$16),0)) -> 0 | BS27: =IF(T$15="",0,IF(ISNUMBER(PreçoUnit),PreçoUnit*INDEX(Import.PLQ,$B27,BS$16),0)) -> 0 | BT27: =IF(U$15="",0,IF(ISNUMBER(PreçoUnit),PreçoUnit*INDEX(Import.PLQ,$B27,BT$16),0)) -> 0 | ... DJ27: =IF(BK$15="",0,IF(ISNUMBER(PreçoUnit),PreçoUnit*INDEX(Import.PLQ,$B27,DJ$16),0)) -> 0 | DK27: =IF(D27="",0,IF(ISNUMBER(VALUE(D27)),VALUE(D27),LEFT(D27,FIND(".",D27)-1))) -> #REF! | DL27: =SUM(DM27:FJ27) -> 0 | DM27: =IF($K27<>1,IF(ISNUMBER(INDEX(Import.PLE,$K27,DM$16)),IF(INDEX(Import.PLE,$K27,DM$16)<=mediçao,BM27,0),0),PLE!$AA$28*BM27) -> 0 | DN27: =IF($K27<>1,IF(ISNUMBER(INDEX(Import.PLE,$K27,DN$16)),IF(INDEX(Import.PLE,$K27,DN$16)<=mediçao,BN27,0),0),PLE!$AA$28*BN27) -> 0 | DO27: =IF($K27<>1,IF(ISNUMBER(INDEX(Import.PLE,$K27,DO$16)),IF(INDEX(Import.PLE,$K27,DO$16)<=mediçao,BO27,0),0),PLE!$AA$28*BO27) -> 0 | DP27: =IF($K27<>1,IF(ISNUMBER(INDEX(Import.PLE,$K27,DP$16)),IF(INDEX(Import.PLE,$K27,DP$16)<=mediçao,BP27,0),0),PLE!$AA$28*BP27) -> 0 | DQ27: =IF($K27<>1,IF(ISNUMBER(INDEX(Import.PLE,$K27,DQ$16)),IF(INDEX(Import.PLE,$K27,DQ$16)<=mediçao,BQ27,0),0),PLE!$AA$28*BQ27) -> 0 | DR27: =IF($K27<>1,IF(ISNUMBER(INDEX(Import.PLE,$K27,DR$16)),IF(INDEX(Import.PLE,$K27,DR$16)<=mediçao,BR27,0),0),PLE!$AA$28*BR27) -> 0 | DS27: =IF($K27<>1,IF(ISNUMBER(INDEX(Import.PLE,$K27,DS$16)),IF(INDEX(Import.PLE,$K27,DS$16)<=mediçao,BS27,0),0),PLE!$AA$28*BS27) -> 0 | DT27: =IF($K27<>1,IF(ISNUMBER(INDEX(Import.PLE,$K27,DT$16)),IF(INDEX(Import.PLE,$K27,DT$16)<=mediçao,BT27,0),0),PLE!$AA$28*BT27) -> 0 | ... FJ27: =IF($K27<>1,IF(ISNUMBER(INDEX(Import.PLE,$K27,FJ$16)),IF(INDEX(Import.PLE,$K27,FJ$16)<=mediçao,DJ27,0),0),PLE!$AA$28*DJ27) -> 0
B28: =ROW(Nível)-ROW(LIorçamento)+1 -> 10 | C28: =IF(D28="","",IF(ISNUMBER(VALUE(D28)),"Meta",IF(AND(F28<>"",I28<>""),"Serviço","Nível"))) -> #REF! | D28: =VLOOKUP(E28,#REF!,2,FALSE) -> #REF! | E28: =IFERROR(INDEX(#REF!,MATCH(0,INDEX(COUNTIF($E$17:E27,#REF!),),)),"") | F28: =IF(VLOOKUP(E28,#REF!,8,FALSE)=0,"",VLOOKUP(E28,#REF!,8,FALSE)) -> #REF! | G28: =IF(Nível="Serviço",SUMIF($N$15:$BK$15,"<>"&"",N28:BK28),"") -> #REF! | H28: =IF(AND(ISNUMBER(G28),G28<>0),I28/G28,IF(G28=0,0,"")) -> #REF! | I28: =SUMIF(#REF!,Eventograma_e_Quantitativos!E28,#REF!) -> #REF! | K28: =deactivatedados.form1 -> 3 | L28: 3-CALÇADA | N28: =SUMIFS(#REF!,#REF!,Eventograma_e_Quantitativos!N$16,#REF!,Eventograma_e_Quantitativos!$E28) -> #REF! | O28: =SUMIFS(#REF!,#REF!,Eventograma_e_Quantitativos!O$16,#REF!,Eventograma_e_Quantitativos!$E28) -> #REF! | P28: =SUMIFS(#REF!,#REF!,Eventograma_e_Quantitativos!P$16,#REF!,Eventograma_e_Quantitativos!$E28) -> #REF! | Q28: =SUMIFS(#REF!,#REF!,Eventograma_e_Quantitativos!Q$16,#REF!,Eventograma_e_Quantitativos!$E28) -> #REF! | R28: =SUMIFS(#REF!,#REF!,Eventograma_e_Quantitativos!R$16,#REF!,Eventograma_e_Quantitativos!$E28) -> #REF! | S28: =SUMIFS(#REF!,#REF!,Eventograma_e_Quantitativos!S$16,#REF!,Eventograma_e_Quantitativos!$E28) -> #REF! | T28: =SUMIFS(#REF!,#REF!,Eventograma_e_Quantitativos!T$16,#REF!,Eventograma_e_Quantitativos!$E28) -> #REF! | U28: =SUMIFS(#REF!,#REF!,Eventograma_e_Quantitativos!U$16,#REF!,Eventograma_e_Quantitativos!$E28) -> #REF! | ... BK28: =SUMIFS(#REF!,#REF!,Eventograma_e_Quantitativos!BK$16,#REF!,Eventograma_e_Quantitativos!$E28) -> #REF! | BM28: =IF(N$15="",0,IF(ISNUMBER(PreçoUnit),PreçoUnit*INDEX(Import.PLQ,$B28,BM$16),0)) -> #REF! | BN28: =IF(O$15="",0,IF(ISNUMBER(PreçoUnit),PreçoUnit*INDEX(Import.PLQ,$B28,BN$16),0)) -> #REF! | BO28: =IF(P$15="",0,IF(ISNUMBER(PreçoUnit),PreçoUnit*INDEX(Import.PLQ,$B28,BO$16),0)) -> #REF! | BP28: =IF(Q$15="",0,IF(ISNUMBER(PreçoUnit),PreçoUnit*INDEX(Import.PLQ,$B28,BP$16),0)) -> #REF! | BQ28: =IF(R$15="",0,IF(ISNUMBER(PreçoUnit),PreçoUnit*INDEX(Import.PLQ,$B28,BQ$16),0)) -> 0 | BR28: =IF(S$15="",0,IF(ISNUMBER(PreçoUnit),PreçoUnit*INDEX(Import.PLQ,$B28,BR$16),0)) -> 0 | BS28: =IF(T$15="",0,IF(ISNUMBER(PreçoUnit),PreçoUnit*INDEX(Import.PLQ,$B28,BS$16),0)) -> 0 | BT28: =IF(U$15="",0,IF(ISNUMBER(PreçoUnit),PreçoUnit*INDEX(Import.PLQ,$B28,BT$16),0)) -> 0 | ... DJ28: =IF(BK$15="",0,IF(ISNUMBER(PreçoUnit),PreçoUnit*INDEX(Import.PLQ,$B28,DJ$16),0)) -> 0 | DK28: =IF(D28="",0,IF(ISNUMBER(VALUE(D28)),VALUE(D28),LEFT(D28,FIND(".",D28)-1))) -> #REF! | DL28: =SUM(DM28:FJ28) -> 0 | DM28: =IF($K28<>1,IF(ISNUMBER(INDEX(Import.PLE,$K28,DM$16)),IF(INDEX(Import.PLE,$K28,DM$16)<=mediçao,BM28,0),0),PLE!$AA$28*BM28) -> 0 | DN28: =IF($K28<>1,IF(ISNUMBER(INDEX(Import.PLE,$K28,DN$16)),IF(INDEX(Import.PLE,$K28,DN$16)<=mediçao,BN28,0),0),PLE!$AA$28*BN28) -> 0 | DO28: =IF($K28<>1,IF(ISNUMBER(INDEX(Import.PLE,$K28,DO$16)),IF(INDEX(Import.PLE,$K28,DO$16)<=mediçao,BO28,0),0),PLE!$AA$28*BO28) -> 0 | DP28: =IF($K28<>1,IF(ISNUMBER(INDEX(Import.PLE,$K28,DP$16)),IF(INDEX(Import.PLE,$K28,DP$16)<=mediçao,BP28,0),0),PLE!$AA$28*BP28) -> 0 | DQ28: =IF($K28<>1,IF(ISNUMBER(INDEX(Import.PLE,$K28,DQ$16)),IF(INDEX(Import.PLE,$K28,DQ$16)<=mediçao,BQ28,0),0),PLE!$AA$28*BQ28) -> 0 | DR28: =IF($K28<>1,IF(ISNUMBER(INDEX(Import.PLE,$K28,DR$16)),IF(INDEX(Import.PLE,$K28,DR$16)<=mediçao,BR28,0),0),PLE!$AA$28*BR28) -> 0 | DS28: =IF($K28<>1,IF(ISNUMBER(INDEX(Import.PLE,$K28,DS$16)),IF(INDEX(Import.PLE,$K28,DS$16)<=mediçao,BS28,0),0),PLE!$AA$28*BS28) -> 0 | DT28: =IF($K28<>1,IF(ISNUMBER(INDEX(Import.PLE,$K28,DT$16)),IF(INDEX(Import.PLE,$K28,DT$16)<=mediçao,BT28,0),0),PLE!$AA$28*BT28) -> 0 | ... FJ28: =IF($K28<>1,IF(ISNUMBER(INDEX(Import.PLE,$K28,FJ$16)),IF(INDEX(Import.PLE,$K28,FJ$16)<=mediçao,DJ28,0),0),PLE!$AA$28*DJ28) -> 0
B29: =ROW(Nível)-ROW(LIorçamento)+1 -> 11 | C29: =IF(D29="","",IF(ISNUMBER(VALUE(D29)),"Meta",IF(AND(F29<>"",I29<>""),"Serviço","Nível"))) -> #REF! | D29: =VLOOKUP(E29,#REF!,2,FALSE) -> #REF! | E29: =IFERROR(INDEX(#REF!,MATCH(0,INDEX(COUNTIF($E$17:E28,#REF!),),)),"") | F29: =IF(VLOOKUP(E29,#REF!,8,FALSE)=0,"",VLOOKUP(E29,#REF!,8,FALSE)) -> #REF! | G29: =IF(Nível="Serviço",SUMIF($N$15:$BK$15,"<>"&"",N29:BK29),"") -> #REF! | H29: =IF(AND(ISNUMBER(G29),G29<>0),I29/G29,IF(G29=0,0,"")) -> #REF! | I29: =SUMIF(#REF!,Eventograma_e_Quantitativos!E29,#REF!) -> #REF! | K29: =deactivatedados.form1 -> 3 | L29: 3-CALÇADA | N29: =SUMIFS(#REF!,#REF!,Eventograma_e_Quantitativos!N$16,#REF!,Eventograma_e_Quantitativos!$E29) -> #REF! | O29: =SUMIFS(#REF!,#REF!,Eventograma_e_Quantitativos!O$16,#REF!,Eventograma_e_Quantitativos!$E29) -> #REF! | P29: =SUMIFS(#REF!,#REF!,Eventograma_e_Quantitativos!P$16,#REF!,Eventograma_e_Quantitativos!$E29) -> #REF! | Q29: =SUMIFS(#REF!,#REF!,Eventograma_e_Quantitativos!Q$16,#REF!,Eventograma_e_Quantitativos!$E29) -> #REF! | R29: =SUMIFS(#REF!,#REF!,Eventograma_e_Quantitativos!R$16,#REF!,Eventograma_e_Quantitativos!$E29) -> #REF! | S29: =SUMIFS(#REF!,#REF!,Eventograma_e_Quantitativos!S$16,#REF!,Eventograma_e_Quantitativos!$E29) -> #REF! | T29: =SUMIFS(#REF!,#REF!,Eventograma_e_Quantitativos!T$16,#REF!,Eventograma_e_Quantitativos!$E29) -> #REF! | U29: =SUMIFS(#REF!,#REF!,Eventograma_e_Quantitativos!U$16,#REF!,Eventograma_e_Quantitativos!$E29) -> #REF! | ... BK29: =SUMIFS(#REF!,#REF!,Eventograma_e_Quantitativos!BK$16,#REF!,Eventograma_e_Quantitativos!$E29) -> #REF! | BM29: =IF(N$15="",0,IF(ISNUMBER(PreçoUnit),PreçoUnit*INDEX(Import.PLQ,$B29,BM$16),0)) -> #REF! | BN29: =IF(O$15="",0,IF(ISNUMBER(PreçoUnit),PreçoUnit*INDEX(Import.PLQ,$B29,BN$16),0)) -> #REF! | BO29: =IF(P$15="",0,IF(ISNUMBER(PreçoUnit),PreçoUnit*INDEX(Import.PLQ,$B29,BO$16),0)) -> #REF! | BP29: =IF(Q$15="",0,IF(ISNUMBER(PreçoUnit),PreçoUnit*INDEX(Import.PLQ,$B29,BP$16),0)) -> #REF! | BQ29: =IF(R$15="",0,IF(ISNUMBER(PreçoUnit),PreçoUnit*INDEX(Import.PLQ,$B29,BQ$16),0)) -> 0 | BR29: =IF(S$15="",0,IF(ISNUMBER(PreçoUnit),PreçoUnit*INDEX(Import.PLQ,$B29,BR$16),0)) -> 0 | BS29: =IF(T$15="",0,IF(ISNUMBER(PreçoUnit),PreçoUnit*INDEX(Import.PLQ,$B29,BS$16),0)) -> 0 | BT29: =IF(U$15="",0,IF(ISNUMBER(PreçoUnit),PreçoUnit*INDEX(Import.PLQ,$B29,BT$16),0)) -> 0 | ... DJ29: =IF(BK$15="",0,IF(ISNUMBER(PreçoUnit),PreçoUnit*INDEX(Import.PLQ,$B29,DJ$16),0)) -> 0 | DK29: =IF(D29="",0,IF(ISNUMBER(VALUE(D29)),VALUE(D29),LEFT(D29,FIND(".",D29)-1))) -> #REF! | DL29: =SUM(DM29:FJ29) -> 0 | DM29: =IF($K29<>1,IF(ISNUMBER(INDEX(Import.PLE,$K29,DM$16)),IF(INDEX(Import.PLE,$K29,DM$16)<=mediçao,BM29,0),0),PLE!$AA$28*BM29) -> 0 | DN29: =IF($K29<>1,IF(ISNUMBER(INDEX(Import.PLE,$K29,DN$16)),IF(INDEX(Import.PLE,$K29,DN$16)<=mediçao,BN29,0),0),PLE!$AA$28*BN29) -> 0 | DO29: =IF($K29<>1,IF(ISNUMBER(INDEX(Import.PLE,$K29,DO$16)),IF(INDEX(Import.PLE,$K29,DO$16)<=mediçao,BO29,0),0),PLE!$AA$28*BO29) -> 0 | DP29: =IF($K29<>1,IF(ISNUMBER(INDEX(Import.PLE,$K29,DP$16)),IF(INDEX(Import.PLE,$K29,DP$16)<=mediçao,BP29,0),0),PLE!$AA$28*BP29) -> 0 | DQ29: =IF($K29<>1,IF(ISNUMBER(INDEX(Import.PLE,$K29,DQ$16)),IF(INDEX(Import.PLE,$K29,DQ$16)<=mediçao,BQ29,0),0),PLE!$AA$28*BQ29) -> 0 | DR29: =IF($K29<>1,IF(ISNUMBER(INDEX(Import.PLE,$K29,DR$16)),IF(INDEX(Import.PLE,$K29,DR$16)<=mediçao,BR29,0),0),PLE!$AA$28*BR29) -> 0 | DS29: =IF($K29<>1,IF(ISNUMBER(INDEX(Import.PLE,$K29,DS$16)),IF(INDEX(Import.PLE,$K29,DS$16)<=mediçao,BS29,0),0),PLE!$AA$28*BS29) -> 0 | DT29: =IF($K29<>1,IF(ISNUMBER(INDEX(Import.PLE,$K29,DT$16)),IF(INDEX(Import.PLE,$K29,DT$16)<=mediçao,BT29,0),0),PLE!$AA$28*BT29) -> 0 | ... FJ29: =IF($K29<>1,IF(ISNUMBER(INDEX(Import.PLE,$K29,FJ$16)),IF(INDEX(Import.PLE,$K29,FJ$16)<=mediçao,DJ29,0),0),PLE!$AA$28*DJ29) -> 0
B30: =ROW(Nível)-ROW(LIorçamento)+1 -> 12 | C30: =IF(D30="","",IF(ISNUMBER(VALUE(D30)),"Meta",IF(AND(F30<>"",I30<>""),"Serviço","Nível"))) -> #REF! | D30: =VLOOKUP(E30,#REF!,2,FALSE) -> #REF! | E30: =IFERROR(INDEX(#REF!,MATCH(0,INDEX(COUNTIF($E$17:E29,#REF!),),)),"") | F30: =IF(VLOOKUP(E30,#REF!,8,FALSE)=0,"",VLOOKUP(E30,#REF!,8,FALSE)) -> #REF! | G30: =IF(Nível="Serviço",SUMIF($N$15:$BK$15,"<>"&"",N30:BK30),"") -> #REF! | H30: =IF(AND(ISNUMBER(G30),G30<>0),I30/G30,IF(G30=0,0,"")) -> #REF! | I30: =SUMIF(#REF!,Eventograma_e_Quantitativos!E30,#REF!) -> #REF! | K30: =deactivatedados.form1 -> 3 | L30: 3-CALÇADA | N30: =SUMIFS(#REF!,#REF!,Eventograma_e_Quantitativos!N$16,#REF!,Eventograma_e_Quantitativos!$E30) -> #REF! | O30: =SUMIFS(#REF!,#REF!,Eventograma_e_Quantitativos!O$16,#REF!,Eventograma_e_Quantitativos!$E30) -> #REF! | P30: =SUMIFS(#REF!,#REF!,Eventograma_e_Quantitativos!P$16,#REF!,Eventograma_e_Quantitativos!$E30) -> #REF! | Q30: =SUMIFS(#REF!,#REF!,Eventograma_e_Quantitativos!Q$16,#REF!,Eventograma_e_Quantitativos!$E30) -> #REF! | R30: =SUMIFS(#REF!,#REF!,Eventograma_e_Quantitativos!R$16,#REF!,Eventograma_e_Quantitativos!$E30) -> #REF! | S30: =SUMIFS(#REF!,#REF!,Eventograma_e_Quantitativos!S$16,#REF!,Eventograma_e_Quantitativos!$E30) -> #REF! | T30: =SUMIFS(#REF!,#REF!,Eventograma_e_Quantitativos!T$16,#REF!,Eventograma_e_Quantitativos!$E30) -> #REF! | U30: =SUMIFS(#REF!,#REF!,Eventograma_e_Quantitativos!U$16,#REF!,Eventograma_e_Quantitativos!$E30) -> #REF! | ... BK30: =SUMIFS(#REF!,#REF!,Eventograma_e_Quantitativos!BK$16,#REF!,Eventograma_e_Quantitativos!$E30) -> #REF! | BM30: =IF(N$15="",0,IF(ISNUMBER(PreçoUnit),PreçoUnit*INDEX(Import.PLQ,$B30,BM$16),0)) -> #REF! | BN30: =IF(O$15="",0,IF(ISNUMBER(PreçoUnit),PreçoUnit*INDEX(Import.PLQ,$B30,BN$16),0)) -> #REF! | BO30: =IF(P$15="",0,IF(ISNUMBER(PreçoUnit),PreçoUnit*INDEX(Import.PLQ,$B30,BO$16),0)) -> #REF! | BP30: =IF(Q$15="",0,IF(ISNUMBER(PreçoUnit),PreçoUnit*INDEX(Import.PLQ,$B30,BP$16),0)) -> #REF! | BQ30: =IF(R$15="",0,IF(ISNUMBER(PreçoUnit),PreçoUnit*INDEX(Import.PLQ,$B30,BQ$16),0)) -> 0 | BR30: =IF(S$15="",0,IF(ISNUMBER(PreçoUnit),PreçoUnit*INDEX(Import.PLQ,$B30,BR$16),0)) -> 0 | BS30: =IF(T$15="",0,IF(ISNUMBER(PreçoUnit),PreçoUnit*INDEX(Import.PLQ,$B30,BS$16),0)) -> 0 | BT30: =IF(U$15="",0,IF(ISNUMBER(PreçoUnit),PreçoUnit*INDEX(Import.PLQ,$B30,BT$16),0)) -> 0 | ... DJ30: =IF(BK$15="",0,IF(ISNUMBER(PreçoUnit),PreçoUnit*INDEX(Import.PLQ,$B30,DJ$16),0)) -> 0 | DK30: =IF(D30="",0,IF(ISNUMBER(VALUE(D30)),VALUE(D30),LEFT(D30,FIND(".",D30)-1))) -> #REF! | DL30: =SUM(DM30:FJ30) -> 0 | DM30: =IF($K30<>1,IF(ISNUMBER(INDEX(Import.PLE,$K30,DM$16)),IF(INDEX(Import.PLE,$K30,DM$16)<=mediçao,BM30,0),0),PLE!$AA$28*BM30) -> 0 | DN30: =IF($K30<>1,IF(ISNUMBER(INDEX(Import.PLE,$K30,DN$16)),IF(INDEX(Import.PLE,$K30,DN$16)<=mediçao,BN30,0),0),PLE!$AA$28*BN30) -> 0 | DO30: =IF($K30<>1,IF(ISNUMBER(INDEX(Import.PLE,$K30,DO$16)),IF(INDEX(Import.PLE,$K30,DO$16)<=mediçao,BO30,0),0),PLE!$AA$28*BO30) -> 0 | DP30: =IF($K30<>1,IF(ISNUMBER(INDEX(Import.PLE,$K30,DP$16)),IF(INDEX(Import.PLE,$K30,DP$16)<=mediçao,BP30,0),0),PLE!$AA$28*BP30) -> 0 | DQ30: =IF($K30<>1,IF(ISNUMBER(INDEX(Import.PLE,$K30,DQ$16)),IF(INDEX(Import.PLE,$K30,DQ$16)<=mediçao,BQ30,0),0),PLE!$AA$28*BQ30) -> 0 | DR30: =IF($K30<>1,IF(ISNUMBER(INDEX(Import.PLE,$K30,DR$16)),IF(INDEX(Import.PLE,$K30,DR$16)<=mediçao,BR30,0),0),PLE!$AA$28*BR30) -> 0 | DS30: =IF($K30<>1,IF(ISNUMBER(INDEX(Import.PLE,$K30,DS$16)),IF(INDEX(Import.PLE,$K30,DS$16)<=mediçao,BS30,0),0),PLE!$AA$28*BS30) -> 0 | DT30: =IF($K30<>1,IF(ISNUMBER(INDEX(Import.PLE,$K30,DT$16)),IF(INDEX(Import.PLE,$K30,DT$16)<=mediçao,BT30,0),0),PLE!$AA$28*BT30) -> 0 | ... FJ30: =IF($K30<>1,IF(ISNUMBER(INDEX(Import.PLE,$K30,FJ$16)),IF(INDEX(Import.PLE,$K30,FJ$16)<=mediçao,DJ30,0),0),PLE!$AA$28*DJ30) -> 0
B31: =ROW(Nível)-ROW(LIorçamento)+1 -> 13 | C31: =IF(D31="","",IF(ISNUMBER(VALUE(D31)),"Meta",IF(AND(F31<>"",I31<>""),"Serviço","Nível"))) -> #REF! | D31: =VLOOKUP(E31,#REF!,2,FALSE) -> #REF! | E31: =IFERROR(INDEX(#REF!,MATCH(0,INDEX(COUNTIF($E$17:E30,#REF!),),)),"") | F31: =IF(VLOOKUP(E31,#REF!,8,FALSE)=0,"",VLOOKUP(E31,#REF!,8,FALSE)) -> #REF! | G31: =IF(Nível="Serviço",SUMIF($N$15:$BK$15,"<>"&"",N31:BK31),"") -> #REF! | H31: =IF(AND(ISNUMBER(G31),G31<>0),I31/G31,IF(G31=0,0,"")) -> #REF! | I31: =SUMIF(#REF!,Eventograma_e_Quantitativos!E31,#REF!) -> #REF! | K31: =deactivatedados.form1 -> 3 | L31: 3-CALÇADA | N31: =SUMIFS(#REF!,#REF!,Eventograma_e_Quantitativos!N$16,#REF!,Eventograma_e_Quantitativos!$E31) -> #REF! | O31: =SUMIFS(#REF!,#REF!,Eventograma_e_Quantitativos!O$16,#REF!,Eventograma_e_Quantitativos!$E31) -> #REF! | P31: =SUMIFS(#REF!,#REF!,Eventograma_e_Quantitativos!P$16,#REF!,Eventograma_e_Quantitativos!$E31) -> #REF! | Q31: =SUMIFS(#REF!,#REF!,Eventograma_e_Quantitativos!Q$16,#REF!,Eventograma_e_Quantitativos!$E31) -> #REF! | R31: =SUMIFS(#REF!,#REF!,Eventograma_e_Quantitativos!R$16,#REF!,Eventograma_e_Quantitativos!$E31) -> #REF! | S31: =SUMIFS(#REF!,#REF!,Eventograma_e_Quantitativos!S$16,#REF!,Eventograma_e_Quantitativos!$E31) -> #REF! | T31: =SUMIFS(#REF!,#REF!,Eventograma_e_Quantitativos!T$16,#REF!,Eventograma_e_Quantitativos!$E31) -> #REF! | U31: =SUMIFS(#REF!,#REF!,Eventograma_e_Quantitativos!U$16,#REF!,Eventograma_e_Quantitativos!$E31) -> #REF! | ... BK31: =SUMIFS(#REF!,#REF!,Eventograma_e_Quantitativos!BK$16,#REF!,Eventograma_e_Quantitativos!$E31) -> #REF! | BM31: =IF(N$15="",0,IF(ISNUMBER(PreçoUnit),PreçoUnit*INDEX(Import.PLQ,$B31,BM$16),0)) -> #REF! | BN31: =IF(O$15="",0,IF(ISNUMBER(PreçoUnit),PreçoUnit*INDEX(Import.PLQ,$B31,BN$16),0)) -> #REF! | BO31: =IF(P$15="",0,IF(ISNUMBER(PreçoUnit),PreçoUnit*INDEX(Import.PLQ,$B31,BO$16),0)) -> #REF! | BP31: =IF(Q$15="",0,IF(ISNUMBER(PreçoUnit),PreçoUnit*INDEX(Import.PLQ,$B31,BP$16),0)) -> #REF! | BQ31: =IF(R$15="",0,IF(ISNUMBER(PreçoUnit),PreçoUnit*INDEX(Import.PLQ,$B31,BQ$16),0)) -> 0 | BR31: =IF(S$15="",0,IF(ISNUMBER(PreçoUnit),PreçoUnit*INDEX(Import.PLQ,$B31,BR$16),0)) -> 0 | BS31: =IF(T$15="",0,IF(ISNUMBER(PreçoUnit),PreçoUnit*INDEX(Import.PLQ,$B31,BS$16),0)) -> 0 | BT31: =IF(U$15="",0,IF(ISNUMBER(PreçoUnit),PreçoUnit*INDEX(Import.PLQ,$B31,BT$16),0)) -> 0 | ... DJ31: =IF(BK$15="",0,IF(ISNUMBER(PreçoUnit),PreçoUnit*INDEX(Import.PLQ,$B31,DJ$16),0)) -> 0 | DK31: =IF(D31="",0,IF(ISNUMBER(VALUE(D31)),VALUE(D31),LEFT(D31,FIND(".",D31)-1))) -> #REF! | DL31: =SUM(DM31:FJ31) -> 0 | DM31: =IF($K31<>1,IF(ISNUMBER(INDEX(Import.PLE,$K31,DM$16)),IF(INDEX(Import.PLE,$K31,DM$16)<=mediçao,BM31,0),0),PLE!$AA$28*BM31) -> 0 | DN31: =IF($K31<>1,IF(ISNUMBER(INDEX(Import.PLE,$K31,DN$16)),IF(INDEX(Import.PLE,$K31,DN$16)<=mediçao,BN31,0),0),PLE!$AA$28*BN31) -> 0 | DO31: =IF($K31<>1,IF(ISNUMBER(INDEX(Import.PLE,$K31,DO$16)),IF(INDEX(Import.PLE,$K31,DO$16)<=mediçao,BO31,0),0),PLE!$AA$28*BO31) -> 0 | DP31: =IF($K31<>1,IF(ISNUMBER(INDEX(Import.PLE,$K31,DP$16)),IF(INDEX(Import.PLE,$K31,DP$16)<=mediçao,BP31,0),0),PLE!$AA$28*BP31) -> 0 | DQ31: =IF($K31<>1,IF(ISNUMBER(INDEX(Import.PLE,$K31,DQ$16)),IF(INDEX(Import.PLE,$K31,DQ$16)<=mediçao,BQ31,0),0),PLE!$AA$28*BQ31) -> 0 | DR31: =IF($K31<>1,IF(ISNUMBER(INDEX(Import.PLE,$K31,DR$16)),IF(INDEX(Import.PLE,$K31,DR$16)<=mediçao,BR31,0),0),PLE!$AA$28*BR31) -> 0 | DS31: =IF($K31<>1,IF(ISNUMBER(INDEX(Import.PLE,$K31,DS$16)),IF(INDEX(Import.PLE,$K31,DS$16)<=mediçao,BS31,0),0),PLE!$AA$28*BS31) -> 0 | DT31: =IF($K31<>1,IF(ISNUMBER(INDEX(Import.PLE,$K31,DT$16)),IF(INDEX(Import.PLE,$K31,DT$16)<=mediçao,BT31,0),0),PLE!$AA$28*BT31) -> 0 | ... FJ31: =IF($K31<>1,IF(ISNUMBER(INDEX(Import.PLE,$K31,FJ$16)),IF(INDEX(Import.PLE,$K31,FJ$16)<=mediçao,DJ31,0),0),PLE!$AA$28*DJ31) -> 0
B32: =ROW(Nível)-ROW(LIorçamento)+1 -> 14 | C32: =IF(D32="","",IF(ISNUMBER(VALUE(D32)),"Meta",IF(AND(F32<>"",I32<>""),"Serviço","Nível"))) -> #REF! | D32: =VLOOKUP(E32,#REF!,2,FALSE) -> #REF! | E32: =IFERROR(INDEX(#REF!,MATCH(0,INDEX(COUNTIF($E$17:E31,#REF!),),)),"") | F32: =IF(VLOOKUP(E32,#REF!,8,FALSE)=0,"",VLOOKUP(E32,#REF!,8,FALSE)) -> #REF! | G32: =IF(Nível="Serviço",SUMIF($N$15:$BK$15,"<>"&"",N32:BK32),"") -> #REF! | H32: =IF(AND(ISNUMBER(G32),G32<>0),I32/G32,IF(G32=0,0,"")) -> #REF! | I32: =SUMIF(#REF!,Eventograma_e_Quantitativos!E32,#REF!) -> #REF! | K32: =deactivatedados.form1 | N32: =SUMIFS(#REF!,#REF!,Eventograma_e_Quantitativos!N$16,#REF!,Eventograma_e_Quantitativos!$E32) -> #REF! | O32: =SUMIFS(#REF!,#REF!,Eventograma_e_Quantitativos!O$16,#REF!,Eventograma_e_Quantitativos!$E32) -> #REF! | P32: =SUMIFS(#REF!,#REF!,Eventograma_e_Quantitativos!P$16,#REF!,Eventograma_e_Quantitativos!$E32) -> #REF! | Q32: =SUMIFS(#REF!,#REF!,Eventograma_e_Quantitativos!Q$16,#REF!,Eventograma_e_Quantitativos!$E32) -> #REF! | R32: =SUMIFS(#REF!,#REF!,Eventograma_e_Quantitativos!R$16,#REF!,Eventograma_e_Quantitativos!$E32) -> #REF! | S32: =SUMIFS(#REF!,#REF!,Eventograma_e_Quantitativos!S$16,#REF!,Eventograma_e_Quantitativos!$E32) -> #REF! | T32: =SUMIFS(#REF!,#REF!,Eventograma_e_Quantitativos!T$16,#REF!,Eventograma_e_Quantitativos!$E32) -> #REF! | U32: =SUMIFS(#REF!,#REF!,Eventograma_e_Quantitativos!U$16,#REF!,Eventograma_e_Quantitativos!$E32) -> #REF! | ... BK32: =SUMIFS(#REF!,#REF!,Eventograma_e_Quantitativos!BK$16,#REF!,Eventograma_e_Quantitativos!$E32) -> #REF! | BM32: =IF(N$15="",0,IF(ISNUMBER(PreçoUnit),PreçoUnit*INDEX(Import.PLQ,$B32,BM$16),0)) -> #REF! | BN32: =IF(O$15="",0,IF(ISNUMBER(PreçoUnit),PreçoUnit*INDEX(Import.PLQ,$B32,BN$16),0)) -> #REF! | BO32: =IF(P$15="",0,IF(ISNUMBER(PreçoUnit),PreçoUnit*INDEX(Import.PLQ,$B32,BO$16),0)) -> #REF! | BP32: =IF(Q$15="",0,IF(ISNUMBER(PreçoUnit),PreçoUnit*INDEX(Import.PLQ,$B32,BP$16),0)) -> #REF! | BQ32: =IF(R$15="",0,IF(ISNUMBER(PreçoUnit),PreçoUnit*INDEX(Import.PLQ,$B32,BQ$16),0)) -> 0 | BR32: =IF(S$15="",0,IF(ISNUMBER(PreçoUnit),PreçoUnit*INDEX(Import.PLQ,$B32,BR$16),0)) -> 0 | BS32: =IF(T$15="",0,IF(ISNUMBER(PreçoUnit),PreçoUnit*INDEX(Import.PLQ,$B32,BS$16),0)) -> 0 | BT32: =IF(U$15="",0,IF(ISNUMBER(PreçoUnit),PreçoUnit*INDEX(Import.PLQ,$B32,BT$16),0)) -> 0 | ... DJ32: =IF(BK$15="",0,IF(ISNUMBER(PreçoUnit),PreçoUnit*INDEX(Import.PLQ,$B32,DJ$16),0)) -> 0 | DK32: =IF(D32="",0,IF(ISNUMBER(VALUE(D32)),VALUE(D32),LEFT(D32,FIND(".",D32)-1))) -> #REF! | DL32: =SUM(DM32:FJ32) -> 0 | DM32: =IF($K32<>1,IF(ISNUMBER(INDEX(Import.PLE,$K32,DM$16)),IF(INDEX(Import.PLE,$K32,DM$16)<=mediçao,BM32,0),0),PLE!$AA$28*BM32) -> 0 | DN32: =IF($K32<>1,IF(ISNUMBER(INDEX(Import.PLE,$K32,DN$16)),IF(INDEX(Import.PLE,$K32,DN$16)<=mediçao,BN32,0),0),PLE!$AA$28*BN32) -> 0 | DO32: =IF($K32<>1,IF(ISNUMBER(INDEX(Import.PLE,$K32,DO$16)),IF(INDEX(Import.PLE,$K32,DO$16)<=mediçao,BO32,0),0),PLE!$AA$28*BO32) -> 0 | DP32: =IF($K32<>1,IF(ISNUMBER(INDEX(Import.PLE,$K32,DP$16)),IF(INDEX(Import.PLE,$K32,DP$16)<=mediçao,BP32,0),0),PLE!$AA$28*BP32) -> 0 | DQ32: =IF($K32<>1,IF(ISNUMBER(INDEX(Import.PLE,$K32,DQ$16)),IF(INDEX(Import.PLE,$K32,DQ$16)<=mediçao,BQ32,0),0),PLE!$AA$28*BQ32) -> 0 | DR32: =IF($K32<>1,IF(ISNUMBER(INDEX(Import.PLE,$K32,DR$16)),IF(INDEX(Import.PLE,$K32,DR$16)<=mediçao,BR32,0),0),PLE!$AA$28*BR32) -> 0 | DS32: =IF($K32<>1,IF(ISNUMBER(INDEX(Import.PLE,$K32,DS$16)),IF(INDEX(Import.PLE,$K32,DS$16)<=mediçao,BS32,0),0),PLE!$AA$28*BS32) -> 0 | DT32: =IF($K32<>1,IF(ISNUMBER(INDEX(Import.PLE,$K32,DT$16)),IF(INDEX(Import.PLE,$K32,DT$16)<=mediçao,BT32,0),0),PLE!$AA$28*BT32) -> 0 | ... FJ32: =IF($K32<>1,IF(ISNUMBER(INDEX(Import.PLE,$K32,FJ$16)),IF(INDEX(Import.PLE,$K32,FJ$16)<=mediçao,DJ32,0),0),PLE!$AA$28*DJ32) -> 0
B33: =ROW(Nível)-ROW(LIorçamento)+1 -> 15 | C33: =IF(D33="","",IF(ISNUMBER(VALUE(D33)),"Meta",IF(AND(F33<>"",I33<>""),"Serviço","Nível"))) -> #REF! | D33: =VLOOKUP(E33,#REF!,2,FALSE) -> #REF! | E33: =IFERROR(INDEX(#REF!,MATCH(0,INDEX(COUNTIF($E$17:E32,#REF!),),)),"") | F33: =IF(VLOOKUP(E33,#REF!,8,FALSE)=0,"",VLOOKUP(E33,#REF!,8,FALSE)) -> #REF! | G33: =IF(Nível="Serviço",SUMIF($N$15:$BK$15,"<>"&"",N33:BK33),"") -> #REF! | H33: =IF(AND(ISNUMBER(G33),G33<>0),I33/G33,IF(G33=0,0,"")) -> #REF! | I33: =SUMIF(#REF!,Eventograma_e_Quantitativos!E33,#REF!) -> #REF! | K33: =deactivatedados.form1 -> 2 | L33: 2-PAVIMENTAÇÃO | N33: =SUMIFS(#REF!,#REF!,Eventograma_e_Quantitativos!N$16,#REF!,Eventograma_e_Quantitativos!$E33) -> #REF! | O33: =SUMIFS(#REF!,#REF!,Eventograma_e_Quantitativos!O$16,#REF!,Eventograma_e_Quantitativos!$E33) -> #REF! | P33: =SUMIFS(#REF!,#REF!,Eventograma_e_Quantitativos!P$16,#REF!,Eventograma_e_Quantitativos!$E33) -> #REF! | Q33: =SUMIFS(#REF!,#REF!,Eventograma_e_Quantitativos!Q$16,#REF!,Eventograma_e_Quantitativos!$E33) -> #REF! | R33: =SUMIFS(#REF!,#REF!,Eventograma_e_Quantitativos!R$16,#REF!,Eventograma_e_Quantitativos!$E33) -> #REF! | S33: =SUMIFS(#REF!,#REF!,Eventograma_e_Quantitativos!S$16,#REF!,Eventograma_e_Quantitativos!$E33) -> #REF! | T33: =SUMIFS(#REF!,#REF!,Eventograma_e_Quantitativos!T$16,#REF!,Eventograma_e_Quantitativos!$E33) -> #REF! | U33: =SUMIFS(#REF!,#REF!,Eventograma_e_Quantitativos!U$16,#REF!,Eventograma_e_Quantitativos!$E33) -> #REF! | ... BK33: =SUMIFS(#REF!,#REF!,Eventograma_e_Quantitativos!BK$16,#REF!,Eventograma_e_Quantitativos!$E33) -> #REF! | BM33: =IF(N$15="",0,IF(ISNUMBER(PreçoUnit),PreçoUnit*INDEX(Import.PLQ,$B33,BM$16),0)) -> #REF! | BN33: =IF(O$15="",0,IF(ISNUMBER(PreçoUnit),PreçoUnit*INDEX(Import.PLQ,$B33,BN$16),0)) -> #REF! | BO33: =IF(P$15="",0,IF(ISNUMBER(PreçoUnit),PreçoUnit*INDEX(Import.PLQ,$B33,BO$16),0)) -> #REF! | BP33: =IF(Q$15="",0,IF(ISNUMBER(PreçoUnit),PreçoUnit*INDEX(Import.PLQ,$B33,BP$16),0)) -> #REF! | BQ33: =IF(R$15="",0,IF(ISNUMBER(PreçoUnit),PreçoUnit*INDEX(Import.PLQ,$B33,BQ$16),0)) -> 0 | BR33: =IF(S$15="",0,IF(ISNUMBER(PreçoUnit),PreçoUnit*INDEX(Import.PLQ,$B33,BR$16),0)) -> 0 | BS33: =IF(T$15="",0,IF(ISNUMBER(PreçoUnit),PreçoUnit*INDEX(Import.PLQ,$B33,BS$16),0)) -> 0 | BT33: =IF(U$15="",0,IF(ISNUMBER(PreçoUnit),PreçoUnit*INDEX(Import.PLQ,$B33,BT$16),0)) -> 0 | ... DJ33: =IF(BK$15="",0,IF(ISNUMBER(PreçoUnit),PreçoUnit*INDEX(Import.PLQ,$B33,DJ$16),0)) -> 0 | DK33: =IF(D33="",0,IF(ISNUMBER(VALUE(D33)),VALUE(D33),LEFT(D33,FIND(".",D33)-1))) -> #REF! | DL33: =SUM(DM33:FJ33) -> 0 | DM33: =IF($K33<>1,IF(ISNUMBER(INDEX(Import.PLE,$K33,DM$16)),IF(INDEX(Import.PLE,$K33,DM$16)<=mediçao,BM33,0),0),PLE!$AA$28*BM33) -> 0 | DN33: =IF($K33<>1,IF(ISNUMBER(INDEX(Import.PLE,$K33,DN$16)),IF(INDEX(Import.PLE,$K33,DN$16)<=mediçao,BN33,0),0),PLE!$AA$28*BN33) -> 0 | DO33: =IF($K33<>1,IF(ISNUMBER(INDEX(Import.PLE,$K33,DO$16)),IF(INDEX(Import.PLE,$K33,DO$16)<=mediçao,BO33,0),0),PLE!$AA$28*BO33) -> 0 | DP33: =IF($K33<>1,IF(ISNUMBER(INDEX(Import.PLE,$K33,DP$16)),IF(INDEX(Import.PLE,$K33,DP$16)<=mediçao,BP33,0),0),PLE!$AA$28*BP33) -> 0 | DQ33: =IF($K33<>1,IF(ISNUMBER(INDEX(Import.PLE,$K33,DQ$16)),IF(INDEX(Import.PLE,$K33,DQ$16)<=mediçao,BQ33,0),0),PLE!$AA$28*BQ33) -> 0 | DR33: =IF($K33<>1,IF(ISNUMBER(INDEX(Import.PLE,$K33,DR$16)),IF(INDEX(Import.PLE,$K33,DR$16)<=mediçao,BR33,0),0),PLE!$AA$28*BR33) -> 0 | DS33: =IF($K33<>1,IF(ISNUMBER(INDEX(Import.PLE,$K33,DS$16)),IF(INDEX(Import.PLE,$K33,DS$16)<=mediçao,BS33,0),0),PLE!$AA$28*BS33) -> 0 | DT33: =IF($K33<>1,IF(ISNUMBER(INDEX(Import.PLE,$K33,DT$16)),IF(INDEX(Import.PLE,$K33,DT$16)<=mediçao,BT33,0),0),PLE!$AA$28*BT33) -> 0 | ... FJ33: =IF($K33<>1,IF(ISNUMBER(INDEX(Import.PLE,$K33,FJ$16)),IF(INDEX(Import.PLE,$K33,FJ$16)<=mediçao,DJ33,0),0),PLE!$AA$28*DJ33) -> 0
B34: =ROW(Nível)-ROW(LIorçamento)+1 -> 16 | C34: =IF(D34="","",IF(ISNUMBER(VALUE(D34)),"Meta",IF(AND(F34<>"",I34<>""),"Serviço","Nível"))) -> #REF! | D34: =VLOOKUP(E34,#REF!,2,FALSE) -> #REF! | E34: =IFERROR(INDEX(#REF!,MATCH(0,INDEX(COUNTIF($E$17:E33,#REF!),),)),"") | F34: =IF(VLOOKUP(E34,#REF!,8,FALSE)=0,"",VLOOKUP(E34,#REF!,8,FALSE)) -> #REF! | G34: =IF(Nível="Serviço",SUMIF($N$15:$BK$15,"<>"&"",N34:BK34),"") -> #REF! | H34: =IF(AND(ISNUMBER(G34),G34<>0),I34/G34,IF(G34=0,0,"")) -> #REF! | I34: =SUMIF(#REF!,Eventograma_e_Quantitativos!E34,#REF!) -> #REF! | K34: =deactivatedados.form1 -> 3 | L34: 3-CALÇADA | N34: =SUMIFS(#REF!,#REF!,Eventograma_e_Quantitativos!N$16,#REF!,Eventograma_e_Quantitativos!$E34) -> #REF! | O34: =SUMIFS(#REF!,#REF!,Eventograma_e_Quantitativos!O$16,#REF!,Eventograma_e_Quantitativos!$E34) -> #REF! | P34: =SUMIFS(#REF!,#REF!,Eventograma_e_Quantitativos!P$16,#REF!,Eventograma_e_Quantitativos!$E34) -> #REF! | Q34: =SUMIFS(#REF!,#REF!,Eventograma_e_Quantitativos!Q$16,#REF!,Eventograma_e_Quantitativos!$E34) -> #REF! | R34: =SUMIFS(#REF!,#REF!,Eventograma_e_Quantitativos!R$16,#REF!,Eventograma_e_Quantitativos!$E34) -> #REF! | S34: =SUMIFS(#REF!,#REF!,Eventograma_e_Quantitativos!S$16,#REF!,Eventograma_e_Quantitativos!$E34) -> #REF! | T34: =SUMIFS(#REF!,#REF!,Eventograma_e_Quantitativos!T$16,#REF!,Eventograma_e_Quantitativos!$E34) -> #REF! | U34: =SUMIFS(#REF!,#REF!,Eventograma_e_Quantitativos!U$16,#REF!,Eventograma_e_Quantitativos!$E34) -> #REF! | ... BK34: =SUMIFS(#REF!,#REF!,Eventograma_e_Quantitativos!BK$16,#REF!,Eventograma_e_Quantitativos!$E34) -> #REF! | BM34: =IF(N$15="",0,IF(ISNUMBER(PreçoUnit),PreçoUnit*INDEX(Import.PLQ,$B34,BM$16),0)) -> #REF! | BN34: =IF(O$15="",0,IF(ISNUMBER(PreçoUnit),PreçoUnit*INDEX(Import.PLQ,$B34,BN$16),0)) -> #REF! | BO34: =IF(P$15="",0,IF(ISNUMBER(PreçoUnit),PreçoUnit*INDEX(Import.PLQ,$B34,BO$16),0)) -> #REF! | BP34: =IF(Q$15="",0,IF(ISNUMBER(PreçoUnit),PreçoUnit*INDEX(Import.PLQ,$B34,BP$16),0)) -> #REF! | BQ34: =IF(R$15="",0,IF(ISNUMBER(PreçoUnit),PreçoUnit*INDEX(Import.PLQ,$B34,BQ$16),0)) -> 0 | BR34: =IF(S$15="",0,IF(ISNUMBER(PreçoUnit),PreçoUnit*INDEX(Import.PLQ,$B34,BR$16),0)) -> 0 | BS34: =IF(T$15="",0,IF(ISNUMBER(PreçoUnit),PreçoUnit*INDEX(Import.PLQ,$B34,BS$16),0)) -> 0 | BT34: =IF(U$15="",0,IF(ISNUMBER(PreçoUnit),PreçoUnit*INDEX(Import.PLQ,$B34,BT$16),0)) -> 0 | ... DJ34: =IF(BK$15="",0,IF(ISNUMBER(PreçoUnit),PreçoUnit*INDEX(Import.PLQ,$B34,DJ$16),0)) -> 0 | DK34: =IF(D34="",0,IF(ISNUMBER(VALUE(D34)),VALUE(D34),LEFT(D34,FIND(".",D34)-1))) -> #REF! | DL34: =SUM(DM34:FJ34) -> 0 | DM34: =IF($K34<>1,IF(ISNUMBER(INDEX(Import.PLE,$K34,DM$16)),IF(INDEX(Import.PLE,$K34,DM$16)<=mediçao,BM34,0),0),PLE!$AA$28*BM34) -> 0 | DN34: =IF($K34<>1,IF(ISNUMBER(INDEX(Import.PLE,$K34,DN$16)),IF(INDEX(Import.PLE,$K34,DN$16)<=mediçao,BN34,0),0),PLE!$AA$28*BN34) -> 0 | DO34: =IF($K34<>1,IF(ISNUMBER(INDEX(Import.PLE,$K34,DO$16)),IF(INDEX(Import.PLE,$K34,DO$16)<=mediçao,BO34,0),0),PLE!$AA$28*BO34) -> 0 | DP34: =IF($K34<>1,IF(ISNUMBER(INDEX(Import.PLE,$K34,DP$16)),IF(INDEX(Import.PLE,$K34,DP$16)<=mediçao,BP34,0),0),PLE!$AA$28*BP34) -> 0 | DQ34: =IF($K34<>1,IF(ISNUMBER(INDEX(Import.PLE,$K34,DQ$16)),IF(INDEX(Import.PLE,$K34,DQ$16)<=mediçao,BQ34,0),0),PLE!$AA$28*BQ34) -> 0 | DR34: =IF($K34<>1,IF(ISNUMBER(INDEX(Import.PLE,$K34,DR$16)),IF(INDEX(Import.PLE,$K34,DR$16)<=mediçao,BR34,0),0),PLE!$AA$28*BR34) -> 0 | DS34: =IF($K34<>1,IF(ISNUMBER(INDEX(Import.PLE,$K34,DS$16)),IF(INDEX(Import.PLE,$K34,DS$16)<=mediçao,BS34,0),0),PLE!$AA$28*BS34) -> 0 | DT34: =IF($K34<>1,IF(ISNUMBER(INDEX(Import.PLE,$K34,DT$16)),IF(INDEX(Import.PLE,$K34,DT$16)<=mediçao,BT34,0),0),PLE!$AA$28*BT34) -> 0 | ... FJ34: =IF($K34<>1,IF(ISNUMBER(INDEX(Import.PLE,$K34,FJ$16)),IF(INDEX(Import.PLE,$K34,FJ$16)<=mediçao,DJ34,0),0),PLE!$AA$28*DJ34) -> 0
B35: =ROW(Nível)-ROW(LIorçamento)+1 -> 17 | C35: =IF(D35="","",IF(ISNUMBER(VALUE(D35)),"Meta",IF(AND(F35<>"",I35<>""),"Serviço","Nível"))) -> #REF! | D35: =VLOOKUP(E35,#REF!,2,FALSE) -> #REF! | E35: =IFERROR(INDEX(#REF!,MATCH(0,INDEX(COUNTIF($E$17:E34,#REF!),),)),"") | F35: =IF(VLOOKUP(E35,#REF!,8,FALSE)=0,"",VLOOKUP(E35,#REF!,8,FALSE)) -> #REF! | G35: =IF(Nível="Serviço",SUMIF($N$15:$BK$15,"<>"&"",N35:BK35),"") -> #REF! | H35: =IF(AND(ISNUMBER(G35),G35<>0),I35/G35,IF(G35=0,0,"")) -> #REF! | I35: =SUMIF(#REF!,Eventograma_e_Quantitativos!E35,#REF!) -> #REF! | K35: =deactivatedados.form1 -> 3 | L35: 3-CALÇADA | N35: =SUMIFS(#REF!,#REF!,Eventograma_e_Quantitativos!N$16,#REF!,Eventograma_e_Quantitativos!$E35) -> #REF! | O35: =SUMIFS(#REF!,#REF!,Eventograma_e_Quantitativos!O$16,#REF!,Eventograma_e_Quantitativos!$E35) -> #REF! | P35: =SUMIFS(#REF!,#REF!,Eventograma_e_Quantitativos!P$16,#REF!,Eventograma_e_Quantitativos!$E35) -> #REF! | Q35: =SUMIFS(#REF!,#REF!,Eventograma_e_Quantitativos!Q$16,#REF!,Eventograma_e_Quantitativos!$E35) -> #REF! | R35: =SUMIFS(#REF!,#REF!,Eventograma_e_Quantitativos!R$16,#REF!,Eventograma_e_Quantitativos!$E35) -> #REF! | S35: =SUMIFS(#REF!,#REF!,Eventograma_e_Quantitativos!S$16,#REF!,Eventograma_e_Quantitativos!$E35) -> #REF! | T35: =SUMIFS(#REF!,#REF!,Eventograma_e_Quantitativos!T$16,#REF!,Eventograma_e_Quantitativos!$E35) -> #REF! | U35: =SUMIFS(#REF!,#REF!,Eventograma_e_Quantitativos!U$16,#REF!,Eventograma_e_Quantitativos!$E35) -> #REF! | ... BK35: =SUMIFS(#REF!,#REF!,Eventograma_e_Quantitativos!BK$16,#REF!,Eventograma_e_Quantitativos!$E35) -> #REF! | BM35: =IF(N$15="",0,IF(ISNUMBER(PreçoUnit),PreçoUnit*INDEX(Import.PLQ,$B35,BM$16),0)) -> #REF! | BN35: =IF(O$15="",0,IF(ISNUMBER(PreçoUnit),PreçoUnit*INDEX(Import.PLQ,$B35,BN$16),0)) -> #REF! | BO35: =IF(P$15="",0,IF(ISNUMBER(PreçoUnit),PreçoUnit*INDEX(Import.PLQ,$B35,BO$16),0)) -> #REF! | BP35: =IF(Q$15="",0,IF(ISNUMBER(PreçoUnit),PreçoUnit*INDEX(Import.PLQ,$B35,BP$16),0)) -> #REF! | BQ35: =IF(R$15="",0,IF(ISNUMBER(PreçoUnit),PreçoUnit*INDEX(Import.PLQ,$B35,BQ$16),0)) -> 0 | BR35: =IF(S$15="",0,IF(ISNUMBER(PreçoUnit),PreçoUnit*INDEX(Import.PLQ,$B35,BR$16),0)) -> 0 | BS35: =IF(T$15="",0,IF(ISNUMBER(PreçoUnit),PreçoUnit*INDEX(Import.PLQ,$B35,BS$16),0)) -> 0 | BT35: =IF(U$15="",0,IF(ISNUMBER(PreçoUnit),PreçoUnit*INDEX(Import.PLQ,$B35,BT$16),0)) -> 0 | ... DJ35: =IF(BK$15="",0,IF(ISNUMBER(PreçoUnit),PreçoUnit*INDEX(Import.PLQ,$B35,DJ$16),0)) -> 0 | DK35: =IF(D35="",0,IF(ISNUMBER(VALUE(D35)),VALUE(D35),LEFT(D35,FIND(".",D35)-1))) -> #REF! | DL35: =SUM(DM35:FJ35) -> 0 | DM35: =IF($K35<>1,IF(ISNUMBER(INDEX(Import.PLE,$K35,DM$16)),IF(INDEX(Import.PLE,$K35,DM$16)<=mediçao,BM35,0),0),PLE!$AA$28*BM35) -> 0 | DN35: =IF($K35<>1,IF(ISNUMBER(INDEX(Import.PLE,$K35,DN$16)),IF(INDEX(Import.PLE,$K35,DN$16)<=mediçao,BN35,0),0),PLE!$AA$28*BN35) -> 0 | DO35: =IF($K35<>1,IF(ISNUMBER(INDEX(Import.PLE,$K35,DO$16)),IF(INDEX(Import.PLE,$K35,DO$16)<=mediçao,BO35,0),0),PLE!$AA$28*BO35) -> 0 | DP35: =IF($K35<>1,IF(ISNUMBER(INDEX(Import.PLE,$K35,DP$16)),IF(INDEX(Import.PLE,$K35,DP$16)<=mediçao,BP35,0),0),PLE!$AA$28*BP35) -> 0 | DQ35: =IF($K35<>1,IF(ISNUMBER(INDEX(Import.PLE,$K35,DQ$16)),IF(INDEX(Import.PLE,$K35,DQ$16)<=mediçao,BQ35,0),0),PLE!$AA$28*BQ35) -> 0 | DR35: =IF($K35<>1,IF(ISNUMBER(INDEX(Import.PLE,$K35,DR$16)),IF(INDEX(Import.PLE,$K35,DR$16)<=mediçao,BR35,0),0),PLE!$AA$28*BR35) -> 0 | DS35: =IF($K35<>1,IF(ISNUMBER(INDEX(Import.PLE,$K35,DS$16)),IF(INDEX(Import.PLE,$K35,DS$16)<=mediçao,BS35,0),0),PLE!$AA$28*BS35) -> 0 | DT35: =IF($K35<>1,IF(ISNUMBER(INDEX(Import.PLE,$K35,DT$16)),IF(INDEX(Import.PLE,$K35,DT$16)<=mediçao,BT35,0),0),PLE!$AA$28*BT35) -> 0 | ... FJ35: =IF($K35<>1,IF(ISNUMBER(INDEX(Import.PLE,$K35,FJ$16)),IF(INDEX(Import.PLE,$K35,FJ$16)<=mediçao,DJ35,0),0),PLE!$AA$28*DJ35) -> 0
B36: =ROW(Nível)-ROW(LIorçamento)+1 -> 18 | C36: Evento | D36: =VLOOKUP(E36,#REF!,2,FALSE) -> #REF! | E36: =IFERROR(INDEX(#REF!,MATCH(0,INDEX(COUNTIF($E$17:E35,#REF!),),)),"") | F36: =IF(VLOOKUP(E36,#REF!,8,FALSE)=0,"",VLOOKUP(E36,#REF!,8,FALSE)) -> #REF! | G36: =IF(Nível="Serviço",SUMIF($N$15:$BK$15,"<>"&"",N36:BK36),"") | H36: =IF(AND(ISNUMBER(G36),G36<>0),I36/G36,IF(G36=0,0,"")) | I36: =SUM(N36:BK36) -> #REF! | K36: =INDEX(Eventos,ROW(Nível)-ROW(LForçamento),1) -> 1 | L36: =IF(AND(NumEvento<>"",Nível="Serviço"),INDEX(Eventos,NumEvento,2),"") | N36: =IF(N$15="",0,SUMIF(Import.numEventos,$K36,OFFSET(PreçoServiçoPorFrente,0,N$16-1,,1))) -> #REF! | O36: =IF(O$15="",0,SUMIF(Import.numEventos,$K36,OFFSET(PreçoServiçoPorFrente,0,O$16-1,,1))) -> #REF! | P36: =IF(P$15="",0,SUMIF(Import.numEventos,$K36,OFFSET(PreçoServiçoPorFrente,0,P$16-1,,1))) -> #REF! | Q36: =IF(Q$15="",0,SUMIF(Import.numEventos,$K36,OFFSET(PreçoServiçoPorFrente,0,Q$16-1,,1))) -> #REF! | R36: =IF(R$15="",0,SUMIF(Import.numEventos,$K36,OFFSET(PreçoServiçoPorFrente,0,R$16-1,,1))) -> 0 | S36: =IF(S$15="",0,SUMIF(Import.numEventos,$K36,OFFSET(PreçoServiçoPorFrente,0,S$16-1,,1))) -> 0 | T36: =IF(T$15="",0,SUMIF(Import.numEventos,$K36,OFFSET(PreçoServiçoPorFrente,0,T$16-1,,1))) -> 0 | U36: =IF(U$15="",0,SUMIF(Import.numEventos,$K36,OFFSET(PreçoServiçoPorFrente,0,U$16-1,,1))) -> 0 | ... BK36: =IF(BK$15="",0,SUMIF(Import.numEventos,$K36,OFFSET(PreçoServiçoPorFrente,0,BK$16-1,,1))) -> 0
B37: =ROW(Nível)-ROW(LIorçamento)+1 -> 19 | C37: Evento | D37: =VLOOKUP(E37,#REF!,2,FALSE) -> #REF! | E37: =IFERROR(INDEX(#REF!,MATCH(0,INDEX(COUNTIF($E$17:E36,#REF!),),)),"") | F37: =IF(VLOOKUP(E37,#REF!,8,FALSE)=0,"",VLOOKUP(E37,#REF!,8,FALSE)) -> #REF! | G37: =IF(Nível="Serviço",SUMIF($N$15:$BK$15,"<>"&"",N37:BK37),"") | H37: =IF(AND(ISNUMBER(G37),G37<>0),I37/G37,IF(G37=0,0,"")) | I37: =SUM(N37:BK37) -> #REF! | K37: =INDEX(Eventos,ROW(Nível)-ROW(LForçamento),1) -> 2 | L37: =IF(AND(NumEvento<>"",Nível="Serviço"),INDEX(Eventos,NumEvento,2),"") | N37: =IF(N$15="",0,SUMIF(Import.numEventos,$K37,OFFSET(PreçoServiçoPorFrente,0,N$16-1,,1))) -> #REF! | O37: =IF(O$15="",0,SUMIF(Import.numEventos,$K37,OFFSET(PreçoServiçoPorFrente,0,O$16-1,,1))) -> #REF! | P37: =IF(P$15="",0,SUMIF(Import.numEventos,$K37,OFFSET(PreçoServiçoPorFrente,0,P$16-1,,1))) -> #REF! | Q37: =IF(Q$15="",0,SUMIF(Import.numEventos,$K37,OFFSET(PreçoServiçoPorFrente,0,Q$16-1,,1))) -> #REF! | R37: =IF(R$15="",0,SUMIF(Import.numEventos,$K37,OFFSET(PreçoServiçoPorFrente,0,R$16-1,,1))) -> 0 | S37: =IF(S$15="",0,SUMIF(Import.numEventos,$K37,OFFSET(PreçoServiçoPorFrente,0,S$16-1,,1))) -> 0 | T37: =IF(T$15="",0,SUMIF(Import.numEventos,$K37,OFFSET(PreçoServiçoPorFrente,0,T$16-1,,1))) -> 0 | U37: =IF(U$15="",0,SUMIF(Import.numEventos,$K37,OFFSET(PreçoServiçoPorFrente,0,U$16-1,,1))) -> 0 | ... BK37: =IF(BK$15="",0,SUMIF(Import.numEventos,$K37,OFFSET(PreçoServiçoPorFrente,0,BK$16-1,,1))) -> 0
B38: =ROW(Nível)-ROW(LIorçamento)+1 -> 20 | C38: Evento | D38: =VLOOKUP(E38,#REF!,2,FALSE) -> #REF! | E38: =IFERROR(INDEX(#REF!,MATCH(0,INDEX(COUNTIF($E$17:E37,#REF!),),)),"") | F38: =IF(VLOOKUP(E38,#REF!,8,FALSE)=0,"",VLOOKUP(E38,#REF!,8,FALSE)) -> #REF! | G38: =IF(Nível="Serviço",SUMIF($N$15:$BK$15,"<>"&"",N38:BK38),"") | H38: =IF(AND(ISNUMBER(G38),G38<>0),I38/G38,IF(G38=0,0,"")) | I38: =SUM(N38:BK38) -> #REF! | K38: =INDEX(Eventos,ROW(Nível)-ROW(LForçamento),1) -> 3 | L38: =IF(AND(NumEvento<>"",Nível="Serviço"),INDEX(Eventos,NumEvento,2),"") | N38: =IF(N$15="",0,SUMIF(Import.numEventos,$K38,OFFSET(PreçoServiçoPorFrente,0,N$16-1,,1))) -> #REF! | O38: =IF(O$15="",0,SUMIF(Import.numEventos,$K38,OFFSET(PreçoServiçoPorFrente,0,O$16-1,,1))) -> #REF! | P38: =IF(P$15="",0,SUMIF(Import.numEventos,$K38,OFFSET(PreçoServiçoPorFrente,0,P$16-1,,1))) -> #REF! | Q38: =IF(Q$15="",0,SUMIF(Import.numEventos,$K38,OFFSET(PreçoServiçoPorFrente,0,Q$16-1,,1))) -> #REF! | R38: =IF(R$15="",0,SUMIF(Import.numEventos,$K38,OFFSET(PreçoServiçoPorFrente,0,R$16-1,,1))) -> 0 | S38: =IF(S$15="",0,SUMIF(Import.numEventos,$K38,OFFSET(PreçoServiçoPorFrente,0,S$16-1,,1))) -> 0 | T38: =IF(T$15="",0,SUMIF(Import.numEventos,$K38,OFFSET(PreçoServiçoPorFrente,0,T$16-1,,1))) -> 0 | U38: =IF(U$15="",0,SUMIF(Import.numEventos,$K38,OFFSET(PreçoServiçoPorFrente,0,U$16-1,,1))) -> 0 | ... BK38: =IF(BK$15="",0,SUMIF(Import.numEventos,$K38,OFFSET(PreçoServiçoPorFrente,0,BK$16-1,,1))) -> 0
C40: =Import.Município&", "&TEXT(hoje,"dd")&" de "&TEXT(hoje,"mmmm")&" de "&TEXT(hoje,"aaaa") -> #REF!
C41: Local e Data | O41: Responsável Técnico: | P41: =respPLE -> #REF! | U41: Responsável Técnico: | V41: =respPLE -> #REF! | AA41: Responsável Técnico: | AB41: =respPLE -> #REF! | AG41: Responsável Técnico: | AH41: =respPLE -> #REF! | AM41: Responsável Técnico: | AN41: =respPLE -> #REF! | AS41: Responsável Técnico: | AT41: =respPLE -> #REF! | AY41: Responsável Técnico: | AZ41: =respPLE -> #REF! | BE41: Responsável Técnico: | BF41: =respPLE -> #REF!
O42: CREA / CAU: | P42: =creaPLE -> #REF! | U42: CREA / CAU: | V42: =creaPLE -> #REF! | AA42: CREA / CAU: | AB42: =creaPLE -> #REF! | AG42: CREA / CAU: | AH42: =creaPLE -> #REF! | AM42: CREA / CAU: | AN42: =creaPLE -> #REF! | AS42: CREA / CAU: | AT42: =creaPLE -> #REF! | AY42: CREA / CAU: | AZ42: =creaPLE -> #REF! | BE42: CREA / CAU: | BF42: =creaPLE -> #REF!

Sheet Detalhamento
A1: =mais_um -> #REF! | B1: =OFFSET(LIorçamento,$A1-1,B$16,1,1) -> #REF! | E1: =OFFSET(LIorçamento,$A1-1,E$16,1,1) -> #REF! | F1: =CHOOSE($B$8,IF(OR(Nível="Serviço",Nível="Evento"),E1*10^4+IF(Nível<>"Evento",A1,0),0),IF(Nível<>"Evento",A1,0)) -> #REF! | G1: =OFFSET(LIorçamento,$A1-1,G$16,1,1) -> #REF! | H1: =OFFSET(LIorçamento,$A1-1,H$16,1,1) -> #REF! | I1: =IF(OR(Nível="Serviço",Nível="evento"),OFFSET(LIorçamento,$A1-1,I$16,1,1),"") -> #REF! | J1: =IF(OR(Nível="Serviço",Nível="evento"),SUM(L1:BI1),"") -> #REF! | L1: =IF(L$13="",0,CHOOSE(Detalhamento.OpçãoServiços,OFFSET(Import.PLQ,$A1-1,L$15-1,1,1),IF($E1<>1,IF(ISNUMBER(INDEX(Import.PLE,Detalhamento!$E1,Detalhamento!L$15)),IF(INDEX(Import.PLE,Detalhamento!$E1,Detalhamento!L$15)<=mediçao,OFFSET(Import.PLQ,$A1-1,L$15-1,1,1),0),0),PLE!$AA$28*OFFSET(Import.PLQ,$A1-1,L$15-1,1,1)),IF($E1<>1,IF(ISNUMBER(INDEX(Import.PLE,Detalhamento!$E1,Detalhamento!L$15)),IF(INDEX(Import.PLE,Detalhamento!$E1,Detalhamento!L$15)<=mediçao,0,OFFSET(Import.PLQ,$A1-1,L$15-1,1,1)),OFFSET(Import.PLQ,$A1-1,L$15-1,1,1)),(1-PLE!$AA$28)*OFFSET(Import.PLQ,$A1-1,L$15-1,1,1)))) -> #REF! | M1: =IF(M$13="",0,CHOOSE(Detalhamento.OpçãoServiços,OFFSET(Import.PLQ,$A1-1,M$15-1,1,1),IF($E1<>1,IF(ISNUMBER(INDEX(Import.PLE,Detalhamento!$E1,Detalhamento!M$15)),IF(INDEX(Import.PLE,Detalhamento!$E1,Detalhamento!M$15)<=mediçao,OFFSET(Import.PLQ,$A1-1,M$15-1,1,1),0),0),PLE!$AA$28*OFFSET(Import.PLQ,$A1-1,M$15-1,1,1)),IF($E1<>1,IF(ISNUMBER(INDEX(Import.PLE,Detalhamento!$E1,Detalhamento!M$15)),IF(INDEX(Import.PLE,Detalhamento!$E1,Detalhamento!M$15)<=mediçao,0,OFFSET(Import.PLQ,$A1-1,M$15-1,1,1)),OFFSET(Import.PLQ,$A1-1,M$15-1,1,1)),(1-PLE!$AA$28)*OFFSET(Import.PLQ,$A1-1,M$15-1,1,1)))) -> #REF! | N1: =IF(N$13="",0,CHOOSE(Detalhamento.OpçãoServiços,OFFSET(Import.PLQ,$A1-1,N$15-1,1,1),IF($E1<>1,IF(ISNUMBER(INDEX(Import.PLE,Detalhamento!$E1,Detalhamento!N$15)),IF(INDEX(Import.PLE,Detalhamento!$E1,Detalhamento!N$15)<=mediçao,OFFSET(Import.PLQ,$A1-1,N$15-1,1,1),0),0),PLE!$AA$28*OFFSET(Import.PLQ,$A1-1,N$15-1,1,1)),IF($E1<>1,IF(ISNUMBER(INDEX(Import.PLE,Detalhamento!$E1,Detalhamento!N$15)),IF(INDEX(Import.PLE,Detalhamento!$E1,Detalhamento!N$15)<=mediçao,0,OFFSET(Import.PLQ,$A1-1,N$15-1,1,1)),OFFSET(Import.PLQ,$A1-1,N$15-1,1,1)),(1-PLE!$AA$28)*OFFSET(Import.PLQ,$A1-1,N$15-1,1,1)))) -> #REF! | O1: =IF(O$13="",0,CHOOSE(Detalhamento.OpçãoServiços,OFFSET(Import.PLQ,$A1-1,O$15-1,1,1),IF($E1<>1,IF(ISNUMBER(INDEX(Import.PLE,Detalhamento!$E1,Detalhamento!O$15)),IF(INDEX(Import.PLE,Detalhamento!$E1,Detalhamento!O$15)<=mediçao,OFFSET(Import.PLQ,$A1-1,O$15-1,1,1),0),0),PLE!$AA$28*OFFSET(Import.PLQ,$A1-1,O$15-1,1,1)),IF($E1<>1,IF(ISNUMBER(INDEX(Import.PLE,Detalhamento!$E1,Detalhamento!O$15)),IF(INDEX(Import.PLE,Detalhamento!$E1,Detalhamento!O$15)<=mediçao,0,OFFSET(Import.PLQ,$A1-1,O$15-1,1,1)),OFFSET(Import.PLQ,$A1-1,O$15-1,1,1)),(1-PLE!$AA$28)*OFFSET(Import.PLQ,$A1-1,O$15-1,1,1)))) -> #REF! | P1: =IF(P$13="",0,CHOOSE(Detalhamento.OpçãoServiços,OFFSET(Import.PLQ,$A1-1,P$15-1,1,1),IF($E1<>1,IF(ISNUMBER(INDEX(Import.PLE,Detalhamento!$E1,Detalhamento!P$15)),IF(INDEX(Import.PLE,Detalhamento!$E1,Detalhamento!P$15)<=mediçao,OFFSET(Import.PLQ,$A1-1,P$15-1,1,1),0),0),PLE!$AA$28*OFFSET(Import.PLQ,$A1-1,P$15-1,1,1)),IF($E1<>1,IF(ISNUMBER(INDEX(Import.PLE,Detalhamento!$E1,Detalhamento!P$15)),IF(INDEX(Import.PLE,Detalhamento!$E1,Detalhamento!P$15)<=mediçao,0,OFFSET(Import.PLQ,$A1-1,P$15-1,1,1)),OFFSET(Import.PLQ,$A1-1,P$15-1,1,1)),(1-PLE!$AA$28)*OFFSET(Import.PLQ,$A1-1,P$15-1,1,1)))) -> 0 | Q1: =IF(Q$13="",0,CHOOSE(Detalhamento.OpçãoServiços,OFFSET(Import.PLQ,$A1-1,Q$15-1,1,1),IF($E1<>1,IF(ISNUMBER(INDEX(Import.PLE,Detalhamento!$E1,Detalhamento!Q$15)),IF(INDEX(Import.PLE,Detalhamento!$E1,Detalhamento!Q$15)<=mediçao,OFFSET(Import.PLQ,$A1-1,Q$15-1,1,1),0),0),PLE!$AA$28*OFFSET(Import.PLQ,$A1-1,Q$15-1,1,1)),IF($E1<>1,IF(ISNUMBER(INDEX(Import.PLE,Detalhamento!$E1,Detalhamento!Q$15)),IF(INDEX(Import.PLE,Detalhamento!$E1,Detalhamento!Q$15)<=mediçao,0,OFFSET(Import.PLQ,$A1-1,Q$15-1,1,1)),OFFSET(Import.PLQ,$A1-1,Q$15-1,1,1)),(1-PLE!$AA$28)*OFFSET(Import.PLQ,$A1-1,Q$15-1,1,1)))) -> 0 | R1: =IF(R$13="",0,CHOOSE(Detalhamento.OpçãoServiços,OFFSET(Import.PLQ,$A1-1,R$15-1,1,1),IF($E1<>1,IF(ISNUMBER(INDEX(Import.PLE,Detalhamento!$E1,Detalhamento!R$15)),IF(INDEX(Import.PLE,Detalhamento!$E1,Detalhamento!R$15)<=mediçao,OFFSET(Import.PLQ,$A1-1,R$15-1,1,1),0),0),PLE!$AA$28*OFFSET(Import.PLQ,$A1-1,R$15-1,1,1)),IF($E1<>1,IF(ISNUMBER(INDEX(Import.PLE,Detalhamento!$E1,Detalhamento!R$15)),IF(INDEX(Import.PLE,Detalhamento!$E1,Detalhamento!R$15)<=mediçao,0,OFFSET(Import.PLQ,$A1-1,R$15-1,1,1)),OFFSET(Import.PLQ,$A1-1,R$15-1,1,1)),(1-PLE!$AA$28)*OFFSET(Import.PLQ,$A1-1,R$15-1,1,1)))) -> 0 | S1: =IF(S$13="",0,CHOOSE(Detalhamento.OpçãoServiços,OFFSET(Import.PLQ,$A1-1,S$15-1,1,1),IF($E1<>1,IF(ISNUMBER(INDEX(Import.PLE,Detalhamento!$E1,Detalhamento!S$15)),IF(INDEX(Import.PLE,Detalhamento!$E1,Detalhamento!S$15)<=mediçao,OFFSET(Import.PLQ,$A1-1,S$15-1,1,1),0),0),PLE!$AA$28*OFFSET(Import.PLQ,$A1-1,S$15-1,1,1)),IF($E1<>1,IF(ISNUMBER(INDEX(Import.PLE,Detalhamento!$E1,Detalhamento!S$15)),IF(INDEX(Import.PLE,Detalhamento!$E1,Detalhamento!S$15)<=mediçao,0,OFFSET(Import.PLQ,$A1-1,S$15-1,1,1)),OFFSET(Import.PLQ,$A1-1,S$15-1,1,1)),(1-PLE!$AA$28)*OFFSET(Import.PLQ,$A1-1,S$15-1,1,1)))) -> 0 | ... BI1: =IF(BI$13="",0,CHOOSE(Detalhamento.OpçãoServiços,OFFSET(Import.PLQ,$A1-1,BI$15-1,1,1),IF($E1<>1,IF(ISNUMBER(INDEX(Import.PLE,Detalhamento!$E1,Detalhamento!BI$15)),IF(INDEX(Import.PLE,Detalhamento!$E1,Detalhamento!BI$15)<=mediçao,OFFSET(Import.PLQ,$A1-1,BI$15-1,1,1),0),0),PLE!$AA$28*OFFSET(Import.PLQ,$A1-1,BI$15-1,1,1)),IF($E1<>1,IF(ISNUMBER(INDEX(Import.PLE,Detalhamento!$E1,Detalhamento!BI$15)),IF(INDEX(Import.PLE,Detalhamento!$E1,Detalhamento!BI$15)<=mediçao,0,OFFSET(Import.PLQ,$A1-1,BI$15-1,1,1)),OFFSET(Import.PLQ,$A1-1,BI$15-1,1,1)),(1-PLE!$AA$28)*OFFSET(Import.PLQ,$A1-1,BI$15-1,1,1)))) -> 0
H2: PLE - Planilha de Levantamento de Eventos Detalhamento de Eventos | Q2: Grau de Sigilo #PUBLICO | W2: Grau de Sigilo #PUBLICO | AC2: Grau de Sigilo #PUBLICO | AI2: Grau de Sigilo #PUBLICO | AO2: Grau de Sigilo #PUBLICO | AU2: Grau de Sigilo #PUBLICO | BA2: Grau de Sigilo #PUBLICO | BG2: Grau de Sigilo #PUBLICO
B6: Eventos
B7: Orçamento
B8: 1
B9: Todos
B10: Executados
B11: A Executar
B12: 1
J13: Frente de Obra: | L13: =IF(Eventograma_e_Quantitativos!N15<>"",Eventograma_e_Quantitativos!N15,"") -> #REF! | M13: =IF(Eventograma_e_Quantitativos!O15<>"",Eventograma_e_Quantitativos!O15,"") -> #REF! | N13: =IF(Eventograma_e_Quantitativos!P15<>"",Eventograma_e_Quantitativos!P15,"") -> #REF! | O13: =IF(Eventograma_e_Quantitativos!Q15<>"",Eventograma_e_Quantitativos!Q15,"") -> #REF! | P13: =IF(Eventograma_e_Quantitativos!R15<>"",Eventograma_e_Quantitativos!R15,"") | Q13: =IF(Eventograma_e_Quantitativos!S15<>"",Eventograma_e_Quantitativos!S15,"") | R13: =IF(Eventograma_e_Quantitativos!T15<>"",Eventograma_e_Quantitativos!T15,"") | S13: =IF(Eventograma_e_Quantitativos!U15<>"",Eventograma_e_Quantitativos!U15,"") | ... BI13: =IF(Eventograma_e_Quantitativos!BK15<>"",Eventograma_e_Quantitativos!BK15,"")
E14: ="Valor "&CHOOSE(Detalhamento.OpçãoServiços,"de Investimento","Executado","A Executar")&": R$ "&TEXT(SUMIF(OFFSET(Detalhamento,0,6),"Evento",OFFSET(Detalhamento,0,9)),"#.#0,00") -> Valor de Investimento: R$ 0,00 | J14: Total por Frente (R$): | L14: =CHOOSE(Detalhamento.OpçãoServiços,SUM(OFFSET(PreçoServiçoPorFrente,0,L15-1,,1)),SUM(OFFSET(PreçoServiçosPorFrente.Executados,0,L15-1,,1)),SUM(OFFSET(PreçoServiçoPorFrente,0,L15-1,,1))-SUM(OFFSET(PreçoServiçosPorFrente.Executados,0,L15-1,,1))) -> #REF! | M14: =CHOOSE(Detalhamento.OpçãoServiços,SUM(OFFSET(PreçoServiçoPorFrente,0,M15-1,,1)),SUM(OFFSET(PreçoServiçosPorFrente.Executados,0,M15-1,,1)),SUM(OFFSET(PreçoServiçoPorFrente,0,M15-1,,1))-SUM(OFFSET(PreçoServiçosPorFrente.Executados,0,M15-1,,1))) -> #REF! | N14: =CHOOSE(Detalhamento.OpçãoServiços,SUM(OFFSET(PreçoServiçoPorFrente,0,N15-1,,1)),SUM(OFFSET(PreçoServiçosPorFrente.Executados,0,N15-1,,1)),SUM(OFFSET(PreçoServiçoPorFrente,0,N15-1,,1))-SUM(OFFSET(PreçoServiçosPorFrente.Executados,0,N15-1,,1))) -> #REF! | O14: =CHOOSE(Detalhamento.OpçãoServiços,SUM(OFFSET(PreçoServiçoPorFrente,0,O15-1,,1)),SUM(OFFSET(PreçoServiçosPorFrente.Executados,0,O15-1,,1)),SUM(OFFSET(PreçoServiçoPorFrente,0,O15-1,,1))-SUM(OFFSET(PreçoServiçosPorFrente.Executados,0,O15-1,,1))) -> #REF! | P14: =CHOOSE(Detalhamento.OpçãoServiços,SUM(OFFSET(PreçoServiçoPorFrente,0,P15-1,,1)),SUM(OFFSET(PreçoServiçosPorFrente.Executados,0,P15-1,,1)),SUM(OFFSET(PreçoServiçoPorFrente,0,P15-1,,1))-SUM(OFFSET(PreçoServiçosPorFrente.Executados,0,P15-1,,1))) -> 0 | Q14: =CHOOSE(Detalhamento.OpçãoServiços,SUM(OFFSET(PreçoServiçoPorFrente,0,Q15-1,,1)),SUM(OFFSET(PreçoServiçosPorFrente.Executados,0,Q15-1,,1)),SUM(OFFSET(PreçoServiçoPorFrente,0,Q15-1,,1))-SUM(OFFSET(PreçoServiçosPorFrente.Executados,0,Q15-1,,1))) -> 0 | R14: =CHOOSE(Detalhamento.OpçãoServiços,SUM(OFFSET(PreçoServiçoPorFrente,0,R15-1,,1)),SUM(OFFSET(PreçoServiçosPorFrente.Executados,0,R15-1,,1)),SUM(OFFSET(PreçoServiçoPorFrente,0,R15-1,,1))-SUM(OFFSET(PreçoServiçosPorFrente.Executados,0,R15-1,,1))) -> 0 | S14: =CHOOSE(Detalhamento.OpçãoServiços,SUM(OFFSET(PreçoServiçoPorFrente,0,S15-1,,1)),SUM(OFFSET(PreçoServiçosPorFrente.Executados,0,S15-1,,1)),SUM(OFFSET(PreçoServiçoPorFrente,0,S15-1,,1))-SUM(OFFSET(PreçoServiçosPorFrente.Executados,0,S15-1,,1))) -> 0 | ... BI14: =CHOOSE(Detalhamento.OpçãoServiços,SUM(OFFSET(PreçoServiçoPorFrente,0,BI15-1,,1)),SUM(OFFSET(PreçoServiçosPorFrente.Executados,0,BI15-1,,1)),SUM(OFFSET(PreçoServiçoPorFrente,0,BI15-1,,1))-SUM(OFFSET(PreçoServiçosPorFrente.Executados,0,BI15-1,,1))) -> 0
E15: Evento | F15: Linha Orç | G15: Item Orç | H15: Título dos Eventos / Descrição Serviço | I15: Unid. | J15: Qtde. | L15: 1 | M15: 2 | N15: 3 | O15: 4 | P15: 5 | Q15: 6 | R15: 7 | S15: 8 | T15: 9 | U15: 10 | V15: 11 | W15: 12 | X15: 13 | Y15: 14 | Z15: 15 | AA15: 16 | AB15: 17 | AC15: 18 | AD15: 19 | AE15: 20 | AF15: 21 | AG15: 22 | AH15: 23 | AI15: 24 | AJ15: 25 | AK15: 26 | AL15: 27 | AM15: 28 | AN15: 29 | AO15: 30 | AP15: 31 | AQ15: 32 | AR15: 33 | AS15: 34 | AT15: 35 | AU15: 36 | AV15: 37 | AW15: 38 | AX15: 39 | AY15: 40 | AZ15: 41 | BA15: 42 | BB15: 43 | BC15: 44 | BD15: 45 | BE15: 46 | BF15: 47 | BG15: 48 | BH15: 49 | BI15: 50
B16: 2 | E16: 10 | G16: 3 | H16: 4 | I16: 5 | J16: 8
A17: 1 | B17: =OFFSET(LIorçamento,$A17-1,B$16,1,1) -> #REF! | E17: =OFFSET(LIorçamento,$A17-1,E$16,1,1) -> 1 | F17: =CHOOSE($B$8,IF(OR(Nível="Serviço",Nível="Evento"),E17*10^4+IF(Nível<>"Evento",A17,0),0),IF(Nível<>"Evento",A17,0)) -> #REF! | G17: =OFFSET(LIorçamento,$A17-1,G$16,1,1) -> #REF! | H17: =OFFSET(LIorçamento,$A17-1,H$16,1,1) | I17: =IF(OR(Nível="Serviço",Nível="evento"),OFFSET(LIorçamento,$A17-1,I$16,1,1),"") -> #REF! | J17: =IF(OR(Nível="Serviço",Nível="evento"),SUM(L17:BI17),"") -> #REF! | L17: =IF(L$13="",0,CHOOSE(Detalhamento.OpçãoServiços,OFFSET(Import.PLQ,$A17-1,L$15-1,1,1),IF($E17<>1,IF(ISNUMBER(INDEX(Import.PLE,Detalhamento!$E17,Detalhamento!L$15)),IF(INDEX(Import.PLE,Detalhamento!$E17,Detalhamento!L$15)<=mediçao,OFFSET(Import.PLQ,$A17-1,L$15-1,1,1),0),0),PLE!$AA$28*OFFSET(Import.PLQ,$A17-1,L$15-1,1,1)),IF($E17<>1,IF(ISNUMBER(INDEX(Import.PLE,Detalhamento!$E17,Detalhamento!L$15)),IF(INDEX(Import.PLE,Detalhamento!$E17,Detalhamento!L$15)<=mediçao,0,OFFSET(Import.PLQ,$A17-1,L$15-1,1,1)),OFFSET(Import.PLQ,$A17-1,L$15-1,1,1)),(1-PLE!$AA$28)*OFFSET(Import.PLQ,$A17-1,L$15-1,1,1)))) -> #REF! | M17: =IF(M$13="",0,CHOOSE(Detalhamento.OpçãoServiços,OFFSET(Import.PLQ,$A17-1,M$15-1,1,1),IF($E17<>1,IF(ISNUMBER(INDEX(Import.PLE,Detalhamento!$E17,Detalhamento!M$15)),IF(INDEX(Import.PLE,Detalhamento!$E17,Detalhamento!M$15)<=mediçao,OFFSET(Import.PLQ,$A17-1,M$15-1,1,1),0),0),PLE!$AA$28*OFFSET(Import.PLQ,$A17-1,M$15-1,1,1)),IF($E17<>1,IF(ISNUMBER(INDEX(Import.PLE,Detalhamento!$E17,Detalhamento!M$15)),IF(INDEX(Import.PLE,Detalhamento!$E17,Detalhamento!M$15)<=mediçao,0,OFFSET(Import.PLQ,$A17-1,M$15-1,1,1)),OFFSET(Import.PLQ,$A17-1,M$15-1,1,1)),(1-PLE!$AA$28)*OFFSET(Import.PLQ,$A17-1,M$15-1,1,1)))) -> #REF! | N17: =IF(N$13="",0,CHOOSE(Detalhamento.OpçãoServiços,OFFSET(Import.PLQ,$A17-1,N$15-1,1,1),IF($E17<>1,IF(ISNUMBER(INDEX(Import.PLE,Detalhamento!$E17,Detalhamento!N$15)),IF(INDEX(Import.PLE,Detalhamento!$E17,Detalhamento!N$15)<=mediçao,OFFSET(Import.PLQ,$A17-1,N$15-1,1,1),0),0),PLE!$AA$28*OFFSET(Import.PLQ,$A17-1,N$15-1,1,1)),IF($E17<>1,IF(ISNUMBER(INDEX(Import.PLE,Detalhamento!$E17,Detalhamento!N$15)),IF(INDEX(Import.PLE,Detalhamento!$E17,Detalhamento!N$15)<=mediçao,0,OFFSET(Import.PLQ,$A17-1,N$15-1,1,1)),OFFSET(Import.PLQ,$A17-1,N$15-1,1,1)),(1-PLE!$AA$28)*OFFSET(Import.PLQ,$A17-1,N$15-1,1,1)))) -> #REF! | O17: =IF(O$13="",0,CHOOSE(Detalhamento.OpçãoServiços,OFFSET(Import.PLQ,$A17-1,O$15-1,1,1),IF($E17<>1,IF(ISNUMBER(INDEX(Import.PLE,Detalhamento!$E17,Detalhamento!O$15)),IF(INDEX(Import.PLE,Detalhamento!$E17,Detalhamento!O$15)<=mediçao,OFFSET(Import.PLQ,$A17-1,O$15-1,1,1),0),0),PLE!$AA$28*OFFSET(Import.PLQ,$A17-1,O$15-1,1,1)),IF($E17<>1,IF(ISNUMBER(INDEX(Import.PLE,Detalhamento!$E17,Detalhamento!O$15)),IF(INDEX(Import.PLE,Detalhamento!$E17,Detalhamento!O$15)<=mediçao,0,OFFSET(Import.PLQ,$A17-1,O$15-1,1,1)),OFFSET(Import.PLQ,$A17-1,O$15-1,1,1)),(1-PLE!$AA$28)*OFFSET(Import.PLQ,$A17-1,O$15-1,1,1)))) -> #REF! | P17: =IF(P$13="",0,CHOOSE(Detalhamento.OpçãoServiços,OFFSET(Import.PLQ,$A17-1,P$15-1,1,1),IF($E17<>1,IF(ISNUMBER(INDEX(Import.PLE,Detalhamento!$E17,Detalhamento!P$15)),IF(INDEX(Import.PLE,Detalhamento!$E17,Detalhamento!P$15)<=mediçao,OFFSET(Import.PLQ,$A17-1,P$15-1,1,1),0),0),PLE!$AA$28*OFFSET(Import.PLQ,$A17-1,P$15-1,1,1)),IF($E17<>1,IF(ISNUMBER(INDEX(Import.PLE,Detalhamento!$E17,Detalhamento!P$15)),IF(INDEX(Import.PLE,Detalhamento!$E17,Detalhamento!P$15)<=mediçao,0,OFFSET(Import.PLQ,$A17-1,P$15-1,1,1)),OFFSET(Import.PLQ,$A17-1,P$15-1,1,1)),(1-PLE!$AA$28)*OFFSET(Import.PLQ,$A17-1,P$15-1,1,1)))) -> 0 | Q17: =IF(Q$13="",0,CHOOSE(Detalhamento.OpçãoServiços,OFFSET(Import.PLQ,$A17-1,Q$15-1,1,1),IF($E17<>1,IF(ISNUMBER(INDEX(Import.PLE,Detalhamento!$E17,Detalhamento!Q$15)),IF(INDEX(Import.PLE,Detalhamento!$E17,Detalhamento!Q$15)<=mediçao,OFFSET(Import.PLQ,$A17-1,Q$15-1,1,1),0),0),PLE!$AA$28*OFFSET(Import.PLQ,$A17-1,Q$15-1,1,1)),IF($E17<>1,IF(ISNUMBER(INDEX(Import.PLE,Detalhamento!$E17,Detalhamento!Q$15)),IF(INDEX(Import.PLE,Detalhamento!$E17,Detalhamento!Q$15)<=mediçao,0,OFFSET(Import.PLQ,$A17-1,Q$15-1,1,1)),OFFSET(Import.PLQ,$A17-1,Q$15-1,1,1)),(1-PLE!$AA$28)*OFFSET(Import.PLQ,$A17-1,Q$15-1,1,1)))) -> 0 | R17: =IF(R$13="",0,CHOOSE(Detalhamento.OpçãoServiços,OFFSET(Import.PLQ,$A17-1,R$15-1,1,1),IF($E17<>1,IF(ISNUMBER(INDEX(Import.PLE,Detalhamento!$E17,Detalhamento!R$15)),IF(INDEX(Import.PLE,Detalhamento!$E17,Detalhamento!R$15)<=mediçao,OFFSET(Import.PLQ,$A17-1,R$15-1,1,1),0),0),PLE!$AA$28*OFFSET(Import.PLQ,$A17-1,R$15-1,1,1)),IF($E17<>1,IF(ISNUMBER(INDEX(Import.PLE,Detalhamento!$E17,Detalhamento!R$15)),IF(INDEX(Import.PLE,Detalhamento!$E17,Detalhamento!R$15)<=mediçao,0,OFFSET(Import.PLQ,$A17-1,R$15-1,1,1)),OFFSET(Import.PLQ,$A17-1,R$15-1,1,1)),(1-PLE!$AA$28)*OFFSET(Import.PLQ,$A17-1,R$15-1,1,1)))) -> 0 | S17: =IF(S$13="",0,CHOOSE(Detalhamento.OpçãoServiços,OFFSET(Import.PLQ,$A17-1,S$15-1,1,1),IF($E17<>1,IF(ISNUMBER(INDEX(Import.PLE,Detalhamento!$E17,Detalhamento!S$15)),IF(INDEX(Import.PLE,Detalhamento!$E17,Detalhamento!S$15)<=mediçao,OFFSET(Import.PLQ,$A17-1,S$15-1,1,1),0),0),PLE!$AA$28*OFFSET(Import.PLQ,$A17-1,S$15-1,1,1)),IF($E17<>1,IF(ISNUMBER(INDEX(Import.PLE,Detalhamento!$E17,Detalhamento!S$15)),IF(INDEX(Import.PLE,Detalhamento!$E17,Detalhamento!S$15)<=mediçao,0,OFFSET(Import.PLQ,$A17-1,S$15-1,1,1)),OFFSET(Import.PLQ,$A17-1,S$15-1,1,1)),(1-PLE!$AA$28)*OFFSET(Import.PLQ,$A17-1,S$15-1,1,1)))) -> 0 | ... BI17: =IF(BI$13="",0,CHOOSE(Detalhamento.OpçãoServiços,OFFSET(Import.PLQ,$A17-1,BI$15-1,1,1),IF($E17<>1,IF(ISNUMBER(INDEX(Import.PLE,Detalhamento!$E17,Detalhamento!BI$15)),IF(INDEX(Import.PLE,Detalhamento!$E17,Detalhamento!BI$15)<=mediçao,OFFSET(Import.PLQ,$A17-1,BI$15-1,1,1),0),0),PLE!$AA$28*OFFSET(Import.PLQ,$A17-1,BI$15-1,1,1)),IF($E17<>1,IF(ISNUMBER(INDEX(Import.PLE,Detalhamento!$E17,Detalhamento!BI$15)),IF(INDEX(Import.PLE,Detalhamento!$E17,Detalhamento!BI$15)<=mediçao,0,OFFSET(Import.PLQ,$A17-1,BI$15-1,1,1)),OFFSET(Import.PLQ,$A17-1,BI$15-1,1,1)),(1-PLE!$AA$28)*OFFSET(Import.PLQ,$A17-1,BI$15-1,1,1)))) -> 0
A18: 18 | B18: =OFFSET(LIorçamento,$A18-1,B$16,1,1) -> Evento | E18: =OFFSET(LIorçamento,$A18-1,E$16,1,1) -> 1 | F18: =CHOOSE($B$8,IF(OR(Nível="Serviço",Nível="Evento"),E18*10^4+IF(Nível<>"Evento",A18,0),0),IF(Nível<>"Evento",A18,0)) -> 10000 | G18: =OFFSET(LIorçamento,$A18-1,G$16,1,1) -> #REF! | H18: =OFFSET(LIorçamento,$A18-1,H$16,1,1) | I18: =IF(OR(Nível="Serviço",Nível="evento"),OFFSET(LIorçamento,$A18-1,I$16,1,1),"") -> #REF! | J18: =IF(OR(Nível="Serviço",Nível="evento"),SUM(L18:BI18),"") -> #REF! | L18: =IF(L$13="",0,CHOOSE(Detalhamento.OpçãoServiços,OFFSET(Import.PLQ,$A18-1,L$15-1,1,1),IF($E18<>1,IF(ISNUMBER(INDEX(Import.PLE,Detalhamento!$E18,Detalhamento!L$15)),IF(INDEX(Import.PLE,Detalhamento!$E18,Detalhamento!L$15)<=mediçao,OFFSET(Import.PLQ,$A18-1,L$15-1,1,1),0),0),PLE!$AA$28*OFFSET(Import.PLQ,$A18-1,L$15-1,1,1)),IF($E18<>1,IF(ISNUMBER(INDEX(Import.PLE,Detalhamento!$E18,Detalhamento!L$15)),IF(INDEX(Import.PLE,Detalhamento!$E18,Detalhamento!L$15)<=mediçao,0,OFFSET(Import.PLQ,$A18-1,L$15-1,1,1)),OFFSET(Import.PLQ,$A18-1,L$15-1,1,1)),(1-PLE!$AA$28)*OFFSET(Import.PLQ,$A18-1,L$15-1,1,1)))) -> #REF! | M18: =IF(M$13="",0,CHOOSE(Detalhamento.OpçãoServiços,OFFSET(Import.PLQ,$A18-1,M$15-1,1,1),IF($E18<>1,IF(ISNUMBER(INDEX(Import.PLE,Detalhamento!$E18,Detalhamento!M$15)),IF(INDEX(Import.PLE,Detalhamento!$E18,Detalhamento!M$15)<=mediçao,OFFSET(Import.PLQ,$A18-1,M$15-1,1,1),0),0),PLE!$AA$28*OFFSET(Import.PLQ,$A18-1,M$15-1,1,1)),IF($E18<>1,IF(ISNUMBER(INDEX(Import.PLE,Detalhamento!$E18,Detalhamento!M$15)),IF(INDEX(Import.PLE,Detalhamento!$E18,Detalhamento!M$15)<=mediçao,0,OFFSET(Import.PLQ,$A18-1,M$15-1,1,1)),OFFSET(Import.PLQ,$A18-1,M$15-1,1,1)),(1-PLE!$AA$28)*OFFSET(Import.PLQ,$A18-1,M$15-1,1,1)))) -> #REF! | N18: =IF(N$13="",0,CHOOSE(Detalhamento.OpçãoServiços,OFFSET(Import.PLQ,$A18-1,N$15-1,1,1),IF($E18<>1,IF(ISNUMBER(INDEX(Import.PLE,Detalhamento!$E18,Detalhamento!N$15)),IF(INDEX(Import.PLE,Detalhamento!$E18,Detalhamento!N$15)<=mediçao,OFFSET(Import.PLQ,$A18-1,N$15-1,1,1),0),0),PLE!$AA$28*OFFSET(Import.PLQ,$A18-1,N$15-1,1,1)),IF($E18<>1,IF(ISNUMBER(INDEX(Import.PLE,Detalhamento!$E18,Detalhamento!N$15)),IF(INDEX(Import.PLE,Detalhamento!$E18,Detalhamento!N$15)<=mediçao,0,OFFSET(Import.PLQ,$A18-1,N$15-1,1,1)),OFFSET(Import.PLQ,$A18-1,N$15-1,1,1)),(1-PLE!$AA$28)*OFFSET(Import.PLQ,$A18-1,N$15-1,1,1)))) -> #REF! | O18: =IF(O$13="",0,CHOOSE(Detalhamento.OpçãoServiços,OFFSET(Import.PLQ,$A18-1,O$15-1,1,1),IF($E18<>1,IF(ISNUMBER(INDEX(Import.PLE,Detalhamento!$E18,Detalhamento!O$15)),IF(INDEX(Import.PLE,Detalhamento!$E18,Detalhamento!O$15)<=mediçao,OFFSET(Import.PLQ,$A18-1,O$15-1,1,1),0),0),PLE!$AA$28*OFFSET(Import.PLQ,$A18-1,O$15-1,1,1)),IF($E18<>1,IF(ISNUMBER(INDEX(Import.PLE,Detalhamento!$E18,Detalhamento!O$15)),IF(INDEX(Import.PLE,Detalhamento!$E18,Detalhamento!O$15)<=mediçao,0,OFFSET(Import.PLQ,$A18-1,O$15-1,1,1)),OFFSET(Import.PLQ,$A18-1,O$15-1,1,1)),(1-PLE!$AA$28)*OFFSET(Import.PLQ,$A18-1,O$15-1,1,1)))) -> #REF! | P18: =IF(P$13="",0,CHOOSE(Detalhamento.OpçãoServiços,OFFSET(Import.PLQ,$A18-1,P$15-1,1,1),IF($E18<>1,IF(ISNUMBER(INDEX(Import.PLE,Detalhamento!$E18,Detalhamento!P$15)),IF(INDEX(Import.PLE,Detalhamento!$E18,Detalhamento!P$15)<=mediçao,OFFSET(Import.PLQ,$A18-1,P$15-1,1,1),0),0),PLE!$AA$28*OFFSET(Import.PLQ,$A18-1,P$15-1,1,1)),IF($E18<>1,IF(ISNUMBER(INDEX(Import.PLE,Detalhamento!$E18,Detalhamento!P$15)),IF(INDEX(Import.PLE,Detalhamento!$E18,Detalhamento!P$15)<=mediçao,0,OFFSET(Import.PLQ,$A18-1,P$15-1,1,1)),OFFSET(Import.PLQ,$A18-1,P$15-1,1,1)),(1-PLE!$AA$28)*OFFSET(Import.PLQ,$A18-1,P$15-1,1,1)))) -> 0 | Q18: =IF(Q$13="",0,CHOOSE(Detalhamento.OpçãoServiços,OFFSET(Import.PLQ,$A18-1,Q$15-1,1,1),IF($E18<>1,IF(ISNUMBER(INDEX(Import.PLE,Detalhamento!$E18,Detalhamento!Q$15)),IF(INDEX(Import.PLE,Detalhamento!$E18,Detalhamento!Q$15)<=mediçao,OFFSET(Import.PLQ,$A18-1,Q$15-1,1,1),0),0),PLE!$AA$28*OFFSET(Import.PLQ,$A18-1,Q$15-1,1,1)),IF($E18<>1,IF(ISNUMBER(INDEX(Import.PLE,Detalhamento!$E18,Detalhamento!Q$15)),IF(INDEX(Import.PLE,Detalhamento!$E18,Detalhamento!Q$15)<=mediçao,0,OFFSET(Import.PLQ,$A18-1,Q$15-1,1,1)),OFFSET(Import.PLQ,$A18-1,Q$15-1,1,1)),(1-PLE!$AA$28)*OFFSET(Import.PLQ,$A18-1,Q$15-1,1,1)))) -> 0 | R18: =IF(R$13="",0,CHOOSE(Detalhamento.OpçãoServiços,OFFSET(Import.PLQ,$A18-1,R$15-1,1,1),IF($E18<>1,IF(ISNUMBER(INDEX(Import.PLE,Detalhamento!$E18,Detalhamento!R$15)),IF(INDEX(Import.PLE,Detalhamento!$E18,Detalhamento!R$15)<=mediçao,OFFSET(Import.PLQ,$A18-1,R$15-1,1,1),0),0),PLE!$AA$28*OFFSET(Import.PLQ,$A18-1,R$15-1,1,1)),IF($E18<>1,IF(ISNUMBER(INDEX(Import.PLE,Detalhamento!$E18,Detalhamento!R$15)),IF(INDEX(Import.PLE,Detalhamento!$E18,Detalhamento!R$15)<=mediçao,0,OFFSET(Import.PLQ,$A18-1,R$15-1,1,1)),OFFSET(Import.PLQ,$A18-1,R$15-1,1,1)),(1-PLE!$AA$28)*OFFSET(Import.PLQ,$A18-1,R$15-1,1,1)))) -> 0 | S18: =IF(S$13="",0,CHOOSE(Detalhamento.OpçãoServiços,OFFSET(Import.PLQ,$A18-1,S$15-1,1,1),IF($E18<>1,IF(ISNUMBER(INDEX(Import.PLE,Detalhamento!$E18,Detalhamento!S$15)),IF(INDEX(Import.PLE,Detalhamento!$E18,Detalhamento!S$15)<=mediçao,OFFSET(Import.PLQ,$A18-1,S$15-1,1,1),0),0),PLE!$AA$28*OFFSET(Import.PLQ,$A18-1,S$15-1,1,1)),IF($E18<>1,IF(ISNUMBER(INDEX(Import.PLE,Detalhamento!$E18,Detalhamento!S$15)),IF(INDEX(Import.PLE,Detalhamento!$E18,Detalhamento!S$15)<=mediçao,0,OFFSET(Import.PLQ,$A18-1,S$15-1,1,1)),OFFSET(Import.PLQ,$A18-1,S$15-1,1,1)),(1-PLE!$AA$28)*OFFSET(Import.PLQ,$A18-1,S$15-1,1,1)))) -> 0 | ... BI18: =IF(BI$13="",0,CHOOSE(Detalhamento.OpçãoServiços,OFFSET(Import.PLQ,$A18-1,BI$15-1,1,1),IF($E18<>1,IF(ISNUMBER(INDEX(Import.PLE,Detalhamento!$E18,Detalhamento!BI$15)),IF(INDEX(Import.PLE,Detalhamento!$E18,Detalhamento!BI$15)<=mediçao,OFFSET(Import.PLQ,$A18-1,BI$15-1,1,1),0),0),PLE!$AA$28*OFFSET(Import.PLQ,$A18-1,BI$15-1,1,1)),IF($E18<>1,IF(ISNUMBER(INDEX(Import.PLE,Detalhamento!$E18,Detalhamento!BI$15)),IF(INDEX(Import.PLE,Detalhamento!$E18,Detalhamento!BI$15)<=mediçao,0,OFFSET(Import.PLQ,$A18-1,BI$15-1,1,1)),OFFSET(Import.PLQ,$A18-1,BI$15-1,1,1)),(1-PLE!$AA$28)*OFFSET(Import.PLQ,$A18-1,BI$15-1,1,1)))) -> 0
A19: 19 | B19: =OFFSET(LIorçamento,$A19-1,B$16,1,1) -> Evento | E19: =OFFSET(LIorçamento,$A19-1,E$16,1,1) -> 2 | F19: =CHOOSE($B$8,IF(OR(Nível="Serviço",Nível="Evento"),E19*10^4+IF(Nível<>"Evento",A19,0),0),IF(Nível<>"Evento",A19,0)) -> 20000 | G19: =OFFSET(LIorçamento,$A19-1,G$16,1,1) -> #REF! | H19: =OFFSET(LIorçamento,$A19-1,H$16,1,1) | I19: =IF(OR(Nível="Serviço",Nível="evento"),OFFSET(LIorçamento,$A19-1,I$16,1,1),"") -> #REF! | J19: =IF(OR(Nível="Serviço",Nível="evento"),SUM(L19:BI19),"") -> #REF! | L19: =IF(L$13="",0,CHOOSE(Detalhamento.OpçãoServiços,OFFSET(Import.PLQ,$A19-1,L$15-1,1,1),IF($E19<>1,IF(ISNUMBER(INDEX(Import.PLE,Detalhamento!$E19,Detalhamento!L$15)),IF(INDEX(Import.PLE,Detalhamento!$E19,Detalhamento!L$15)<=mediçao,OFFSET(Import.PLQ,$A19-1,L$15-1,1,1),0),0),PLE!$AA$28*OFFSET(Import.PLQ,$A19-1,L$15-1,1,1)),IF($E19<>1,IF(ISNUMBER(INDEX(Import.PLE,Detalhamento!$E19,Detalhamento!L$15)),IF(INDEX(Import.PLE,Detalhamento!$E19,Detalhamento!L$15)<=mediçao,0,OFFSET(Import.PLQ,$A19-1,L$15-1,1,1)),OFFSET(Import.PLQ,$A19-1,L$15-1,1,1)),(1-PLE!$AA$28)*OFFSET(Import.PLQ,$A19-1,L$15-1,1,1)))) -> #REF! | M19: =IF(M$13="",0,CHOOSE(Detalhamento.OpçãoServiços,OFFSET(Import.PLQ,$A19-1,M$15-1,1,1),IF($E19<>1,IF(ISNUMBER(INDEX(Import.PLE,Detalhamento!$E19,Detalhamento!M$15)),IF(INDEX(Import.PLE,Detalhamento!$E19,Detalhamento!M$15)<=mediçao,OFFSET(Import.PLQ,$A19-1,M$15-1,1,1),0),0),PLE!$AA$28*OFFSET(Import.PLQ,$A19-1,M$15-1,1,1)),IF($E19<>1,IF(ISNUMBER(INDEX(Import.PLE,Detalhamento!$E19,Detalhamento!M$15)),IF(INDEX(Import.PLE,Detalhamento!$E19,Detalhamento!M$15)<=mediçao,0,OFFSET(Import.PLQ,$A19-1,M$15-1,1,1)),OFFSET(Import.PLQ,$A19-1,M$15-1,1,1)),(1-PLE!$AA$28)*OFFSET(Import.PLQ,$A19-1,M$15-1,1,1)))) -> #REF! | N19: =IF(N$13="",0,CHOOSE(Detalhamento.OpçãoServiços,OFFSET(Import.PLQ,$A19-1,N$15-1,1,1),IF($E19<>1,IF(ISNUMBER(INDEX(Import.PLE,Detalhamento!$E19,Detalhamento!N$15)),IF(INDEX(Import.PLE,Detalhamento!$E19,Detalhamento!N$15)<=mediçao,OFFSET(Import.PLQ,$A19-1,N$15-1,1,1),0),0),PLE!$AA$28*OFFSET(Import.PLQ,$A19-1,N$15-1,1,1)),IF($E19<>1,IF(ISNUMBER(INDEX(Import.PLE,Detalhamento!$E19,Detalhamento!N$15)),IF(INDEX(Import.PLE,Detalhamento!$E19,Detalhamento!N$15)<=mediçao,0,OFFSET(Import.PLQ,$A19-1,N$15-1,1,1)),OFFSET(Import.PLQ,$A19-1,N$15-1,1,1)),(1-PLE!$AA$28)*OFFSET(Import.PLQ,$A19-1,N$15-1,1,1)))) -> #REF! | O19: =IF(O$13="",0,CHOOSE(Detalhamento.OpçãoServiços,OFFSET(Import.PLQ,$A19-1,O$15-1,1,1),IF($E19<>1,IF(ISNUMBER(INDEX(Import.PLE,Detalhamento!$E19,Detalhamento!O$15)),IF(INDEX(Import.PLE,Detalhamento!$E19,Detalhamento!O$15)<=mediçao,OFFSET(Import.PLQ,$A19-1,O$15-1,1,1),0),0),PLE!$AA$28*OFFSET(Import.PLQ,$A19-1,O$15-1,1,1)),IF($E19<>1,IF(ISNUMBER(INDEX(Import.PLE,Detalhamento!$E19,Detalhamento!O$15)),IF(INDEX(Import.PLE,Detalhamento!$E19,Detalhamento!O$15)<=mediçao,0,OFFSET(Import.PLQ,$A19-1,O$15-1,1,1)),OFFSET(Import.PLQ,$A19-1,O$15-1,1,1)),(1-PLE!$AA$28)*OFFSET(Import.PLQ,$A19-1,O$15-1,1,1)))) -> #REF! | P19: =IF(P$13="",0,CHOOSE(Detalhamento.OpçãoServiços,OFFSET(Import.PLQ,$A19-1,P$15-1,1,1),IF($E19<>1,IF(ISNUMBER(INDEX(Import.PLE,Detalhamento!$E19,Detalhamento!P$15)),IF(INDEX(Import.PLE,Detalhamento!$E19,Detalhamento!P$15)<=mediçao,OFFSET(Import.PLQ,$A19-1,P$15-1,1,1),0),0),PLE!$AA$28*OFFSET(Import.PLQ,$A19-1,P$15-1,1,1)),IF($E19<>1,IF(ISNUMBER(INDEX(Import.PLE,Detalhamento!$E19,Detalhamento!P$15)),IF(INDEX(Import.PLE,Detalhamento!$E19,Detalhamento!P$15)<=mediçao,0,OFFSET(Import.PLQ,$A19-1,P$15-1,1,1)),OFFSET(Import.PLQ,$A19-1,P$15-1,1,1)),(1-PLE!$AA$28)*OFFSET(Import.PLQ,$A19-1,P$15-1,1,1)))) -> 0 | Q19: =IF(Q$13="",0,CHOOSE(Detalhamento.OpçãoServiços,OFFSET(Import.PLQ,$A19-1,Q$15-1,1,1),IF($E19<>1,IF(ISNUMBER(INDEX(Import.PLE,Detalhamento!$E19,Detalhamento!Q$15)),IF(INDEX(Import.PLE,Detalhamento!$E19,Detalhamento!Q$15)<=mediçao,OFFSET(Import.PLQ,$A19-1,Q$15-1,1,1),0),0),PLE!$AA$28*OFFSET(Import.PLQ,$A19-1,Q$15-1,1,1)),IF($E19<>1,IF(ISNUMBER(INDEX(Import.PLE,Detalhamento!$E19,Detalhamento!Q$15)),IF(INDEX(Import.PLE,Detalhamento!$E19,Detalhamento!Q$15)<=mediçao,0,OFFSET(Import.PLQ,$A19-1,Q$15-1,1,1)),OFFSET(Import.PLQ,$A19-1,Q$15-1,1,1)),(1-PLE!$AA$28)*OFFSET(Import.PLQ,$A19-1,Q$15-1,1,1)))) -> 0 | R19: =IF(R$13="",0,CHOOSE(Detalhamento.OpçãoServiços,OFFSET(Import.PLQ,$A19-1,R$15-1,1,1),IF($E19<>1,IF(ISNUMBER(INDEX(Import.PLE,Detalhamento!$E19,Detalhamento!R$15)),IF(INDEX(Import.PLE,Detalhamento!$E19,Detalhamento!R$15)<=mediçao,OFFSET(Import.PLQ,$A19-1,R$15-1,1,1),0),0),PLE!$AA$28*OFFSET(Import.PLQ,$A19-1,R$15-1,1,1)),IF($E19<>1,IF(ISNUMBER(INDEX(Import.PLE,Detalhamento!$E19,Detalhamento!R$15)),IF(INDEX(Import.PLE,Detalhamento!$E19,Detalhamento!R$15)<=mediçao,0,OFFSET(Import.PLQ,$A19-1,R$15-1,1,1)),OFFSET(Import.PLQ,$A19-1,R$15-1,1,1)),(1-PLE!$AA$28)*OFFSET(Import.PLQ,$A19-1,R$15-1,1,1)))) -> 0 | S19: =IF(S$13="",0,CHOOSE(Detalhamento.OpçãoServiços,OFFSET(Import.PLQ,$A19-1,S$15-1,1,1),IF($E19<>1,IF(ISNUMBER(INDEX(Import.PLE,Detalhamento!$E19,Detalhamento!S$15)),IF(INDEX(Import.PLE,Detalhamento!$E19,Detalhamento!S$15)<=mediçao,OFFSET(Import.PLQ,$A19-1,S$15-1,1,1),0),0),PLE!$AA$28*OFFSET(Import.PLQ,$A19-1,S$15-1,1,1)),IF($E19<>1,IF(ISNUMBER(INDEX(Import.PLE,Detalhamento!$E19,Detalhamento!S$15)),IF(INDEX(Import.PLE,Detalhamento!$E19,Detalhamento!S$15)<=mediçao,0,OFFSET(Import.PLQ,$A19-1,S$15-1,1,1)),OFFSET(Import.PLQ,$A19-1,S$15-1,1,1)),(1-PLE!$AA$28)*OFFSET(Import.PLQ,$A19-1,S$15-1,1,1)))) -> 0 | ... BI19: =IF(BI$13="",0,CHOOSE(Detalhamento.OpçãoServiços,OFFSET(Import.PLQ,$A19-1,BI$15-1,1,1),IF($E19<>1,IF(ISNUMBER(INDEX(Import.PLE,Detalhamento!$E19,Detalhamento!BI$15)),IF(INDEX(Import.PLE,Detalhamento!$E19,Detalhamento!BI$15)<=mediçao,OFFSET(Import.PLQ,$A19-1,BI$15-1,1,1),0),0),PLE!$AA$28*OFFSET(Import.PLQ,$A19-1,BI$15-1,1,1)),IF($E19<>1,IF(ISNUMBER(INDEX(Import.PLE,Detalhamento!$E19,Detalhamento!BI$15)),IF(INDEX(Import.PLE,Detalhamento!$E19,Detalhamento!BI$15)<=mediçao,0,OFFSET(Import.PLQ,$A19-1,BI$15-1,1,1)),OFFSET(Import.PLQ,$A19-1,BI$15-1,1,1)),(1-PLE!$AA$28)*OFFSET(Import.PLQ,$A19-1,BI$15-1,1,1)))) -> 0
A20: 4 | B20: =OFFSET(LIorçamento,$A20-1,B$16,1,1) -> #REF! | E20: =OFFSET(LIorçamento,$A20-1,E$16,1,1) -> 2 | F20: =CHOOSE($B$8,IF(OR(Nível="Serviço",Nível="Evento"),E20*10^4+IF(Nível<>"Evento",A20,0),0),IF(Nível<>"Evento",A20,0)) -> #REF! | G20: =OFFSET(LIorçamento,$A20-1,G$16,1,1) -> #REF! | H20: =OFFSET(LIorçamento,$A20-1,H$16,1,1) | I20: =IF(OR(Nível="Serviço",Nível="evento"),OFFSET(LIorçamento,$A20-1,I$16,1,1),"") -> #REF! | J20: =IF(OR(Nível="Serviço",Nível="evento"),SUM(L20:BI20),"") -> #REF! | L20: =IF(L$13="",0,CHOOSE(Detalhamento.OpçãoServiços,OFFSET(Import.PLQ,$A20-1,L$15-1,1,1),IF($E20<>1,IF(ISNUMBER(INDEX(Import.PLE,Detalhamento!$E20,Detalhamento!L$15)),IF(INDEX(Import.PLE,Detalhamento!$E20,Detalhamento!L$15)<=mediçao,OFFSET(Import.PLQ,$A20-1,L$15-1,1,1),0),0),PLE!$AA$28*OFFSET(Import.PLQ,$A20-1,L$15-1,1,1)),IF($E20<>1,IF(ISNUMBER(INDEX(Import.PLE,Detalhamento!$E20,Detalhamento!L$15)),IF(INDEX(Import.PLE,Detalhamento!$E20,Detalhamento!L$15)<=mediçao,0,OFFSET(Import.PLQ,$A20-1,L$15-1,1,1)),OFFSET(Import.PLQ,$A20-1,L$15-1,1,1)),(1-PLE!$AA$28)*OFFSET(Import.PLQ,$A20-1,L$15-1,1,1)))) -> #REF! | M20: =IF(M$13="",0,CHOOSE(Detalhamento.OpçãoServiços,OFFSET(Import.PLQ,$A20-1,M$15-1,1,1),IF($E20<>1,IF(ISNUMBER(INDEX(Import.PLE,Detalhamento!$E20,Detalhamento!M$15)),IF(INDEX(Import.PLE,Detalhamento!$E20,Detalhamento!M$15)<=mediçao,OFFSET(Import.PLQ,$A20-1,M$15-1,1,1),0),0),PLE!$AA$28*OFFSET(Import.PLQ,$A20-1,M$15-1,1,1)),IF($E20<>1,IF(ISNUMBER(INDEX(Import.PLE,Detalhamento!$E20,Detalhamento!M$15)),IF(INDEX(Import.PLE,Detalhamento!$E20,Detalhamento!M$15)<=mediçao,0,OFFSET(Import.PLQ,$A20-1,M$15-1,1,1)),OFFSET(Import.PLQ,$A20-1,M$15-1,1,1)),(1-PLE!$AA$28)*OFFSET(Import.PLQ,$A20-1,M$15-1,1,1)))) -> #REF! | N20: =IF(N$13="",0,CHOOSE(Detalhamento.OpçãoServiços,OFFSET(Import.PLQ,$A20-1,N$15-1,1,1),IF($E20<>1,IF(ISNUMBER(INDEX(Import.PLE,Detalhamento!$E20,Detalhamento!N$15)),IF(INDEX(Import.PLE,Detalhamento!$E20,Detalhamento!N$15)<=mediçao,OFFSET(Import.PLQ,$A20-1,N$15-1,1,1),0),0),PLE!$AA$28*OFFSET(Import.PLQ,$A20-1,N$15-1,1,1)),IF($E20<>1,IF(ISNUMBER(INDEX(Import.PLE,Detalhamento!$E20,Detalhamento!N$15)),IF(INDEX(Import.PLE,Detalhamento!$E20,Detalhamento!N$15)<=mediçao,0,OFFSET(Import.PLQ,$A20-1,N$15-1,1,1)),OFFSET(Import.PLQ,$A20-1,N$15-1,1,1)),(1-PLE!$AA$28)*OFFSET(Import.PLQ,$A20-1,N$15-1,1,1)))) -> #REF! | O20: =IF(O$13="",0,CHOOSE(Detalhamento.OpçãoServiços,OFFSET(Import.PLQ,$A20-1,O$15-1,1,1),IF($E20<>1,IF(ISNUMBER(INDEX(Import.PLE,Detalhamento!$E20,Detalhamento!O$15)),IF(INDEX(Import.PLE,Detalhamento!$E20,Detalhamento!O$15)<=mediçao,OFFSET(Import.PLQ,$A20-1,O$15-1,1,1),0),0),PLE!$AA$28*OFFSET(Import.PLQ,$A20-1,O$15-1,1,1)),IF($E20<>1,IF(ISNUMBER(INDEX(Import.PLE,Detalhamento!$E20,Detalhamento!O$15)),IF(INDEX(Import.PLE,Detalhamento!$E20,Detalhamento!O$15)<=mediçao,0,OFFSET(Import.PLQ,$A20-1,O$15-1,1,1)),OFFSET(Import.PLQ,$A20-1,O$15-1,1,1)),(1-PLE!$AA$28)*OFFSET(Import.PLQ,$A20-1,O$15-1,1,1)))) -> #REF! | P20: =IF(P$13="",0,CHOOSE(Detalhamento.OpçãoServiços,OFFSET(Import.PLQ,$A20-1,P$15-1,1,1),IF($E20<>1,IF(ISNUMBER(INDEX(Import.PLE,Detalhamento!$E20,Detalhamento!P$15)),IF(INDEX(Import.PLE,Detalhamento!$E20,Detalhamento!P$15)<=mediçao,OFFSET(Import.PLQ,$A20-1,P$15-1,1,1),0),0),PLE!$AA$28*OFFSET(Import.PLQ,$A20-1,P$15-1,1,1)),IF($E20<>1,IF(ISNUMBER(INDEX(Import.PLE,Detalhamento!$E20,Detalhamento!P$15)),IF(INDEX(Import.PLE,Detalhamento!$E20,Detalhamento!P$15)<=mediçao,0,OFFSET(Import.PLQ,$A20-1,P$15-1,1,1)),OFFSET(Import.PLQ,$A20-1,P$15-1,1,1)),(1-PLE!$AA$28)*OFFSET(Import.PLQ,$A20-1,P$15-1,1,1)))) -> 0 | Q20: =IF(Q$13="",0,CHOOSE(Detalhamento.OpçãoServiços,OFFSET(Import.PLQ,$A20-1,Q$15-1,1,1),IF($E20<>1,IF(ISNUMBER(INDEX(Import.PLE,Detalhamento!$E20,Detalhamento!Q$15)),IF(INDEX(Import.PLE,Detalhamento!$E20,Detalhamento!Q$15)<=mediçao,OFFSET(Import.PLQ,$A20-1,Q$15-1,1,1),0),0),PLE!$AA$28*OFFSET(Import.PLQ,$A20-1,Q$15-1,1,1)),IF($E20<>1,IF(ISNUMBER(INDEX(Import.PLE,Detalhamento!$E20,Detalhamento!Q$15)),IF(INDEX(Import.PLE,Detalhamento!$E20,Detalhamento!Q$15)<=mediçao,0,OFFSET(Import.PLQ,$A20-1,Q$15-1,1,1)),OFFSET(Import.PLQ,$A20-1,Q$15-1,1,1)),(1-PLE!$AA$28)*OFFSET(Import.PLQ,$A20-1,Q$15-1,1,1)))) -> 0 | R20: =IF(R$13="",0,CHOOSE(Detalhamento.OpçãoServiços,OFFSET(Import.PLQ,$A20-1,R$15-1,1,1),IF($E20<>1,IF(ISNUMBER(INDEX(Import.PLE,Detalhamento!$E20,Detalhamento!R$15)),IF(INDEX(Import.PLE,Detalhamento!$E20,Detalhamento!R$15)<=mediçao,OFFSET(Import.PLQ,$A20-1,R$15-1,1,1),0),0),PLE!$AA$28*OFFSET(Import.PLQ,$A20-1,R$15-1,1,1)),IF($E20<>1,IF(ISNUMBER(INDEX(Import.PLE,Detalhamento!$E20,Detalhamento!R$15)),IF(INDEX(Import.PLE,Detalhamento!$E20,Detalhamento!R$15)<=mediçao,0,OFFSET(Import.PLQ,$A20-1,R$15-1,1,1)),OFFSET(Import.PLQ,$A20-1,R$15-1,1,1)),(1-PLE!$AA$28)*OFFSET(Import.PLQ,$A20-1,R$15-1,1,1)))) -> 0 | S20: =IF(S$13="",0,CHOOSE(Detalhamento.OpçãoServiços,OFFSET(Import.PLQ,$A20-1,S$15-1,1,1),IF($E20<>1,IF(ISNUMBER(INDEX(Import.PLE,Detalhamento!$E20,Detalhamento!S$15)),IF(INDEX(Import.PLE,Detalhamento!$E20,Detalhamento!S$15)<=mediçao,OFFSET(Import.PLQ,$A20-1,S$15-1,1,1),0),0),PLE!$AA$28*OFFSET(Import.PLQ,$A20-1,S$15-1,1,1)),IF($E20<>1,IF(ISNUMBER(INDEX(Import.PLE,Detalhamento!$E20,Detalhamento!S$15)),IF(INDEX(Import.PLE,Detalhamento!$E20,Detalhamento!S$15)<=mediçao,0,OFFSET(Import.PLQ,$A20-1,S$15-1,1,1)),OFFSET(Import.PLQ,$A20-1,S$15-1,1,1)),(1-PLE!$AA$28)*OFFSET(Import.PLQ,$A20-1,S$15-1,1,1)))) -> 0 | ... BI20: =IF(BI$13="",0,CHOOSE(Detalhamento.OpçãoServiços,OFFSET(Import.PLQ,$A20-1,BI$15-1,1,1),IF($E20<>1,IF(ISNUMBER(INDEX(Import.PLE,Detalhamento!$E20,Detalhamento!BI$15)),IF(INDEX(Import.PLE,Detalhamento!$E20,Detalhamento!BI$15)<=mediçao,OFFSET(Import.PLQ,$A20-1,BI$15-1,1,1),0),0),PLE!$AA$28*OFFSET(Import.PLQ,$A20-1,BI$15-1,1,1)),IF($E20<>1,IF(ISNUMBER(INDEX(Import.PLE,Detalhamento!$E20,Detalhamento!BI$15)),IF(INDEX(Import.PLE,Detalhamento!$E20,Detalhamento!BI$15)<=mediçao,0,OFFSET(Import.PLQ,$A20-1,BI$15-1,1,1)),OFFSET(Import.PLQ,$A20-1,BI$15-1,1,1)),(1-PLE!$AA$28)*OFFSET(Import.PLQ,$A20-1,BI$15-1,1,1)))) -> 0
A21: 2 | B21: =OFFSET(LIorçamento,$A21-1,B$16,1,1) -> #REF! | E21: =OFFSET(LIorçamento,$A21-1,E$16,1,1) -> 2 | F21: =CHOOSE($B$8,IF(OR(Nível="Serviço",Nível="Evento"),E21*10^4+IF(Nível<>"Evento",A21,0),0),IF(Nível<>"Evento",A21,0)) -> #REF! | G21: =OFFSET(LIorçamento,$A21-1,G$16,1,1) -> #REF! | H21: =OFFSET(LIorçamento,$A21-1,H$16,1,1) | I21: =IF(OR(Nível="Serviço",Nível="evento"),OFFSET(LIorçamento,$A21-1,I$16,1,1),"") -> #REF! | J21: =IF(OR(Nível="Serviço",Nível="evento"),SUM(L21:BI21),"") -> #REF! | L21: =IF(L$13="",0,CHOOSE(Detalhamento.OpçãoServiços,OFFSET(Import.PLQ,$A21-1,L$15-1,1,1),IF($E21<>1,IF(ISNUMBER(INDEX(Import.PLE,Detalhamento!$E21,Detalhamento!L$15)),IF(INDEX(Import.PLE,Detalhamento!$E21,Detalhamento!L$15)<=mediçao,OFFSET(Import.PLQ,$A21-1,L$15-1,1,1),0),0),PLE!$AA$28*OFFSET(Import.PLQ,$A21-1,L$15-1,1,1)),IF($E21<>1,IF(ISNUMBER(INDEX(Import.PLE,Detalhamento!$E21,Detalhamento!L$15)),IF(INDEX(Import.PLE,Detalhamento!$E21,Detalhamento!L$15)<=mediçao,0,OFFSET(Import.PLQ,$A21-1,L$15-1,1,1)),OFFSET(Import.PLQ,$A21-1,L$15-1,1,1)),(1-PLE!$AA$28)*OFFSET(Import.PLQ,$A21-1,L$15-1,1,1)))) -> #REF! | M21: =IF(M$13="",0,CHOOSE(Detalhamento.OpçãoServiços,OFFSET(Import.PLQ,$A21-1,M$15-1,1,1),IF($E21<>1,IF(ISNUMBER(INDEX(Import.PLE,Detalhamento!$E21,Detalhamento!M$15)),IF(INDEX(Import.PLE,Detalhamento!$E21,Detalhamento!M$15)<=mediçao,OFFSET(Import.PLQ,$A21-1,M$15-1,1,1),0),0),PLE!$AA$28*OFFSET(Import.PLQ,$A21-1,M$15-1,1,1)),IF($E21<>1,IF(ISNUMBER(INDEX(Import.PLE,Detalhamento!$E21,Detalhamento!M$15)),IF(INDEX(Import.PLE,Detalhamento!$E21,Detalhamento!M$15)<=mediçao,0,OFFSET(Import.PLQ,$A21-1,M$15-1,1,1)),OFFSET(Import.PLQ,$A21-1,M$15-1,1,1)),(1-PLE!$AA$28)*OFFSET(Import.PLQ,$A21-1,M$15-1,1,1)))) -> #REF! | N21: =IF(N$13="",0,CHOOSE(Detalhamento.OpçãoServiços,OFFSET(Import.PLQ,$A21-1,N$15-1,1,1),IF($E21<>1,IF(ISNUMBER(INDEX(Import.PLE,Detalhamento!$E21,Detalhamento!N$15)),IF(INDEX(Import.PLE,Detalhamento!$E21,Detalhamento!N$15)<=mediçao,OFFSET(Import.PLQ,$A21-1,N$15-1,1,1),0),0),PLE!$AA$28*OFFSET(Import.PLQ,$A21-1,N$15-1,1,1)),IF($E21<>1,IF(ISNUMBER(INDEX(Import.PLE,Detalhamento!$E21,Detalhamento!N$15)),IF(INDEX(Import.PLE,Detalhamento!$E21,Detalhamento!N$15)<=mediçao,0,OFFSET(Import.PLQ,$A21-1,N$15-1,1,1)),OFFSET(Import.PLQ,$A21-1,N$15-1,1,1)),(1-PLE!$AA$28)*OFFSET(Import.PLQ,$A21-1,N$15-1,1,1)))) -> #REF! | O21: =IF(O$13="",0,CHOOSE(Detalhamento.OpçãoServiços,OFFSET(Import.PLQ,$A21-1,O$15-1,1,1),IF($E21<>1,IF(ISNUMBER(INDEX(Import.PLE,Detalhamento!$E21,Detalhamento!O$15)),IF(INDEX(Import.PLE,Detalhamento!$E21,Detalhamento!O$15)<=mediçao,OFFSET(Import.PLQ,$A21-1,O$15-1,1,1),0),0),PLE!$AA$28*OFFSET(Import.PLQ,$A21-1,O$15-1,1,1)),IF($E21<>1,IF(ISNUMBER(INDEX(Import.PLE,Detalhamento!$E21,Detalhamento!O$15)),IF(INDEX(Import.PLE,Detalhamento!$E21,Detalhamento!O$15)<=mediçao,0,OFFSET(Import.PLQ,$A21-1,O$15-1,1,1)),OFFSET(Import.PLQ,$A21-1,O$15-1,1,1)),(1-PLE!$AA$28)*OFFSET(Import.PLQ,$A21-1,O$15-1,1,1)))) -> #REF! | P21: =IF(P$13="",0,CHOOSE(Detalhamento.OpçãoServiços,OFFSET(Import.PLQ,$A21-1,P$15-1,1,1),IF($E21<>1,IF(ISNUMBER(INDEX(Import.PLE,Detalhamento!$E21,Detalhamento!P$15)),IF(INDEX(Import.PLE,Detalhamento!$E21,Detalhamento!P$15)<=mediçao,OFFSET(Import.PLQ,$A21-1,P$15-1,1,1),0),0),PLE!$AA$28*OFFSET(Import.PLQ,$A21-1,P$15-1,1,1)),IF($E21<>1,IF(ISNUMBER(INDEX(Import.PLE,Detalhamento!$E21,Detalhamento!P$15)),IF(INDEX(Import.PLE,Detalhamento!$E21,Detalhamento!P$15)<=mediçao,0,OFFSET(Import.PLQ,$A21-1,P$15-1,1,1)),OFFSET(Import.PLQ,$A21-1,P$15-1,1,1)),(1-PLE!$AA$28)*OFFSET(Import.PLQ,$A21-1,P$15-1,1,1)))) -> 0 | Q21: =IF(Q$13="",0,CHOOSE(Detalhamento.OpçãoServiços,OFFSET(Import.PLQ,$A21-1,Q$15-1,1,1),IF($E21<>1,IF(ISNUMBER(INDEX(Import.PLE,Detalhamento!$E21,Detalhamento!Q$15)),IF(INDEX(Import.PLE,Detalhamento!$E21,Detalhamento!Q$15)<=mediçao,OFFSET(Import.PLQ,$A21-1,Q$15-1,1,1),0),0),PLE!$AA$28*OFFSET(Import.PLQ,$A21-1,Q$15-1,1,1)),IF($E21<>1,IF(ISNUMBER(INDEX(Import.PLE,Detalhamento!$E21,Detalhamento!Q$15)),IF(INDEX(Import.PLE,Detalhamento!$E21,Detalhamento!Q$15)<=mediçao,0,OFFSET(Import.PLQ,$A21-1,Q$15-1,1,1)),OFFSET(Import.PLQ,$A21-1,Q$15-1,1,1)),(1-PLE!$AA$28)*OFFSET(Import.PLQ,$A21-1,Q$15-1,1,1)))) -> 0 | R21: =IF(R$13="",0,CHOOSE(Detalhamento.OpçãoServiços,OFFSET(Import.PLQ,$A21-1,R$15-1,1,1),IF($E21<>1,IF(ISNUMBER(INDEX(Import.PLE,Detalhamento!$E21,Detalhamento!R$15)),IF(INDEX(Import.PLE,Detalhamento!$E21,Detalhamento!R$15)<=mediçao,OFFSET(Import.PLQ,$A21-1,R$15-1,1,1),0),0),PLE!$AA$28*OFFSET(Import.PLQ,$A21-1,R$15-1,1,1)),IF($E21<>1,IF(ISNUMBER(INDEX(Import.PLE,Detalhamento!$E21,Detalhamento!R$15)),IF(INDEX(Import.PLE,Detalhamento!$E21,Detalhamento!R$15)<=mediçao,0,OFFSET(Import.PLQ,$A21-1,R$15-1,1,1)),OFFSET(Import.PLQ,$A21-1,R$15-1,1,1)),(1-PLE!$AA$28)*OFFSET(Import.PLQ,$A21-1,R$15-1,1,1)))) -> 0 | S21: =IF(S$13="",0,CHOOSE(Detalhamento.OpçãoServiços,OFFSET(Import.PLQ,$A21-1,S$15-1,1,1),IF($E21<>1,IF(ISNUMBER(INDEX(Import.PLE,Detalhamento!$E21,Detalhamento!S$15)),IF(INDEX(Import.PLE,Detalhamento!$E21,Detalhamento!S$15)<=mediçao,OFFSET(Import.PLQ,$A21-1,S$15-1,1,1),0),0),PLE!$AA$28*OFFSET(Import.PLQ,$A21-1,S$15-1,1,1)),IF($E21<>1,IF(ISNUMBER(INDEX(Import.PLE,Detalhamento!$E21,Detalhamento!S$15)),IF(INDEX(Import.PLE,Detalhamento!$E21,Detalhamento!S$15)<=mediçao,0,OFFSET(Import.PLQ,$A21-1,S$15-1,1,1)),OFFSET(Import.PLQ,$A21-1,S$15-1,1,1)),(1-PLE!$AA$28)*OFFSET(Import.PLQ,$A21-1,S$15-1,1,1)))) -> 0 | ... BI21: =IF(BI$13="",0,CHOOSE(Detalhamento.OpçãoServiços,OFFSET(Import.PLQ,$A21-1,BI$15-1,1,1),IF($E21<>1,IF(ISNUMBER(INDEX(Import.PLE,Detalhamento!$E21,Detalhamento!BI$15)),IF(INDEX(Import.PLE,Detalhamento!$E21,Detalhamento!BI$15)<=mediçao,OFFSET(Import.PLQ,$A21-1,BI$15-1,1,1),0),0),PLE!$AA$28*OFFSET(Import.PLQ,$A21-1,BI$15-1,1,1)),IF($E21<>1,IF(ISNUMBER(INDEX(Import.PLE,Detalhamento!$E21,Detalhamento!BI$15)),IF(INDEX(Import.PLE,Detalhamento!$E21,Detalhamento!BI$15)<=mediçao,0,OFFSET(Import.PLQ,$A21-1,BI$15-1,1,1)),OFFSET(Import.PLQ,$A21-1,BI$15-1,1,1)),(1-PLE!$AA$28)*OFFSET(Import.PLQ,$A21-1,BI$15-1,1,1)))) -> 0
A22: 6 | B22: =OFFSET(LIorçamento,$A22-1,B$16,1,1) -> #REF! | E22: =OFFSET(LIorçamento,$A22-1,E$16,1,1) | F22: =CHOOSE($B$8,IF(OR(Nível="Serviço",Nível="Evento"),E22*10^4+IF(Nível<>"Evento",A22,0),0),IF(Nível<>"Evento",A22,0)) -> #REF! | G22: =OFFSET(LIorçamento,$A22-1,G$16,1,1) -> #REF! | H22: =OFFSET(LIorçamento,$A22-1,H$16,1,1) | I22: =IF(OR(Nível="Serviço",Nível="evento"),OFFSET(LIorçamento,$A22-1,I$16,1,1),"") -> #REF! | J22: =IF(OR(Nível="Serviço",Nível="evento"),SUM(L22:BI22),"") -> #REF! | L22: =IF(L$13="",0,CHOOSE(Detalhamento.OpçãoServiços,OFFSET(Import.PLQ,$A22-1,L$15-1,1,1),IF($E22<>1,IF(ISNUMBER(INDEX(Import.PLE,Detalhamento!$E22,Detalhamento!L$15)),IF(INDEX(Import.PLE,Detalhamento!$E22,Detalhamento!L$15)<=mediçao,OFFSET(Import.PLQ,$A22-1,L$15-1,1,1),0),0),PLE!$AA$28*OFFSET(Import.PLQ,$A22-1,L$15-1,1,1)),IF($E22<>1,IF(ISNUMBER(INDEX(Import.PLE,Detalhamento!$E22,Detalhamento!L$15)),IF(INDEX(Import.PLE,Detalhamento!$E22,Detalhamento!L$15)<=mediçao,0,OFFSET(Import.PLQ,$A22-1,L$15-1,1,1)),OFFSET(Import.PLQ,$A22-1,L$15-1,1,1)),(1-PLE!$AA$28)*OFFSET(Import.PLQ,$A22-1,L$15-1,1,1)))) -> #REF! | M22: =IF(M$13="",0,CHOOSE(Detalhamento.OpçãoServiços,OFFSET(Import.PLQ,$A22-1,M$15-1,1,1),IF($E22<>1,IF(ISNUMBER(INDEX(Import.PLE,Detalhamento!$E22,Detalhamento!M$15)),IF(INDEX(Import.PLE,Detalhamento!$E22,Detalhamento!M$15)<=mediçao,OFFSET(Import.PLQ,$A22-1,M$15-1,1,1),0),0),PLE!$AA$28*OFFSET(Import.PLQ,$A22-1,M$15-1,1,1)),IF($E22<>1,IF(ISNUMBER(INDEX(Import.PLE,Detalhamento!$E22,Detalhamento!M$15)),IF(INDEX(Import.PLE,Detalhamento!$E22,Detalhamento!M$15)<=mediçao,0,OFFSET(Import.PLQ,$A22-1,M$15-1,1,1)),OFFSET(Import.PLQ,$A22-1,M$15-1,1,1)),(1-PLE!$AA$28)*OFFSET(Import.PLQ,$A22-1,M$15-1,1,1)))) -> #REF! | N22: =IF(N$13="",0,CHOOSE(Detalhamento.OpçãoServiços,OFFSET(Import.PLQ,$A22-1,N$15-1,1,1),IF($E22<>1,IF(ISNUMBER(INDEX(Import.PLE,Detalhamento!$E22,Detalhamento!N$15)),IF(INDEX(Import.PLE,Detalhamento!$E22,Detalhamento!N$15)<=mediçao,OFFSET(Import.PLQ,$A22-1,N$15-1,1,1),0),0),PLE!$AA$28*OFFSET(Import.PLQ,$A22-1,N$15-1,1,1)),IF($E22<>1,IF(ISNUMBER(INDEX(Import.PLE,Detalhamento!$E22,Detalhamento!N$15)),IF(INDEX(Import.PLE,Detalhamento!$E22,Detalhamento!N$15)<=mediçao,0,OFFSET(Import.PLQ,$A22-1,N$15-1,1,1)),OFFSET(Import.PLQ,$A22-1,N$15-1,1,1)),(1-PLE!$AA$28)*OFFSET(Import.PLQ,$A22-1,N$15-1,1,1)))) -> #REF! | O22: =IF(O$13="",0,CHOOSE(Detalhamento.OpçãoServiços,OFFSET(Import.PLQ,$A22-1,O$15-1,1,1),IF($E22<>1,IF(ISNUMBER(INDEX(Import.PLE,Detalhamento!$E22,Detalhamento!O$15)),IF(INDEX(Import.PLE,Detalhamento!$E22,Detalhamento!O$15)<=mediçao,OFFSET(Import.PLQ,$A22-1,O$15-1,1,1),0),0),PLE!$AA$28*OFFSET(Import.PLQ,$A22-1,O$15-1,1,1)),IF($E22<>1,IF(ISNUMBER(INDEX(Import.PLE,Detalhamento!$E22,Detalhamento!O$15)),IF(INDEX(Import.PLE,Detalhamento!$E22,Detalhamento!O$15)<=mediçao,0,OFFSET(Import.PLQ,$A22-1,O$15-1,1,1)),OFFSET(Import.PLQ,$A22-1,O$15-1,1,1)),(1-PLE!$AA$28)*OFFSET(Import.PLQ,$A22-1,O$15-1,1,1)))) -> #REF! | P22: =IF(P$13="",0,CHOOSE(Detalhamento.OpçãoServiços,OFFSET(Import.PLQ,$A22-1,P$15-1,1,1),IF($E22<>1,IF(ISNUMBER(INDEX(Import.PLE,Detalhamento!$E22,Detalhamento!P$15)),IF(INDEX(Import.PLE,Detalhamento!$E22,Detalhamento!P$15)<=mediçao,OFFSET(Import.PLQ,$A22-1,P$15-1,1,1),0),0),PLE!$AA$28*OFFSET(Import.PLQ,$A22-1,P$15-1,1,1)),IF($E22<>1,IF(ISNUMBER(INDEX(Import.PLE,Detalhamento!$E22,Detalhamento!P$15)),IF(INDEX(Import.PLE,Detalhamento!$E22,Detalhamento!P$15)<=mediçao,0,OFFSET(Import.PLQ,$A22-1,P$15-1,1,1)),OFFSET(Import.PLQ,$A22-1,P$15-1,1,1)),(1-PLE!$AA$28)*OFFSET(Import.PLQ,$A22-1,P$15-1,1,1)))) -> 0 | Q22: =IF(Q$13="",0,CHOOSE(Detalhamento.OpçãoServiços,OFFSET(Import.PLQ,$A22-1,Q$15-1,1,1),IF($E22<>1,IF(ISNUMBER(INDEX(Import.PLE,Detalhamento!$E22,Detalhamento!Q$15)),IF(INDEX(Import.PLE,Detalhamento!$E22,Detalhamento!Q$15)<=mediçao,OFFSET(Import.PLQ,$A22-1,Q$15-1,1,1),0),0),PLE!$AA$28*OFFSET(Import.PLQ,$A22-1,Q$15-1,1,1)),IF($E22<>1,IF(ISNUMBER(INDEX(Import.PLE,Detalhamento!$E22,Detalhamento!Q$15)),IF(INDEX(Import.PLE,Detalhamento!$E22,Detalhamento!Q$15)<=mediçao,0,OFFSET(Import.PLQ,$A22-1,Q$15-1,1,1)),OFFSET(Import.PLQ,$A22-1,Q$15-1,1,1)),(1-PLE!$AA$28)*OFFSET(Import.PLQ,$A22-1,Q$15-1,1,1)))) -> 0 | R22: =IF(R$13="",0,CHOOSE(Detalhamento.OpçãoServiços,OFFSET(Import.PLQ,$A22-1,R$15-1,1,1),IF($E22<>1,IF(ISNUMBER(INDEX(Import.PLE,Detalhamento!$E22,Detalhamento!R$15)),IF(INDEX(Import.PLE,Detalhamento!$E22,Detalhamento!R$15)<=mediçao,OFFSET(Import.PLQ,$A22-1,R$15-1,1,1),0),0),PLE!$AA$28*OFFSET(Import.PLQ,$A22-1,R$15-1,1,1)),IF($E22<>1,IF(ISNUMBER(INDEX(Import.PLE,Detalhamento!$E22,Detalhamento!R$15)),IF(INDEX(Import.PLE,Detalhamento!$E22,Detalhamento!R$15)<=mediçao,0,OFFSET(Import.PLQ,$A22-1,R$15-1,1,1)),OFFSET(Import.PLQ,$A22-1,R$15-1,1,1)),(1-PLE!$AA$28)*OFFSET(Import.PLQ,$A22-1,R$15-1,1,1)))) -> 0 | S22: =IF(S$13="",0,CHOOSE(Detalhamento.OpçãoServiços,OFFSET(Import.PLQ,$A22-1,S$15-1,1,1),IF($E22<>1,IF(ISNUMBER(INDEX(Import.PLE,Detalhamento!$E22,Detalhamento!S$15)),IF(INDEX(Import.PLE,Detalhamento!$E22,Detalhamento!S$15)<=mediçao,OFFSET(Import.PLQ,$A22-1,S$15-1,1,1),0),0),PLE!$AA$28*OFFSET(Import.PLQ,$A22-1,S$15-1,1,1)),IF($E22<>1,IF(ISNUMBER(INDEX(Import.PLE,Detalhamento!$E22,Detalhamento!S$15)),IF(INDEX(Import.PLE,Detalhamento!$E22,Detalhamento!S$15)<=mediçao,0,OFFSET(Import.PLQ,$A22-1,S$15-1,1,1)),OFFSET(Import.PLQ,$A22-1,S$15-1,1,1)),(1-PLE!$AA$28)*OFFSET(Import.PLQ,$A22-1,S$15-1,1,1)))) -> 0 | ... BI22: =IF(BI$13="",0,CHOOSE(Detalhamento.OpçãoServiços,OFFSET(Import.PLQ,$A22-1,BI$15-1,1,1),IF($E22<>1,IF(ISNUMBER(INDEX(Import.PLE,Detalhamento!$E22,Detalhamento!BI$15)),IF(INDEX(Import.PLE,Detalhamento!$E22,Detalhamento!BI$15)<=mediçao,OFFSET(Import.PLQ,$A22-1,BI$15-1,1,1),0),0),PLE!$AA$28*OFFSET(Import.PLQ,$A22-1,BI$15-1,1,1)),IF($E22<>1,IF(ISNUMBER(INDEX(Import.PLE,Detalhamento!$E22,Detalhamento!BI$15)),IF(INDEX(Import.PLE,Detalhamento!$E22,Detalhamento!BI$15)<=mediçao,0,OFFSET(Import.PLQ,$A22-1,BI$15-1,1,1)),OFFSET(Import.PLQ,$A22-1,BI$15-1,1,1)),(1-PLE!$AA$28)*OFFSET(Import.PLQ,$A22-1,BI$15-1,1,1)))) -> 0
A23: 3 | B23: =OFFSET(LIorçamento,$A23-1,B$16,1,1) -> #REF! | E23: =OFFSET(LIorçamento,$A23-1,E$16,1,1) -> 2 | F23: =CHOOSE($B$8,IF(OR(Nível="Serviço",Nível="Evento"),E23*10^4+IF(Nível<>"Evento",A23,0),0),IF(Nível<>"Evento",A23,0)) -> #REF! | G23: =OFFSET(LIorçamento,$A23-1,G$16,1,1) -> #REF! | H23: =OFFSET(LIorçamento,$A23-1,H$16,1,1) | I23: =IF(OR(Nível="Serviço",Nível="evento"),OFFSET(LIorçamento,$A23-1,I$16,1,1),"") -> #REF! | J23: =IF(OR(Nível="Serviço",Nível="evento"),SUM(L23:BI23),"") -> #REF! | L23: =IF(L$13="",0,CHOOSE(Detalhamento.OpçãoServiços,OFFSET(Import.PLQ,$A23-1,L$15-1,1,1),IF($E23<>1,IF(ISNUMBER(INDEX(Import.PLE,Detalhamento!$E23,Detalhamento!L$15)),IF(INDEX(Import.PLE,Detalhamento!$E23,Detalhamento!L$15)<=mediçao,OFFSET(Import.PLQ,$A23-1,L$15-1,1,1),0),0),PLE!$AA$28*OFFSET(Import.PLQ,$A23-1,L$15-1,1,1)),IF($E23<>1,IF(ISNUMBER(INDEX(Import.PLE,Detalhamento!$E23,Detalhamento!L$15)),IF(INDEX(Import.PLE,Detalhamento!$E23,Detalhamento!L$15)<=mediçao,0,OFFSET(Import.PLQ,$A23-1,L$15-1,1,1)),OFFSET(Import.PLQ,$A23-1,L$15-1,1,1)),(1-PLE!$AA$28)*OFFSET(Import.PLQ,$A23-1,L$15-1,1,1)))) -> #REF! | M23: =IF(M$13="",0,CHOOSE(Detalhamento.OpçãoServiços,OFFSET(Import.PLQ,$A23-1,M$15-1,1,1),IF($E23<>1,IF(ISNUMBER(INDEX(Import.PLE,Detalhamento!$E23,Detalhamento!M$15)),IF(INDEX(Import.PLE,Detalhamento!$E23,Detalhamento!M$15)<=mediçao,OFFSET(Import.PLQ,$A23-1,M$15-1,1,1),0),0),PLE!$AA$28*OFFSET(Import.PLQ,$A23-1,M$15-1,1,1)),IF($E23<>1,IF(ISNUMBER(INDEX(Import.PLE,Detalhamento!$E23,Detalhamento!M$15)),IF(INDEX(Import.PLE,Detalhamento!$E23,Detalhamento!M$15)<=mediçao,0,OFFSET(Import.PLQ,$A23-1,M$15-1,1,1)),OFFSET(Import.PLQ,$A23-1,M$15-1,1,1)),(1-PLE!$AA$28)*OFFSET(Import.PLQ,$A23-1,M$15-1,1,1)))) -> #REF! | N23: =IF(N$13="",0,CHOOSE(Detalhamento.OpçãoServiços,OFFSET(Import.PLQ,$A23-1,N$15-1,1,1),IF($E23<>1,IF(ISNUMBER(INDEX(Import.PLE,Detalhamento!$E23,Detalhamento!N$15)),IF(INDEX(Import.PLE,Detalhamento!$E23,Detalhamento!N$15)<=mediçao,OFFSET(Import.PLQ,$A23-1,N$15-1,1,1),0),0),PLE!$AA$28*OFFSET(Import.PLQ,$A23-1,N$15-1,1,1)),IF($E23<>1,IF(ISNUMBER(INDEX(Import.PLE,Detalhamento!$E23,Detalhamento!N$15)),IF(INDEX(Import.PLE,Detalhamento!$E23,Detalhamento!N$15)<=mediçao,0,OFFSET(Import.PLQ,$A23-1,N$15-1,1,1)),OFFSET(Import.PLQ,$A23-1,N$15-1,1,1)),(1-PLE!$AA$28)*OFFSET(Import.PLQ,$A23-1,N$15-1,1,1)))) -> #REF! | O23: =IF(O$13="",0,CHOOSE(Detalhamento.OpçãoServiços,OFFSET(Import.PLQ,$A23-1,O$15-1,1,1),IF($E23<>1,IF(ISNUMBER(INDEX(Import.PLE,Detalhamento!$E23,Detalhamento!O$15)),IF(INDEX(Import.PLE,Detalhamento!$E23,Detalhamento!O$15)<=mediçao,OFFSET(Import.PLQ,$A23-1,O$15-1,1,1),0),0),PLE!$AA$28*OFFSET(Import.PLQ,$A23-1,O$15-1,1,1)),IF($E23<>1,IF(ISNUMBER(INDEX(Import.PLE,Detalhamento!$E23,Detalhamento!O$15)),IF(INDEX(Import.PLE,Detalhamento!$E23,Detalhamento!O$15)<=mediçao,0,OFFSET(Import.PLQ,$A23-1,O$15-1,1,1)),OFFSET(Import.PLQ,$A23-1,O$15-1,1,1)),(1-PLE!$AA$28)*OFFSET(Import.PLQ,$A23-1,O$15-1,1,1)))) -> #REF! | P23: =IF(P$13="",0,CHOOSE(Detalhamento.OpçãoServiços,OFFSET(Import.PLQ,$A23-1,P$15-1,1,1),IF($E23<>1,IF(ISNUMBER(INDEX(Import.PLE,Detalhamento!$E23,Detalhamento!P$15)),IF(INDEX(Import.PLE,Detalhamento!$E23,Detalhamento!P$15)<=mediçao,OFFSET(Import.PLQ,$A23-1,P$15-1,1,1),0),0),PLE!$AA$28*OFFSET(Import.PLQ,$A23-1,P$15-1,1,1)),IF($E23<>1,IF(ISNUMBER(INDEX(Import.PLE,Detalhamento!$E23,Detalhamento!P$15)),IF(INDEX(Import.PLE,Detalhamento!$E23,Detalhamento!P$15)<=mediçao,0,OFFSET(Import.PLQ,$A23-1,P$15-1,1,1)),OFFSET(Import.PLQ,$A23-1,P$15-1,1,1)),(1-PLE!$AA$28)*OFFSET(Import.PLQ,$A23-1,P$15-1,1,1)))) -> 0 | Q23: =IF(Q$13="",0,CHOOSE(Detalhamento.OpçãoServiços,OFFSET(Import.PLQ,$A23-1,Q$15-1,1,1),IF($E23<>1,IF(ISNUMBER(INDEX(Import.PLE,Detalhamento!$E23,Detalhamento!Q$15)),IF(INDEX(Import.PLE,Detalhamento!$E23,Detalhamento!Q$15)<=mediçao,OFFSET(Import.PLQ,$A23-1,Q$15-1,1,1),0),0),PLE!$AA$28*OFFSET(Import.PLQ,$A23-1,Q$15-1,1,1)),IF($E23<>1,IF(ISNUMBER(INDEX(Import.PLE,Detalhamento!$E23,Detalhamento!Q$15)),IF(INDEX(Import.PLE,Detalhamento!$E23,Detalhamento!Q$15)<=mediçao,0,OFFSET(Import.PLQ,$A23-1,Q$15-1,1,1)),OFFSET(Import.PLQ,$A23-1,Q$15-1,1,1)),(1-PLE!$AA$28)*OFFSET(Import.PLQ,$A23-1,Q$15-1,1,1)))) -> 0 | R23: =IF(R$13="",0,CHOOSE(Detalhamento.OpçãoServiços,OFFSET(Import.PLQ,$A23-1,R$15-1,1,1),IF($E23<>1,IF(ISNUMBER(INDEX(Import.PLE,Detalhamento!$E23,Detalhamento!R$15)),IF(INDEX(Import.PLE,Detalhamento!$E23,Detalhamento!R$15)<=mediçao,OFFSET(Import.PLQ,$A23-1,R$15-1,1,1),0),0),PLE!$AA$28*OFFSET(Import.PLQ,$A23-1,R$15-1,1,1)),IF($E23<>1,IF(ISNUMBER(INDEX(Import.PLE,Detalhamento!$E23,Detalhamento!R$15)),IF(INDEX(Import.PLE,Detalhamento!$E23,Detalhamento!R$15)<=mediçao,0,OFFSET(Import.PLQ,$A23-1,R$15-1,1,1)),OFFSET(Import.PLQ,$A23-1,R$15-1,1,1)),(1-PLE!$AA$28)*OFFSET(Import.PLQ,$A23-1,R$15-1,1,1)))) -> 0 | S23: =IF(S$13="",0,CHOOSE(Detalhamento.OpçãoServiços,OFFSET(Import.PLQ,$A23-1,S$15-1,1,1),IF($E23<>1,IF(ISNUMBER(INDEX(Import.PLE,Detalhamento!$E23,Detalhamento!S$15)),IF(INDEX(Import.PLE,Detalhamento!$E23,Detalhamento!S$15)<=mediçao,OFFSET(Import.PLQ,$A23-1,S$15-1,1,1),0),0),PLE!$AA$28*OFFSET(Import.PLQ,$A23-1,S$15-1,1,1)),IF($E23<>1,IF(ISNUMBER(INDEX(Import.PLE,Detalhamento!$E23,Detalhamento!S$15)),IF(INDEX(Import.PLE,Detalhamento!$E23,Detalhamento!S$15)<=mediçao,0,OFFSET(Import.PLQ,$A23-1,S$15-1,1,1)),OFFSET(Import.PLQ,$A23-1,S$15-1,1,1)),(1-PLE!$AA$28)*OFFSET(Import.PLQ,$A23-1,S$15-1,1,1)))) -> 0 | ... BI23: =IF(BI$13="",0,CHOOSE(Detalhamento.OpçãoServiços,OFFSET(Import.PLQ,$A23-1,BI$15-1,1,1),IF($E23<>1,IF(ISNUMBER(INDEX(Import.PLE,Detalhamento!$E23,Detalhamento!BI$15)),IF(INDEX(Import.PLE,Detalhamento!$E23,Detalhamento!BI$15)<=mediçao,OFFSET(Import.PLQ,$A23-1,BI$15-1,1,1),0),0),PLE!$AA$28*OFFSET(Import.PLQ,$A23-1,BI$15-1,1,1)),IF($E23<>1,IF(ISNUMBER(INDEX(Import.PLE,Detalhamento!$E23,Detalhamento!BI$15)),IF(INDEX(Import.PLE,Detalhamento!$E23,Detalhamento!BI$15)<=mediçao,0,OFFSET(Import.PLQ,$A23-1,BI$15-1,1,1)),OFFSET(Import.PLQ,$A23-1,BI$15-1,1,1)),(1-PLE!$AA$28)*OFFSET(Import.PLQ,$A23-1,BI$15-1,1,1)))) -> 0
A24: 5 | B24: =OFFSET(LIorçamento,$A24-1,B$16,1,1) -> #REF! | E24: =OFFSET(LIorçamento,$A24-1,E$16,1,1) -> 2 | F24: =CHOOSE($B$8,IF(OR(Nível="Serviço",Nível="Evento"),E24*10^4+IF(Nível<>"Evento",A24,0),0),IF(Nível<>"Evento",A24,0)) -> #REF! | G24: =OFFSET(LIorçamento,$A24-1,G$16,1,1) -> #REF! | H24: =OFFSET(LIorçamento,$A24-1,H$16,1,1) | I24: =IF(OR(Nível="Serviço",Nível="evento"),OFFSET(LIorçamento,$A24-1,I$16,1,1),"") -> #REF! | J24: =IF(OR(Nível="Serviço",Nível="evento"),SUM(L24:BI24),"") -> #REF! | L24: =IF(L$13="",0,CHOOSE(Detalhamento.OpçãoServiços,OFFSET(Import.PLQ,$A24-1,L$15-1,1,1),IF($E24<>1,IF(ISNUMBER(INDEX(Import.PLE,Detalhamento!$E24,Detalhamento!L$15)),IF(INDEX(Import.PLE,Detalhamento!$E24,Detalhamento!L$15)<=mediçao,OFFSET(Import.PLQ,$A24-1,L$15-1,1,1),0),0),PLE!$AA$28*OFFSET(Import.PLQ,$A24-1,L$15-1,1,1)),IF($E24<>1,IF(ISNUMBER(INDEX(Import.PLE,Detalhamento!$E24,Detalhamento!L$15)),IF(INDEX(Import.PLE,Detalhamento!$E24,Detalhamento!L$15)<=mediçao,0,OFFSET(Import.PLQ,$A24-1,L$15-1,1,1)),OFFSET(Import.PLQ,$A24-1,L$15-1,1,1)),(1-PLE!$AA$28)*OFFSET(Import.PLQ,$A24-1,L$15-1,1,1)))) -> #REF! | M24: =IF(M$13="",0,CHOOSE(Detalhamento.OpçãoServiços,OFFSET(Import.PLQ,$A24-1,M$15-1,1,1),IF($E24<>1,IF(ISNUMBER(INDEX(Import.PLE,Detalhamento!$E24,Detalhamento!M$15)),IF(INDEX(Import.PLE,Detalhamento!$E24,Detalhamento!M$15)<=mediçao,OFFSET(Import.PLQ,$A24-1,M$15-1,1,1),0),0),PLE!$AA$28*OFFSET(Import.PLQ,$A24-1,M$15-1,1,1)),IF($E24<>1,IF(ISNUMBER(INDEX(Import.PLE,Detalhamento!$E24,Detalhamento!M$15)),IF(INDEX(Import.PLE,Detalhamento!$E24,Detalhamento!M$15)<=mediçao,0,OFFSET(Import.PLQ,$A24-1,M$15-1,1,1)),OFFSET(Import.PLQ,$A24-1,M$15-1,1,1)),(1-PLE!$AA$28)*OFFSET(Import.PLQ,$A24-1,M$15-1,1,1)))) -> #REF! | N24: =IF(N$13="",0,CHOOSE(Detalhamento.OpçãoServiços,OFFSET(Import.PLQ,$A24-1,N$15-1,1,1),IF($E24<>1,IF(ISNUMBER(INDEX(Import.PLE,Detalhamento!$E24,Detalhamento!N$15)),IF(INDEX(Import.PLE,Detalhamento!$E24,Detalhamento!N$15)<=mediçao,OFFSET(Import.PLQ,$A24-1,N$15-1,1,1),0),0),PLE!$AA$28*OFFSET(Import.PLQ,$A24-1,N$15-1,1,1)),IF($E24<>1,IF(ISNUMBER(INDEX(Import.PLE,Detalhamento!$E24,Detalhamento!N$15)),IF(INDEX(Import.PLE,Detalhamento!$E24,Detalhamento!N$15)<=mediçao,0,OFFSET(Import.PLQ,$A24-1,N$15-1,1,1)),OFFSET(Import.PLQ,$A24-1,N$15-1,1,1)),(1-PLE!$AA$28)*OFFSET(Import.PLQ,$A24-1,N$15-1,1,1)))) -> #REF! | O24: =IF(O$13="",0,CHOOSE(Detalhamento.OpçãoServiços,OFFSET(Import.PLQ,$A24-1,O$15-1,1,1),IF($E24<>1,IF(ISNUMBER(INDEX(Import.PLE,Detalhamento!$E24,Detalhamento!O$15)),IF(INDEX(Import.PLE,Detalhamento!$E24,Detalhamento!O$15)<=mediçao,OFFSET(Import.PLQ,$A24-1,O$15-1,1,1),0),0),PLE!$AA$28*OFFSET(Import.PLQ,$A24-1,O$15-1,1,1)),IF($E24<>1,IF(ISNUMBER(INDEX(Import.PLE,Detalhamento!$E24,Detalhamento!O$15)),IF(INDEX(Import.PLE,Detalhamento!$E24,Detalhamento!O$15)<=mediçao,0,OFFSET(Import.PLQ,$A24-1,O$15-1,1,1)),OFFSET(Import.PLQ,$A24-1,O$15-1,1,1)),(1-PLE!$AA$28)*OFFSET(Import.PLQ,$A24-1,O$15-1,1,1)))) -> #REF! | P24: =IF(P$13="",0,CHOOSE(Detalhamento.OpçãoServiços,OFFSET(Import.PLQ,$A24-1,P$15-1,1,1),IF($E24<>1,IF(ISNUMBER(INDEX(Import.PLE,Detalhamento!$E24,Detalhamento!P$15)),IF(INDEX(Import.PLE,Detalhamento!$E24,Detalhamento!P$15)<=mediçao,OFFSET(Import.PLQ,$A24-1,P$15-1,1,1),0),0),PLE!$AA$28*OFFSET(Import.PLQ,$A24-1,P$15-1,1,1)),IF($E24<>1,IF(ISNUMBER(INDEX(Import.PLE,Detalhamento!$E24,Detalhamento!P$15)),IF(INDEX(Import.PLE,Detalhamento!$E24,Detalhamento!P$15)<=mediçao,0,OFFSET(Import.PLQ,$A24-1,P$15-1,1,1)),OFFSET(Import.PLQ,$A24-1,P$15-1,1,1)),(1-PLE!$AA$28)*OFFSET(Import.PLQ,$A24-1,P$15-1,1,1)))) -> 0 | Q24: =IF(Q$13="",0,CHOOSE(Detalhamento.OpçãoServiços,OFFSET(Import.PLQ,$A24-1,Q$15-1,1,1),IF($E24<>1,IF(ISNUMBER(INDEX(Import.PLE,Detalhamento!$E24,Detalhamento!Q$15)),IF(INDEX(Import.PLE,Detalhamento!$E24,Detalhamento!Q$15)<=mediçao,OFFSET(Import.PLQ,$A24-1,Q$15-1,1,1),0),0),PLE!$AA$28*OFFSET(Import.PLQ,$A24-1,Q$15-1,1,1)),IF($E24<>1,IF(ISNUMBER(INDEX(Import.PLE,Detalhamento!$E24,Detalhamento!Q$15)),IF(INDEX(Import.PLE,Detalhamento!$E24,Detalhamento!Q$15)<=mediçao,0,OFFSET(Import.PLQ,$A24-1,Q$15-1,1,1)),OFFSET(Import.PLQ,$A24-1,Q$15-1,1,1)),(1-PLE!$AA$28)*OFFSET(Import.PLQ,$A24-1,Q$15-1,1,1)))) -> 0 | R24: =IF(R$13="",0,CHOOSE(Detalhamento.OpçãoServiços,OFFSET(Import.PLQ,$A24-1,R$15-1,1,1),IF($E24<>1,IF(ISNUMBER(INDEX(Import.PLE,Detalhamento!$E24,Detalhamento!R$15)),IF(INDEX(Import.PLE,Detalhamento!$E24,Detalhamento!R$15)<=mediçao,OFFSET(Import.PLQ,$A24-1,R$15-1,1,1),0),0),PLE!$AA$28*OFFSET(Import.PLQ,$A24-1,R$15-1,1,1)),IF($E24<>1,IF(ISNUMBER(INDEX(Import.PLE,Detalhamento!$E24,Detalhamento!R$15)),IF(INDEX(Import.PLE,Detalhamento!$E24,Detalhamento!R$15)<=mediçao,0,OFFSET(Import.PLQ,$A24-1,R$15-1,1,1)),OFFSET(Import.PLQ,$A24-1,R$15-1,1,1)),(1-PLE!$AA$28)*OFFSET(Import.PLQ,$A24-1,R$15-1,1,1)))) -> 0 | S24: =IF(S$13="",0,CHOOSE(Detalhamento.OpçãoServiços,OFFSET(Import.PLQ,$A24-1,S$15-1,1,1),IF($E24<>1,IF(ISNUMBER(INDEX(Import.PLE,Detalhamento!$E24,Detalhamento!S$15)),IF(INDEX(Import.PLE,Detalhamento!$E24,Detalhamento!S$15)<=mediçao,OFFSET(Import.PLQ,$A24-1,S$15-1,1,1),0),0),PLE!$AA$28*OFFSET(Import.PLQ,$A24-1,S$15-1,1,1)),IF($E24<>1,IF(ISNUMBER(INDEX(Import.PLE,Detalhamento!$E24,Detalhamento!S$15)),IF(INDEX(Import.PLE,Detalhamento!$E24,Detalhamento!S$15)<=mediçao,0,OFFSET(Import.PLQ,$A24-1,S$15-1,1,1)),OFFSET(Import.PLQ,$A24-1,S$15-1,1,1)),(1-PLE!$AA$28)*OFFSET(Import.PLQ,$A24-1,S$15-1,1,1)))) -> 0 | ... BI24: =IF(BI$13="",0,CHOOSE(Detalhamento.OpçãoServiços,OFFSET(Import.PLQ,$A24-1,BI$15-1,1,1),IF($E24<>1,IF(ISNUMBER(INDEX(Import.PLE,Detalhamento!$E24,Detalhamento!BI$15)),IF(INDEX(Import.PLE,Detalhamento!$E24,Detalhamento!BI$15)<=mediçao,OFFSET(Import.PLQ,$A24-1,BI$15-1,1,1),0),0),PLE!$AA$28*OFFSET(Import.PLQ,$A24-1,BI$15-1,1,1)),IF($E24<>1,IF(ISNUMBER(INDEX(Import.PLE,Detalhamento!$E24,Detalhamento!BI$15)),IF(INDEX(Import.PLE,Detalhamento!$E24,Detalhamento!BI$15)<=mediçao,0,OFFSET(Import.PLQ,$A24-1,BI$15-1,1,1)),OFFSET(Import.PLQ,$A24-1,BI$15-1,1,1)),(1-PLE!$AA$28)*OFFSET(Import.PLQ,$A24-1,BI$15-1,1,1)))) -> 0
A25: 7 | B25: =OFFSET(LIorçamento,$A25-1,B$16,1,1) -> #REF! | E25: =OFFSET(LIorçamento,$A25-1,E$16,1,1) -> 2 | F25: =CHOOSE($B$8,IF(OR(Nível="Serviço",Nível="Evento"),E25*10^4+IF(Nível<>"Evento",A25,0),0),IF(Nível<>"Evento",A25,0)) -> #REF! | G25: =OFFSET(LIorçamento,$A25-1,G$16,1,1) -> #REF! | H25: =OFFSET(LIorçamento,$A25-1,H$16,1,1) | I25: =IF(OR(Nível="Serviço",Nível="evento"),OFFSET(LIorçamento,$A25-1,I$16,1,1),"") -> #REF! | J25: =IF(OR(Nível="Serviço",Nível="evento"),SUM(L25:BI25),"") -> #REF! | L25: =IF(L$13="",0,CHOOSE(Detalhamento.OpçãoServiços,OFFSET(Import.PLQ,$A25-1,L$15-1,1,1),IF($E25<>1,IF(ISNUMBER(INDEX(Import.PLE,Detalhamento!$E25,Detalhamento!L$15)),IF(INDEX(Import.PLE,Detalhamento!$E25,Detalhamento!L$15)<=mediçao,OFFSET(Import.PLQ,$A25-1,L$15-1,1,1),0),0),PLE!$AA$28*OFFSET(Import.PLQ,$A25-1,L$15-1,1,1)),IF($E25<>1,IF(ISNUMBER(INDEX(Import.PLE,Detalhamento!$E25,Detalhamento!L$15)),IF(INDEX(Import.PLE,Detalhamento!$E25,Detalhamento!L$15)<=mediçao,0,OFFSET(Import.PLQ,$A25-1,L$15-1,1,1)),OFFSET(Import.PLQ,$A25-1,L$15-1,1,1)),(1-PLE!$AA$28)*OFFSET(Import.PLQ,$A25-1,L$15-1,1,1)))) -> #REF! | M25: =IF(M$13="",0,CHOOSE(Detalhamento.OpçãoServiços,OFFSET(Import.PLQ,$A25-1,M$15-1,1,1),IF($E25<>1,IF(ISNUMBER(INDEX(Import.PLE,Detalhamento!$E25,Detalhamento!M$15)),IF(INDEX(Import.PLE,Detalhamento!$E25,Detalhamento!M$15)<=mediçao,OFFSET(Import.PLQ,$A25-1,M$15-1,1,1),0),0),PLE!$AA$28*OFFSET(Import.PLQ,$A25-1,M$15-1,1,1)),IF($E25<>1,IF(ISNUMBER(INDEX(Import.PLE,Detalhamento!$E25,Detalhamento!M$15)),IF(INDEX(Import.PLE,Detalhamento!$E25,Detalhamento!M$15)<=mediçao,0,OFFSET(Import.PLQ,$A25-1,M$15-1,1,1)),OFFSET(Import.PLQ,$A25-1,M$15-1,1,1)),(1-PLE!$AA$28)*OFFSET(Import.PLQ,$A25-1,M$15-1,1,1)))) -> #REF! | N25: =IF(N$13="",0,CHOOSE(Detalhamento.OpçãoServiços,OFFSET(Import.PLQ,$A25-1,N$15-1,1,1),IF($E25<>1,IF(ISNUMBER(INDEX(Import.PLE,Detalhamento!$E25,Detalhamento!N$15)),IF(INDEX(Import.PLE,Detalhamento!$E25,Detalhamento!N$15)<=mediçao,OFFSET(Import.PLQ,$A25-1,N$15-1,1,1),0),0),PLE!$AA$28*OFFSET(Import.PLQ,$A25-1,N$15-1,1,1)),IF($E25<>1,IF(ISNUMBER(INDEX(Import.PLE,Detalhamento!$E25,Detalhamento!N$15)),IF(INDEX(Import.PLE,Detalhamento!$E25,Detalhamento!N$15)<=mediçao,0,OFFSET(Import.PLQ,$A25-1,N$15-1,1,1)),OFFSET(Import.PLQ,$A25-1,N$15-1,1,1)),(1-PLE!$AA$28)*OFFSET(Import.PLQ,$A25-1,N$15-1,1,1)))) -> #REF! | O25: =IF(O$13="",0,CHOOSE(Detalhamento.OpçãoServiços,OFFSET(Import.PLQ,$A25-1,O$15-1,1,1),IF($E25<>1,IF(ISNUMBER(INDEX(Import.PLE,Detalhamento!$E25,Detalhamento!O$15)),IF(INDEX(Import.PLE,Detalhamento!$E25,Detalhamento!O$15)<=mediçao,OFFSET(Import.PLQ,$A25-1,O$15-1,1,1),0),0),PLE!$AA$28*OFFSET(Import.PLQ,$A25-1,O$15-1,1,1)),IF($E25<>1,IF(ISNUMBER(INDEX(Import.PLE,Detalhamento!$E25,Detalhamento!O$15)),IF(INDEX(Import.PLE,Detalhamento!$E25,Detalhamento!O$15)<=mediçao,0,OFFSET(Import.PLQ,$A25-1,O$15-1,1,1)),OFFSET(Import.PLQ,$A25-1,O$15-1,1,1)),(1-PLE!$AA$28)*OFFSET(Import.PLQ,$A25-1,O$15-1,1,1)))) -> #REF! | P25: =IF(P$13="",0,CHOOSE(Detalhamento.OpçãoServiços,OFFSET(Import.PLQ,$A25-1,P$15-1,1,1),IF($E25<>1,IF(ISNUMBER(INDEX(Import.PLE,Detalhamento!$E25,Detalhamento!P$15)),IF(INDEX(Import.PLE,Detalhamento!$E25,Detalhamento!P$15)<=mediçao,OFFSET(Import.PLQ,$A25-1,P$15-1,1,1),0),0),PLE!$AA$28*OFFSET(Import.PLQ,$A25-1,P$15-1,1,1)),IF($E25<>1,IF(ISNUMBER(INDEX(Import.PLE,Detalhamento!$E25,Detalhamento!P$15)),IF(INDEX(Import.PLE,Detalhamento!$E25,Detalhamento!P$15)<=mediçao,0,OFFSET(Import.PLQ,$A25-1,P$15-1,1,1)),OFFSET(Import.PLQ,$A25-1,P$15-1,1,1)),(1-PLE!$AA$28)*OFFSET(Import.PLQ,$A25-1,P$15-1,1,1)))) -> 0 | Q25: =IF(Q$13="",0,CHOOSE(Detalhamento.OpçãoServiços,OFFSET(Import.PLQ,$A25-1,Q$15-1,1,1),IF($E25<>1,IF(ISNUMBER(INDEX(Import.PLE,Detalhamento!$E25,Detalhamento!Q$15)),IF(INDEX(Import.PLE,Detalhamento!$E25,Detalhamento!Q$15)<=mediçao,OFFSET(Import.PLQ,$A25-1,Q$15-1,1,1),0),0),PLE!$AA$28*OFFSET(Import.PLQ,$A25-1,Q$15-1,1,1)),IF($E25<>1,IF(ISNUMBER(INDEX(Import.PLE,Detalhamento!$E25,Detalhamento!Q$15)),IF(INDEX(Import.PLE,Detalhamento!$E25,Detalhamento!Q$15)<=mediçao,0,OFFSET(Import.PLQ,$A25-1,Q$15-1,1,1)),OFFSET(Import.PLQ,$A25-1,Q$15-1,1,1)),(1-PLE!$AA$28)*OFFSET(Import.PLQ,$A25-1,Q$15-1,1,1)))) -> 0 | R25: =IF(R$13="",0,CHOOSE(Detalhamento.OpçãoServiços,OFFSET(Import.PLQ,$A25-1,R$15-1,1,1),IF($E25<>1,IF(ISNUMBER(INDEX(Import.PLE,Detalhamento!$E25,Detalhamento!R$15)),IF(INDEX(Import.PLE,Detalhamento!$E25,Detalhamento!R$15)<=mediçao,OFFSET(Import.PLQ,$A25-1,R$15-1,1,1),0),0),PLE!$AA$28*OFFSET(Import.PLQ,$A25-1,R$15-1,1,1)),IF($E25<>1,IF(ISNUMBER(INDEX(Import.PLE,Detalhamento!$E25,Detalhamento!R$15)),IF(INDEX(Import.PLE,Detalhamento!$E25,Detalhamento!R$15)<=mediçao,0,OFFSET(Import.PLQ,$A25-1,R$15-1,1,1)),OFFSET(Import.PLQ,$A25-1,R$15-1,1,1)),(1-PLE!$AA$28)*OFFSET(Import.PLQ,$A25-1,R$15-1,1,1)))) -> 0 | S25: =IF(S$13="",0,CHOOSE(Detalhamento.OpçãoServiços,OFFSET(Import.PLQ,$A25-1,S$15-1,1,1),IF($E25<>1,IF(ISNUMBER(INDEX(Import.PLE,Detalhamento!$E25,Detalhamento!S$15)),IF(INDEX(Import.PLE,Detalhamento!$E25,Detalhamento!S$15)<=mediçao,OFFSET(Import.PLQ,$A25-1,S$15-1,1,1),0),0),PLE!$AA$28*OFFSET(Import.PLQ,$A25-1,S$15-1,1,1)),IF($E25<>1,IF(ISNUMBER(INDEX(Import.PLE,Detalhamento!$E25,Detalhamento!S$15)),IF(INDEX(Import.PLE,Detalhamento!$E25,Detalhamento!S$15)<=mediçao,0,OFFSET(Import.PLQ,$A25-1,S$15-1,1,1)),OFFSET(Import.PLQ,$A25-1,S$15-1,1,1)),(1-PLE!$AA$28)*OFFSET(Import.PLQ,$A25-1,S$15-1,1,1)))) -> 0 | ... BI25: =IF(BI$13="",0,CHOOSE(Detalhamento.OpçãoServiços,OFFSET(Import.PLQ,$A25-1,BI$15-1,1,1),IF($E25<>1,IF(ISNUMBER(INDEX(Import.PLE,Detalhamento!$E25,Detalhamento!BI$15)),IF(INDEX(Import.PLE,Detalhamento!$E25,Detalhamento!BI$15)<=mediçao,OFFSET(Import.PLQ,$A25-1,BI$15-1,1,1),0),0),PLE!$AA$28*OFFSET(Import.PLQ,$A25-1,BI$15-1,1,1)),IF($E25<>1,IF(ISNUMBER(INDEX(Import.PLE,Detalhamento!$E25,Detalhamento!BI$15)),IF(INDEX(Import.PLE,Detalhamento!$E25,Detalhamento!BI$15)<=mediçao,0,OFFSET(Import.PLQ,$A25-1,BI$15-1,1,1)),OFFSET(Import.PLQ,$A25-1,BI$15-1,1,1)),(1-PLE!$AA$28)*OFFSET(Import.PLQ,$A25-1,BI$15-1,1,1)))) -> 0
A26: 8 | B26: =OFFSET(LIorçamento,$A26-1,B$16,1,1) -> #REF! | E26: =OFFSET(LIorçamento,$A26-1,E$16,1,1) -> 2 | F26: =CHOOSE($B$8,IF(OR(Nível="Serviço",Nível="Evento"),E26*10^4+IF(Nível<>"Evento",A26,0),0),IF(Nível<>"Evento",A26,0)) -> #REF! | G26: =OFFSET(LIorçamento,$A26-1,G$16,1,1) -> #REF! | H26: =OFFSET(LIorçamento,$A26-1,H$16,1,1) | I26: =IF(OR(Nível="Serviço",Nível="evento"),OFFSET(LIorçamento,$A26-1,I$16,1,1),"") -> #REF! | J26: =IF(OR(Nível="Serviço",Nível="evento"),SUM(L26:BI26),"") -> #REF! | L26: =IF(L$13="",0,CHOOSE(Detalhamento.OpçãoServiços,OFFSET(Import.PLQ,$A26-1,L$15-1,1,1),IF($E26<>1,IF(ISNUMBER(INDEX(Import.PLE,Detalhamento!$E26,Detalhamento!L$15)),IF(INDEX(Import.PLE,Detalhamento!$E26,Detalhamento!L$15)<=mediçao,OFFSET(Import.PLQ,$A26-1,L$15-1,1,1),0),0),PLE!$AA$28*OFFSET(Import.PLQ,$A26-1,L$15-1,1,1)),IF($E26<>1,IF(ISNUMBER(INDEX(Import.PLE,Detalhamento!$E26,Detalhamento!L$15)),IF(INDEX(Import.PLE,Detalhamento!$E26,Detalhamento!L$15)<=mediçao,0,OFFSET(Import.PLQ,$A26-1,L$15-1,1,1)),OFFSET(Import.PLQ,$A26-1,L$15-1,1,1)),(1-PLE!$AA$28)*OFFSET(Import.PLQ,$A26-1,L$15-1,1,1)))) -> #REF! | M26: =IF(M$13="",0,CHOOSE(Detalhamento.OpçãoServiços,OFFSET(Import.PLQ,$A26-1,M$15-1,1,1),IF($E26<>1,IF(ISNUMBER(INDEX(Import.PLE,Detalhamento!$E26,Detalhamento!M$15)),IF(INDEX(Import.PLE,Detalhamento!$E26,Detalhamento!M$15)<=mediçao,OFFSET(Import.PLQ,$A26-1,M$15-1,1,1),0),0),PLE!$AA$28*OFFSET(Import.PLQ,$A26-1,M$15-1,1,1)),IF($E26<>1,IF(ISNUMBER(INDEX(Import.PLE,Detalhamento!$E26,Detalhamento!M$15)),IF(INDEX(Import.PLE,Detalhamento!$E26,Detalhamento!M$15)<=mediçao,0,OFFSET(Import.PLQ,$A26-1,M$15-1,1,1)),OFFSET(Import.PLQ,$A26-1,M$15-1,1,1)),(1-PLE!$AA$28)*OFFSET(Import.PLQ,$A26-1,M$15-1,1,1)))) -> #REF! | N26: =IF(N$13="",0,CHOOSE(Detalhamento.OpçãoServiços,OFFSET(Import.PLQ,$A26-1,N$15-1,1,1),IF($E26<>1,IF(ISNUMBER(INDEX(Import.PLE,Detalhamento!$E26,Detalhamento!N$15)),IF(INDEX(Import.PLE,Detalhamento!$E26,Detalhamento!N$15)<=mediçao,OFFSET(Import.PLQ,$A26-1,N$15-1,1,1),0),0),PLE!$AA$28*OFFSET(Import.PLQ,$A26-1,N$15-1,1,1)),IF($E26<>1,IF(ISNUMBER(INDEX(Import.PLE,Detalhamento!$E26,Detalhamento!N$15)),IF(INDEX(Import.PLE,Detalhamento!$E26,Detalhamento!N$15)<=mediçao,0,OFFSET(Import.PLQ,$A26-1,N$15-1,1,1)),OFFSET(Import.PLQ,$A26-1,N$15-1,1,1)),(1-PLE!$AA$28)*OFFSET(Import.PLQ,$A26-1,N$15-1,1,1)))) -> #REF! | O26: =IF(O$13="",0,CHOOSE(Detalhamento.OpçãoServiços,OFFSET(Import.PLQ,$A26-1,O$15-1,1,1),IF($E26<>1,IF(ISNUMBER(INDEX(Import.PLE,Detalhamento!$E26,Detalhamento!O$15)),IF(INDEX(Import.PLE,Detalhamento!$E26,Detalhamento!O$15)<=mediçao,OFFSET(Import.PLQ,$A26-1,O$15-1,1,1),0),0),PLE!$AA$28*OFFSET(Import.PLQ,$A26-1,O$15-1,1,1)),IF($E26<>1,IF(ISNUMBER(INDEX(Import.PLE,Detalhamento!$E26,Detalhamento!O$15)),IF(INDEX(Import.PLE,Detalhamento!$E26,Detalhamento!O$15)<=mediçao,0,OFFSET(Import.PLQ,$A26-1,O$15-1,1,1)),OFFSET(Import.PLQ,$A26-1,O$15-1,1,1)),(1-PLE!$AA$28)*OFFSET(Import.PLQ,$A26-1,O$15-1,1,1)))) -> #REF! | P26: =IF(P$13="",0,CHOOSE(Detalhamento.OpçãoServiços,OFFSET(Import.PLQ,$A26-1,P$15-1,1,1),IF($E26<>1,IF(ISNUMBER(INDEX(Import.PLE,Detalhamento!$E26,Detalhamento!P$15)),IF(INDEX(Import.PLE,Detalhamento!$E26,Detalhamento!P$15)<=mediçao,OFFSET(Import.PLQ,$A26-1,P$15-1,1,1),0),0),PLE!$AA$28*OFFSET(Import.PLQ,$A26-1,P$15-1,1,1)),IF($E26<>1,IF(ISNUMBER(INDEX(Import.PLE,Detalhamento!$E26,Detalhamento!P$15)),IF(INDEX(Import.PLE,Detalhamento!$E26,Detalhamento!P$15)<=mediçao,0,OFFSET(Import.PLQ,$A26-1,P$15-1,1,1)),OFFSET(Import.PLQ,$A26-1,P$15-1,1,1)),(1-PLE!$AA$28)*OFFSET(Import.PLQ,$A26-1,P$15-1,1,1)))) -> 0 | Q26: =IF(Q$13="",0,CHOOSE(Detalhamento.OpçãoServiços,OFFSET(Import.PLQ,$A26-1,Q$15-1,1,1),IF($E26<>1,IF(ISNUMBER(INDEX(Import.PLE,Detalhamento!$E26,Detalhamento!Q$15)),IF(INDEX(Import.PLE,Detalhamento!$E26,Detalhamento!Q$15)<=mediçao,OFFSET(Import.PLQ,$A26-1,Q$15-1,1,1),0),0),PLE!$AA$28*OFFSET(Import.PLQ,$A26-1,Q$15-1,1,1)),IF($E26<>1,IF(ISNUMBER(INDEX(Import.PLE,Detalhamento!$E26,Detalhamento!Q$15)),IF(INDEX(Import.PLE,Detalhamento!$E26,Detalhamento!Q$15)<=mediçao,0,OFFSET(Import.PLQ,$A26-1,Q$15-1,1,1)),OFFSET(Import.PLQ,$A26-1,Q$15-1,1,1)),(1-PLE!$AA$28)*OFFSET(Import.PLQ,$A26-1,Q$15-1,1,1)))) -> 0 | R26: =IF(R$13="",0,CHOOSE(Detalhamento.OpçãoServiços,OFFSET(Import.PLQ,$A26-1,R$15-1,1,1),IF($E26<>1,IF(ISNUMBER(INDEX(Import.PLE,Detalhamento!$E26,Detalhamento!R$15)),IF(INDEX(Import.PLE,Detalhamento!$E26,Detalhamento!R$15)<=mediçao,OFFSET(Import.PLQ,$A26-1,R$15-1,1,1),0),0),PLE!$AA$28*OFFSET(Import.PLQ,$A26-1,R$15-1,1,1)),IF($E26<>1,IF(ISNUMBER(INDEX(Import.PLE,Detalhamento!$E26,Detalhamento!R$15)),IF(INDEX(Import.PLE,Detalhamento!$E26,Detalhamento!R$15)<=mediçao,0,OFFSET(Import.PLQ,$A26-1,R$15-1,1,1)),OFFSET(Import.PLQ,$A26-1,R$15-1,1,1)),(1-PLE!$AA$28)*OFFSET(Import.PLQ,$A26-1,R$15-1,1,1)))) -> 0 | S26: =IF(S$13="",0,CHOOSE(Detalhamento.OpçãoServiços,OFFSET(Import.PLQ,$A26-1,S$15-1,1,1),IF($E26<>1,IF(ISNUMBER(INDEX(Import.PLE,Detalhamento!$E26,Detalhamento!S$15)),IF(INDEX(Import.PLE,Detalhamento!$E26,Detalhamento!S$15)<=mediçao,OFFSET(Import.PLQ,$A26-1,S$15-1,1,1),0),0),PLE!$AA$28*OFFSET(Import.PLQ,$A26-1,S$15-1,1,1)),IF($E26<>1,IF(ISNUMBER(INDEX(Import.PLE,Detalhamento!$E26,Detalhamento!S$15)),IF(INDEX(Import.PLE,Detalhamento!$E26,Detalhamento!S$15)<=mediçao,0,OFFSET(Import.PLQ,$A26-1,S$15-1,1,1)),OFFSET(Import.PLQ,$A26-1,S$15-1,1,1)),(1-PLE!$AA$28)*OFFSET(Import.PLQ,$A26-1,S$15-1,1,1)))) -> 0 | ... BI26: =IF(BI$13="",0,CHOOSE(Detalhamento.OpçãoServiços,OFFSET(Import.PLQ,$A26-1,BI$15-1,1,1),IF($E26<>1,IF(ISNUMBER(INDEX(Import.PLE,Detalhamento!$E26,Detalhamento!BI$15)),IF(INDEX(Import.PLE,Detalhamento!$E26,Detalhamento!BI$15)<=mediçao,OFFSET(Import.PLQ,$A26-1,BI$15-1,1,1),0),0),PLE!$AA$28*OFFSET(Import.PLQ,$A26-1,BI$15-1,1,1)),IF($E26<>1,IF(ISNUMBER(INDEX(Import.PLE,Detalhamento!$E26,Detalhamento!BI$15)),IF(INDEX(Import.PLE,Detalhamento!$E26,Detalhamento!BI$15)<=mediçao,0,OFFSET(Import.PLQ,$A26-1,BI$15-1,1,1)),OFFSET(Import.PLQ,$A26-1,BI$15-1,1,1)),(1-PLE!$AA$28)*OFFSET(Import.PLQ,$A26-1,BI$15-1,1,1)))) -> 0
A27: 15 | B27: =OFFSET(LIorçamento,$A27-1,B$16,1,1) -> #REF! | E27: =OFFSET(LIorçamento,$A27-1,E$16,1,1) -> 2 | F27: =CHOOSE($B$8,IF(OR(Nível="Serviço",Nível="Evento"),E27*10^4+IF(Nível<>"Evento",A27,0),0),IF(Nível<>"Evento",A27,0)) -> #REF! | G27: =OFFSET(LIorçamento,$A27-1,G$16,1,1) -> #REF! | H27: =OFFSET(LIorçamento,$A27-1,H$16,1,1) | I27: =IF(OR(Nível="Serviço",Nível="evento"),OFFSET(LIorçamento,$A27-1,I$16,1,1),"") -> #REF! | J27: =IF(OR(Nível="Serviço",Nível="evento"),SUM(L27:BI27),"") -> #REF! | L27: =IF(L$13="",0,CHOOSE(Detalhamento.OpçãoServiços,OFFSET(Import.PLQ,$A27-1,L$15-1,1,1),IF($E27<>1,IF(ISNUMBER(INDEX(Import.PLE,Detalhamento!$E27,Detalhamento!L$15)),IF(INDEX(Import.PLE,Detalhamento!$E27,Detalhamento!L$15)<=mediçao,OFFSET(Import.PLQ,$A27-1,L$15-1,1,1),0),0),PLE!$AA$28*OFFSET(Import.PLQ,$A27-1,L$15-1,1,1)),IF($E27<>1,IF(ISNUMBER(INDEX(Import.PLE,Detalhamento!$E27,Detalhamento!L$15)),IF(INDEX(Import.PLE,Detalhamento!$E27,Detalhamento!L$15)<=mediçao,0,OFFSET(Import.PLQ,$A27-1,L$15-1,1,1)),OFFSET(Import.PLQ,$A27-1,L$15-1,1,1)),(1-PLE!$AA$28)*OFFSET(Import.PLQ,$A27-1,L$15-1,1,1)))) -> #REF! | M27: =IF(M$13="",0,CHOOSE(Detalhamento.OpçãoServiços,OFFSET(Import.PLQ,$A27-1,M$15-1,1,1),IF($E27<>1,IF(ISNUMBER(INDEX(Import.PLE,Detalhamento!$E27,Detalhamento!M$15)),IF(INDEX(Import.PLE,Detalhamento!$E27,Detalhamento!M$15)<=mediçao,OFFSET(Import.PLQ,$A27-1,M$15-1,1,1),0),0),PLE!$AA$28*OFFSET(Import.PLQ,$A27-1,M$15-1,1,1)),IF($E27<>1,IF(ISNUMBER(INDEX(Import.PLE,Detalhamento!$E27,Detalhamento!M$15)),IF(INDEX(Import.PLE,Detalhamento!$E27,Detalhamento!M$15)<=mediçao,0,OFFSET(Import.PLQ,$A27-1,M$15-1,1,1)),OFFSET(Import.PLQ,$A27-1,M$15-1,1,1)),(1-PLE!$AA$28)*OFFSET(Import.PLQ,$A27-1,M$15-1,1,1)))) -> #REF! | N27: =IF(N$13="",0,CHOOSE(Detalhamento.OpçãoServiços,OFFSET(Import.PLQ,$A27-1,N$15-1,1,1),IF($E27<>1,IF(ISNUMBER(INDEX(Import.PLE,Detalhamento!$E27,Detalhamento!N$15)),IF(INDEX(Import.PLE,Detalhamento!$E27,Detalhamento!N$15)<=mediçao,OFFSET(Import.PLQ,$A27-1,N$15-1,1,1),0),0),PLE!$AA$28*OFFSET(Import.PLQ,$A27-1,N$15-1,1,1)),IF($E27<>1,IF(ISNUMBER(INDEX(Import.PLE,Detalhamento!$E27,Detalhamento!N$15)),IF(INDEX(Import.PLE,Detalhamento!$E27,Detalhamento!N$15)<=mediçao,0,OFFSET(Import.PLQ,$A27-1,N$15-1,1,1)),OFFSET(Import.PLQ,$A27-1,N$15-1,1,1)),(1-PLE!$AA$28)*OFFSET(Import.PLQ,$A27-1,N$15-1,1,1)))) -> #REF! | O27: =IF(O$13="",0,CHOOSE(Detalhamento.OpçãoServiços,OFFSET(Import.PLQ,$A27-1,O$15-1,1,1),IF($E27<>1,IF(ISNUMBER(INDEX(Import.PLE,Detalhamento!$E27,Detalhamento!O$15)),IF(INDEX(Import.PLE,Detalhamento!$E27,Detalhamento!O$15)<=mediçao,OFFSET(Import.PLQ,$A27-1,O$15-1,1,1),0),0),PLE!$AA$28*OFFSET(Import.PLQ,$A27-1,O$15-1,1,1)),IF($E27<>1,IF(ISNUMBER(INDEX(Import.PLE,Detalhamento!$E27,Detalhamento!O$15)),IF(INDEX(Import.PLE,Detalhamento!$E27,Detalhamento!O$15)<=mediçao,0,OFFSET(Import.PLQ,$A27-1,O$15-1,1,1)),OFFSET(Import.PLQ,$A27-1,O$15-1,1,1)),(1-PLE!$AA$28)*OFFSET(Import.PLQ,$A27-1,O$15-1,1,1)))) -> #REF! | P27: =IF(P$13="",0,CHOOSE(Detalhamento.OpçãoServiços,OFFSET(Import.PLQ,$A27-1,P$15-1,1,1),IF($E27<>1,IF(ISNUMBER(INDEX(Import.PLE,Detalhamento!$E27,Detalhamento!P$15)),IF(INDEX(Import.PLE,Detalhamento!$E27,Detalhamento!P$15)<=mediçao,OFFSET(Import.PLQ,$A27-1,P$15-1,1,1),0),0),PLE!$AA$28*OFFSET(Import.PLQ,$A27-1,P$15-1,1,1)),IF($E27<>1,IF(ISNUMBER(INDEX(Import.PLE,Detalhamento!$E27,Detalhamento!P$15)),IF(INDEX(Import.PLE,Detalhamento!$E27,Detalhamento!P$15)<=mediçao,0,OFFSET(Import.PLQ,$A27-1,P$15-1,1,1)),OFFSET(Import.PLQ,$A27-1,P$15-1,1,1)),(1-PLE!$AA$28)*OFFSET(Import.PLQ,$A27-1,P$15-1,1,1)))) -> 0 | Q27: =IF(Q$13="",0,CHOOSE(Detalhamento.OpçãoServiços,OFFSET(Import.PLQ,$A27-1,Q$15-1,1,1),IF($E27<>1,IF(ISNUMBER(INDEX(Import.PLE,Detalhamento!$E27,Detalhamento!Q$15)),IF(INDEX(Import.PLE,Detalhamento!$E27,Detalhamento!Q$15)<=mediçao,OFFSET(Import.PLQ,$A27-1,Q$15-1,1,1),0),0),PLE!$AA$28*OFFSET(Import.PLQ,$A27-1,Q$15-1,1,1)),IF($E27<>1,IF(ISNUMBER(INDEX(Import.PLE,Detalhamento!$E27,Detalhamento!Q$15)),IF(INDEX(Import.PLE,Detalhamento!$E27,Detalhamento!Q$15)<=mediçao,0,OFFSET(Import.PLQ,$A27-1,Q$15-1,1,1)),OFFSET(Import.PLQ,$A27-1,Q$15-1,1,1)),(1-PLE!$AA$28)*OFFSET(Import.PLQ,$A27-1,Q$15-1,1,1)))) -> 0 | R27: =IF(R$13="",0,CHOOSE(Detalhamento.OpçãoServiços,OFFSET(Import.PLQ,$A27-1,R$15-1,1,1),IF($E27<>1,IF(ISNUMBER(INDEX(Import.PLE,Detalhamento!$E27,Detalhamento!R$15)),IF(INDEX(Import.PLE,Detalhamento!$E27,Detalhamento!R$15)<=mediçao,OFFSET(Import.PLQ,$A27-1,R$15-1,1,1),0),0),PLE!$AA$28*OFFSET(Import.PLQ,$A27-1,R$15-1,1,1)),IF($E27<>1,IF(ISNUMBER(INDEX(Import.PLE,Detalhamento!$E27,Detalhamento!R$15)),IF(INDEX(Import.PLE,Detalhamento!$E27,Detalhamento!R$15)<=mediçao,0,OFFSET(Import.PLQ,$A27-1,R$15-1,1,1)),OFFSET(Import.PLQ,$A27-1,R$15-1,1,1)),(1-PLE!$AA$28)*OFFSET(Import.PLQ,$A27-1,R$15-1,1,1)))) -> 0 | S27: =IF(S$13="",0,CHOOSE(Detalhamento.OpçãoServiços,OFFSET(Import.PLQ,$A27-1,S$15-1,1,1),IF($E27<>1,IF(ISNUMBER(INDEX(Import.PLE,Detalhamento!$E27,Detalhamento!S$15)),IF(INDEX(Import.PLE,Detalhamento!$E27,Detalhamento!S$15)<=mediçao,OFFSET(Import.PLQ,$A27-1,S$15-1,1,1),0),0),PLE!$AA$28*OFFSET(Import.PLQ,$A27-1,S$15-1,1,1)),IF($E27<>1,IF(ISNUMBER(INDEX(Import.PLE,Detalhamento!$E27,Detalhamento!S$15)),IF(INDEX(Import.PLE,Detalhamento!$E27,Detalhamento!S$15)<=mediçao,0,OFFSET(Import.PLQ,$A27-1,S$15-1,1,1)),OFFSET(Import.PLQ,$A27-1,S$15-1,1,1)),(1-PLE!$AA$28)*OFFSET(Import.PLQ,$A27-1,S$15-1,1,1)))) -> 0 | ... BI27: =IF(BI$13="",0,CHOOSE(Detalhamento.OpçãoServiços,OFFSET(Import.PLQ,$A27-1,BI$15-1,1,1),IF($E27<>1,IF(ISNUMBER(INDEX(Import.PLE,Detalhamento!$E27,Detalhamento!BI$15)),IF(INDEX(Import.PLE,Detalhamento!$E27,Detalhamento!BI$15)<=mediçao,OFFSET(Import.PLQ,$A27-1,BI$15-1,1,1),0),0),PLE!$AA$28*OFFSET(Import.PLQ,$A27-1,BI$15-1,1,1)),IF($E27<>1,IF(ISNUMBER(INDEX(Import.PLE,Detalhamento!$E27,Detalhamento!BI$15)),IF(INDEX(Import.PLE,Detalhamento!$E27,Detalhamento!BI$15)<=mediçao,0,OFFSET(Import.PLQ,$A27-1,BI$15-1,1,1)),OFFSET(Import.PLQ,$A27-1,BI$15-1,1,1)),(1-PLE!$AA$28)*OFFSET(Import.PLQ,$A27-1,BI$15-1,1,1)))) -> 0
A28: 20 | B28: =OFFSET(LIorçamento,$A28-1,B$16,1,1) -> Evento | E28: =OFFSET(LIorçamento,$A28-1,E$16,1,1) -> 3 | F28: =CHOOSE($B$8,IF(OR(Nível="Serviço",Nível="Evento"),E28*10^4+IF(Nível<>"Evento",A28,0),0),IF(Nível<>"Evento",A28,0)) -> 30000 | G28: =OFFSET(LIorçamento,$A28-1,G$16,1,1) -> #REF! | H28: =OFFSET(LIorçamento,$A28-1,H$16,1,1) | I28: =IF(OR(Nível="Serviço",Nível="evento"),OFFSET(LIorçamento,$A28-1,I$16,1,1),"") -> #REF! | J28: =IF(OR(Nível="Serviço",Nível="evento"),SUM(L28:BI28),"") -> #REF! | L28: =IF(L$13="",0,CHOOSE(Detalhamento.OpçãoServiços,OFFSET(Import.PLQ,$A28-1,L$15-1,1,1),IF($E28<>1,IF(ISNUMBER(INDEX(Import.PLE,Detalhamento!$E28,Detalhamento!L$15)),IF(INDEX(Import.PLE,Detalhamento!$E28,Detalhamento!L$15)<=mediçao,OFFSET(Import.PLQ,$A28-1,L$15-1,1,1),0),0),PLE!$AA$28*OFFSET(Import.PLQ,$A28-1,L$15-1,1,1)),IF($E28<>1,IF(ISNUMBER(INDEX(Import.PLE,Detalhamento!$E28,Detalhamento!L$15)),IF(INDEX(Import.PLE,Detalhamento!$E28,Detalhamento!L$15)<=mediçao,0,OFFSET(Import.PLQ,$A28-1,L$15-1,1,1)),OFFSET(Import.PLQ,$A28-1,L$15-1,1,1)),(1-PLE!$AA$28)*OFFSET(Import.PLQ,$A28-1,L$15-1,1,1)))) -> #REF! | M28: =IF(M$13="",0,CHOOSE(Detalhamento.OpçãoServiços,OFFSET(Import.PLQ,$A28-1,M$15-1,1,1),IF($E28<>1,IF(ISNUMBER(INDEX(Import.PLE,Detalhamento!$E28,Detalhamento!M$15)),IF(INDEX(Import.PLE,Detalhamento!$E28,Detalhamento!M$15)<=mediçao,OFFSET(Import.PLQ,$A28-1,M$15-1,1,1),0),0),PLE!$AA$28*OFFSET(Import.PLQ,$A28-1,M$15-1,1,1)),IF($E28<>1,IF(ISNUMBER(INDEX(Import.PLE,Detalhamento!$E28,Detalhamento!M$15)),IF(INDEX(Import.PLE,Detalhamento!$E28,Detalhamento!M$15)<=mediçao,0,OFFSET(Import.PLQ,$A28-1,M$15-1,1,1)),OFFSET(Import.PLQ,$A28-1,M$15-1,1,1)),(1-PLE!$AA$28)*OFFSET(Import.PLQ,$A28-1,M$15-1,1,1)))) -> #REF! | N28: =IF(N$13="",0,CHOOSE(Detalhamento.OpçãoServiços,OFFSET(Import.PLQ,$A28-1,N$15-1,1,1),IF($E28<>1,IF(ISNUMBER(INDEX(Import.PLE,Detalhamento!$E28,Detalhamento!N$15)),IF(INDEX(Import.PLE,Detalhamento!$E28,Detalhamento!N$15)<=mediçao,OFFSET(Import.PLQ,$A28-1,N$15-1,1,1),0),0),PLE!$AA$28*OFFSET(Import.PLQ,$A28-1,N$15-1,1,1)),IF($E28<>1,IF(ISNUMBER(INDEX(Import.PLE,Detalhamento!$E28,Detalhamento!N$15)),IF(INDEX(Import.PLE,Detalhamento!$E28,Detalhamento!N$15)<=mediçao,0,OFFSET(Import.PLQ,$A28-1,N$15-1,1,1)),OFFSET(Import.PLQ,$A28-1,N$15-1,1,1)),(1-PLE!$AA$28)*OFFSET(Import.PLQ,$A28-1,N$15-1,1,1)))) -> #REF! | O28: =IF(O$13="",0,CHOOSE(Detalhamento.OpçãoServiços,OFFSET(Import.PLQ,$A28-1,O$15-1,1,1),IF($E28<>1,IF(ISNUMBER(INDEX(Import.PLE,Detalhamento!$E28,Detalhamento!O$15)),IF(INDEX(Import.PLE,Detalhamento!$E28,Detalhamento!O$15)<=mediçao,OFFSET(Import.PLQ,$A28-1,O$15-1,1,1),0),0),PLE!$AA$28*OFFSET(Import.PLQ,$A28-1,O$15-1,1,1)),IF($E28<>1,IF(ISNUMBER(INDEX(Import.PLE,Detalhamento!$E28,Detalhamento!O$15)),IF(INDEX(Import.PLE,Detalhamento!$E28,Detalhamento!O$15)<=mediçao,0,OFFSET(Import.PLQ,$A28-1,O$15-1,1,1)),OFFSET(Import.PLQ,$A28-1,O$15-1,1,1)),(1-PLE!$AA$28)*OFFSET(Import.PLQ,$A28-1,O$15-1,1,1)))) -> #REF! | P28: =IF(P$13="",0,CHOOSE(Detalhamento.OpçãoServiços,OFFSET(Import.PLQ,$A28-1,P$15-1,1,1),IF($E28<>1,IF(ISNUMBER(INDEX(Import.PLE,Detalhamento!$E28,Detalhamento!P$15)),IF(INDEX(Import.PLE,Detalhamento!$E28,Detalhamento!P$15)<=mediçao,OFFSET(Import.PLQ,$A28-1,P$15-1,1,1),0),0),PLE!$AA$28*OFFSET(Import.PLQ,$A28-1,P$15-1,1,1)),IF($E28<>1,IF(ISNUMBER(INDEX(Import.PLE,Detalhamento!$E28,Detalhamento!P$15)),IF(INDEX(Import.PLE,Detalhamento!$E28,Detalhamento!P$15)<=mediçao,0,OFFSET(Import.PLQ,$A28-1,P$15-1,1,1)),OFFSET(Import.PLQ,$A28-1,P$15-1,1,1)),(1-PLE!$AA$28)*OFFSET(Import.PLQ,$A28-1,P$15-1,1,1)))) -> 0 | Q28: =IF(Q$13="",0,CHOOSE(Detalhamento.OpçãoServiços,OFFSET(Import.PLQ,$A28-1,Q$15-1,1,1),IF($E28<>1,IF(ISNUMBER(INDEX(Import.PLE,Detalhamento!$E28,Detalhamento!Q$15)),IF(INDEX(Import.PLE,Detalhamento!$E28,Detalhamento!Q$15)<=mediçao,OFFSET(Import.PLQ,$A28-1,Q$15-1,1,1),0),0),PLE!$AA$28*OFFSET(Import.PLQ,$A28-1,Q$15-1,1,1)),IF($E28<>1,IF(ISNUMBER(INDEX(Import.PLE,Detalhamento!$E28,Detalhamento!Q$15)),IF(INDEX(Import.PLE,Detalhamento!$E28,Detalhamento!Q$15)<=mediçao,0,OFFSET(Import.PLQ,$A28-1,Q$15-1,1,1)),OFFSET(Import.PLQ,$A28-1,Q$15-1,1,1)),(1-PLE!$AA$28)*OFFSET(Import.PLQ,$A28-1,Q$15-1,1,1)))) -> 0 | R28: =IF(R$13="",0,CHOOSE(Detalhamento.OpçãoServiços,OFFSET(Import.PLQ,$A28-1,R$15-1,1,1),IF($E28<>1,IF(ISNUMBER(INDEX(Import.PLE,Detalhamento!$E28,Detalhamento!R$15)),IF(INDEX(Import.PLE,Detalhamento!$E28,Detalhamento!R$15)<=mediçao,OFFSET(Import.PLQ,$A28-1,R$15-1,1,1),0),0),PLE!$AA$28*OFFSET(Import.PLQ,$A28-1,R$15-1,1,1)),IF($E28<>1,IF(ISNUMBER(INDEX(Import.PLE,Detalhamento!$E28,Detalhamento!R$15)),IF(INDEX(Import.PLE,Detalhamento!$E28,Detalhamento!R$15)<=mediçao,0,OFFSET(Import.PLQ,$A28-1,R$15-1,1,1)),OFFSET(Import.PLQ,$A28-1,R$15-1,1,1)),(1-PLE!$AA$28)*OFFSET(Import.PLQ,$A28-1,R$15-1,1,1)))) -> 0 | S28: =IF(S$13="",0,CHOOSE(Detalhamento.OpçãoServiços,OFFSET(Import.PLQ,$A28-1,S$15-1,1,1),IF($E28<>1,IF(ISNUMBER(INDEX(Import.PLE,Detalhamento!$E28,Detalhamento!S$15)),IF(INDEX(Import.PLE,Detalhamento!$E28,Detalhamento!S$15)<=mediçao,OFFSET(Import.PLQ,$A28-1,S$15-1,1,1),0),0),PLE!$AA$28*OFFSET(Import.PLQ,$A28-1,S$15-1,1,1)),IF($E28<>1,IF(ISNUMBER(INDEX(Import.PLE,Detalhamento!$E28,Detalhamento!S$15)),IF(INDEX(Import.PLE,Detalhamento!$E28,Detalhamento!S$15)<=mediçao,0,OFFSET(Import.PLQ,$A28-1,S$15-1,1,1)),OFFSET(Import.PLQ,$A28-1,S$15-1,1,1)),(1-PLE!$AA$28)*OFFSET(Import.PLQ,$A28-1,S$15-1,1,1)))) -> 0 | ... BI28: =IF(BI$13="",0,CHOOSE(Detalhamento.OpçãoServiços,OFFSET(Import.PLQ,$A28-1,BI$15-1,1,1),IF($E28<>1,IF(ISNUMBER(INDEX(Import.PLE,Detalhamento!$E28,Detalhamento!BI$15)),IF(INDEX(Import.PLE,Detalhamento!$E28,Detalhamento!BI$15)<=mediçao,OFFSET(Import.PLQ,$A28-1,BI$15-1,1,1),0),0),PLE!$AA$28*OFFSET(Import.PLQ,$A28-1,BI$15-1,1,1)),IF($E28<>1,IF(ISNUMBER(INDEX(Import.PLE,Detalhamento!$E28,Detalhamento!BI$15)),IF(INDEX(Import.PLE,Detalhamento!$E28,Detalhamento!BI$15)<=mediçao,0,OFFSET(Import.PLQ,$A28-1,BI$15-1,1,1)),OFFSET(Import.PLQ,$A28-1,BI$15-1,1,1)),(1-PLE!$AA$28)*OFFSET(Import.PLQ,$A28-1,BI$15-1,1,1)))) -> 0
... A36: 17 | B36: =OFFSET(LIorçamento,$A36-1,B$16,1,1) -> #REF! | E36: =OFFSET(LIorçamento,$A36-1,E$16,1,1) -> 3 | F36: =CHOOSE($B$8,IF(OR(Nível="Serviço",Nível="Evento"),E36*10^4+IF(Nível<>"Evento",A36,0),0),IF(Nível<>"Evento",A36,0)) -> #REF! | G36: =OFFSET(LIorçamento,$A36-1,G$16,1,1) -> #REF! | H36: =OFFSET(LIorçamento,$A36-1,H$16,1,1) | I36: =IF(OR(Nível="Serviço",Nível="evento"),OFFSET(LIorçamento,$A36-1,I$16,1,1),"") -> #REF! | J36: =IF(OR(Nível="Serviço",Nível="evento"),SUM(L36:BI36),"") -> #REF! | L36: =IF(L$13="",0,CHOOSE(Detalhamento.OpçãoServiços,OFFSET(Import.PLQ,$A36-1,L$15-1,1,1),IF($E36<>1,IF(ISNUMBER(INDEX(Import.PLE,Detalhamento!$E36,Detalhamento!L$15)),IF(INDEX(Import.PLE,Detalhamento!$E36,Detalhamento!L$15)<=mediçao,OFFSET(Import.PLQ,$A36-1,L$15-1,1,1),0),0),PLE!$AA$28*OFFSET(Import.PLQ,$A36-1,L$15-1,1,1)),IF($E36<>1,IF(ISNUMBER(INDEX(Import.PLE,Detalhamento!$E36,Detalhamento!L$15)),IF(INDEX(Import.PLE,Detalhamento!$E36,Detalhamento!L$15)<=mediçao,0,OFFSET(Import.PLQ,$A36-1,L$15-1,1,1)),OFFSET(Import.PLQ,$A36-1,L$15-1,1,1)),(1-PLE!$AA$28)*OFFSET(Import.PLQ,$A36-1,L$15-1,1,1)))) -> #REF! | M36: =IF(M$13="",0,CHOOSE(Detalhamento.OpçãoServiços,OFFSET(Import.PLQ,$A36-1,M$15-1,1,1),IF($E36<>1,IF(ISNUMBER(INDEX(Import.PLE,Detalhamento!$E36,Detalhamento!M$15)),IF(INDEX(Import.PLE,Detalhamento!$E36,Detalhamento!M$15)<=mediçao,OFFSET(Import.PLQ,$A36-1,M$15-1,1,1),0),0),PLE!$AA$28*OFFSET(Import.PLQ,$A36-1,M$15-1,1,1)),IF($E36<>1,IF(ISNUMBER(INDEX(Import.PLE,Detalhamento!$E36,Detalhamento!M$15)),IF(INDEX(Import.PLE,Detalhamento!$E36,Detalhamento!M$15)<=mediçao,0,OFFSET(Import.PLQ,$A36-1,M$15-1,1,1)),OFFSET(Import.PLQ,$A36-1,M$15-1,1,1)),(1-PLE!$AA$28)*OFFSET(Import.PLQ,$A36-1,M$15-1,1,1)))) -> #REF! | N36: =IF(N$13="",0,CHOOSE(Detalhamento.OpçãoServiços,OFFSET(Import.PLQ,$A36-1,N$15-1,1,1),IF($E36<>1,IF(ISNUMBER(INDEX(Import.PLE,Detalhamento!$E36,Detalhamento!N$15)),IF(INDEX(Import.PLE,Detalhamento!$E36,Detalhamento!N$15)<=mediçao,OFFSET(Import.PLQ,$A36-1,N$15-1,1,1),0),0),PLE!$AA$28*OFFSET(Import.PLQ,$A36-1,N$15-1,1,1)),IF($E36<>1,IF(ISNUMBER(INDEX(Import.PLE,Detalhamento!$E36,Detalhamento!N$15)),IF(INDEX(Import.PLE,Detalhamento!$E36,Detalhamento!N$15)<=mediçao,0,OFFSET(Import.PLQ,$A36-1,N$15-1,1,1)),OFFSET(Import.PLQ,$A36-1,N$15-1,1,1)),(1-PLE!$AA$28)*OFFSET(Import.PLQ,$A36-1,N$15-1,1,1)))) -> #REF! | O36: =IF(O$13="",0,CHOOSE(Detalhamento.OpçãoServiços,OFFSET(Import.PLQ,$A36-1,O$15-1,1,1),IF($E36<>1,IF(ISNUMBER(INDEX(Import.PLE,Detalhamento!$E36,Detalhamento!O$15)),IF(INDEX(Import.PLE,Detalhamento!$E36,Detalhamento!O$15)<=mediçao,OFFSET(Import.PLQ,$A36-1,O$15-1,1,1),0),0),PLE!$AA$28*OFFSET(Import.PLQ,$A36-1,O$15-1,1,1)),IF($E36<>1,IF(ISNUMBER(INDEX(Import.PLE,Detalhamento!$E36,Detalhamento!O$15)),IF(INDEX(Import.PLE,Detalhamento!$E36,Detalhamento!O$15)<=mediçao,0,OFFSET(Import.PLQ,$A36-1,O$15-1,1,1)),OFFSET(Import.PLQ,$A36-1,O$15-1,1,1)),(1-PLE!$AA$28)*OFFSET(Import.PLQ,$A36-1,O$15-1,1,1)))) -> #REF! | P36: =IF(P$13="",0,CHOOSE(Detalhamento.OpçãoServiços,OFFSET(Import.PLQ,$A36-1,P$15-1,1,1),IF($E36<>1,IF(ISNUMBER(INDEX(Import.PLE,Detalhamento!$E36,Detalhamento!P$15)),IF(INDEX(Import.PLE,Detalhamento!$E36,Detalhamento!P$15)<=mediçao,OFFSET(Import.PLQ,$A36-1,P$15-1,1,1),0),0),PLE!$AA$28*OFFSET(Import.PLQ,$A36-1,P$15-1,1,1)),IF($E36<>1,IF(ISNUMBER(INDEX(Import.PLE,Detalhamento!$E36,Detalhamento!P$15)),IF(INDEX(Import.PLE,Detalhamento!$E36,Detalhamento!P$15)<=mediçao,0,OFFSET(Import.PLQ,$A36-1,P$15-1,1,1)),OFFSET(Import.PLQ,$A36-1,P$15-1,1,1)),(1-PLE!$AA$28)*OFFSET(Import.PLQ,$A36-1,P$15-1,1,1)))) -> 0 | Q36: =IF(Q$13="",0,CHOOSE(Detalhamento.OpçãoServiços,OFFSET(Import.PLQ,$A36-1,Q$15-1,1,1),IF($E36<>1,IF(ISNUMBER(INDEX(Import.PLE,Detalhamento!$E36,Detalhamento!Q$15)),IF(INDEX(Import.PLE,Detalhamento!$E36,Detalhamento!Q$15)<=mediçao,OFFSET(Import.PLQ,$A36-1,Q$15-1,1,1),0),0),PLE!$AA$28*OFFSET(Import.PLQ,$A36-1,Q$15-1,1,1)),IF($E36<>1,IF(ISNUMBER(INDEX(Import.PLE,Detalhamento!$E36,Detalhamento!Q$15)),IF(INDEX(Import.PLE,Detalhamento!$E36,Detalhamento!Q$15)<=mediçao,0,OFFSET(Import.PLQ,$A36-1,Q$15-1,1,1)),OFFSET(Import.PLQ,$A36-1,Q$15-1,1,1)),(1-PLE!$AA$28)*OFFSET(Import.PLQ,$A36-1,Q$15-1,1,1)))) -> 0 | R36: =IF(R$13="",0,CHOOSE(Detalhamento.OpçãoServiços,OFFSET(Import.PLQ,$A36-1,R$15-1,1,1),IF($E36<>1,IF(ISNUMBER(INDEX(Import.PLE,Detalhamento!$E36,Detalhamento!R$15)),IF(INDEX(Import.PLE,Detalhamento!$E36,Detalhamento!R$15)<=mediçao,OFFSET(Import.PLQ,$A36-1,R$15-1,1,1),0),0),PLE!$AA$28*OFFSET(Import.PLQ,$A36-1,R$15-1,1,1)),IF($E36<>1,IF(ISNUMBER(INDEX(Import.PLE,Detalhamento!$E36,Detalhamento!R$15)),IF(INDEX(Import.PLE,Detalhamento!$E36,Detalhamento!R$15)<=mediçao,0,OFFSET(Import.PLQ,$A36-1,R$15-1,1,1)),OFFSET(Import.PLQ,$A36-1,R$15-1,1,1)),(1-PLE!$AA$28)*OFFSET(Import.PLQ,$A36-1,R$15-1,1,1)))) -> 0 | S36: =IF(S$13="",0,CHOOSE(Detalhamento.OpçãoServiços,OFFSET(Import.PLQ,$A36-1,S$15-1,1,1),IF($E36<>1,IF(ISNUMBER(INDEX(Import.PLE,Detalhamento!$E36,Detalhamento!S$15)),IF(INDEX(Import.PLE,Detalhamento!$E36,Detalhamento!S$15)<=mediçao,OFFSET(Import.PLQ,$A36-1,S$15-1,1,1),0),0),PLE!$AA$28*OFFSET(Import.PLQ,$A36-1,S$15-1,1,1)),IF($E36<>1,IF(ISNUMBER(INDEX(Import.PLE,Detalhamento!$E36,Detalhamento!S$15)),IF(INDEX(Import.PLE,Detalhamento!$E36,Detalhamento!S$15)<=mediçao,0,OFFSET(Import.PLQ,$A36-1,S$15-1,1,1)),OFFSET(Import.PLQ,$A36-1,S$15-1,1,1)),(1-PLE!$AA$28)*OFFSET(Import.PLQ,$A36-1,S$15-1,1,1)))) -> 0 | ... BI36: =IF(BI$13="",0,CHOOSE(Detalhamento.OpçãoServiços,OFFSET(Import.PLQ,$A36-1,BI$15-1,1,1),IF($E36<>1,IF(ISNUMBER(INDEX(Import.PLE,Detalhamento!$E36,Detalhamento!BI$15)),IF(INDEX(Import.PLE,Detalhamento!$E36,Detalhamento!BI$15)<=mediçao,OFFSET(Import.PLQ,$A36-1,BI$15-1,1,1),0),0),PLE!$AA$28*OFFSET(Import.PLQ,$A36-1,BI$15-1,1,1)),IF($E36<>1,IF(ISNUMBER(INDEX(Import.PLE,Detalhamento!$E36,Detalhamento!BI$15)),IF(INDEX(Import.PLE,Detalhamento!$E36,Detalhamento!BI$15)<=mediçao,0,OFFSET(Import.PLQ,$A36-1,BI$15-1,1,1)),OFFSET(Import.PLQ,$A36-1,BI$15-1,1,1)),(1-PLE!$AA$28)*OFFSET(Import.PLQ,$A36-1,BI$15-1,1,1)))) -> 0
E38: =Eventograma_e_Quantitativos!C40 -> #REF!
E39: Local e Data | M39: Responsável Técnico: | N39: =Eventograma_e_Quantitativos!$P$41 -> #REF! | S39: Responsável Técnico: | T39: =Eventograma_e_Quantitativos!$P$41 -> #REF! | Y39: Responsável Técnico: | Z39: =Eventograma_e_Quantitativos!$P$41 -> #REF! | AE39: Responsável Técnico: | AF39: =Eventograma_e_Quantitativos!$P$41 -> #REF! | AK39: Responsável Técnico: | AL39: =Eventograma_e_Quantitativos!$P$41 -> #REF! | AQ39: Responsável Técnico: | AR39: =Eventograma_e_Quantitativos!$P$41 -> #REF! | AW39: Responsável Técnico: | AX39: =Eventograma_e_Quantitativos!$P$41 -> #REF! | BC39: Responsável Técnico: | BD39: =Eventograma_e_Quantitativos!$P$41 -> #REF!
M40: CREA / CAU: | N40: =Eventograma_e_Quantitativos!$P$42 -> #REF! | S40: CREA / CAU: | T40: =Eventograma_e_Quantitativos!$P$42 -> #REF! | Y40: CREA / CAU: | Z40: =Eventograma_e_Quantitativos!$P$42 -> #REF! | AE40: CREA / CAU: | AF40: =Eventograma_e_Quantitativos!$P$42 -> #REF! | AK40: CREA / CAU: | AL40: =Eventograma_e_Quantitativos!$P$42 -> #REF! | AQ40: CREA / CAU: | AR40: =Eventograma_e_Quantitativos!$P$42 -> #REF! | AW40: CREA / CAU: | AX40: =Eventograma_e_Quantitativos!$P$42 -> #REF! | BC40: CREA / CAU: | BD40: =Eventograma_e_Quantitativos!$P$42 -> #REF!

Sheet Cronograma
B1: =OFFSET(B1,-1,0)+1 -> #REF! | C1: =IF($B1<=numEventos,INDEX(Eventos,B1,2),"") -> #REF!
D20: PLE - Planilha de Levantamento de Eventos Cronograma | AY20: Grau de Sigilo #PUBLICO | BC20: =Cronograma.MesesQuadro -> 12
E30: =IF(Eventograma_e_Quantitativos!N15<>"",Eventograma_e_Quantitativos!N15,"") -> #REF! | F30: =IF(Eventograma_e_Quantitativos!O15<>"",Eventograma_e_Quantitativos!O15,"") -> #REF! | G30: =IF(Eventograma_e_Quantitativos!P15<>"",Eventograma_e_Quantitativos!P15,"") -> #REF! | H30: =IF(Eventograma_e_Quantitativos!Q15<>"",Eventograma_e_Quantitativos!Q15,"") -> #REF! | I30: =IF(Eventograma_e_Quantitativos!R15<>"",Eventograma_e_Quantitativos!R15,"") | J30: =IF(Eventograma_e_Quantitativos!S15<>"",Eventograma_e_Quantitativos!S15,"") | K30: =IF(Eventograma_e_Quantitativos!T15<>"",Eventograma_e_Quantitativos!T15,"") | L30: =IF(Eventograma_e_Quantitativos!U15<>"",Eventograma_e_Quantitativos!U15,"") | ... BB30: =IF(Eventograma_e_Quantitativos!BK15<>"",Eventograma_e_Quantitativos!BK15,"")
B31: Nº do Evento | C31: Título dos Eventos | E31: 1 | F31: 2 | G31: 3 | H31: 4 | I31: 5 | J31: 6 | K31: 7 | L31: 8 | M31: 9 | N31: 10 | O31: 11 | P31: 12 | Q31: 13 | R31: 14 | S31: 15 | T31: 16 | U31: 17 | V31: 18 | W31: 19 | X31: 20 | Y31: 21 | Z31: 22 | AA31: 23 | AB31: 24 | AC31: 25 | AD31: 26 | AE31: 27 | AF31: 28 | AG31: 29 | AH31: 30 | AI31: 31 | AJ31: 32 | AK31: 33 | AL31: 34 | AM31: 35 | AN31: 36 | AO31: 37 | AP31: 38 | AQ31: 39 | AR31: 40 | AS31: 41 | AT31: 42 | AU31: 43 | AV31: 44 | AW31: 45 | AX31: 46 | AY31: 47 | AZ31: 48 | BA31: 49 | BB31: 50
E32: Informe abaixo o NÚMERO DO PERÍODO em que os eventos serão concluídos (medição por eventos)
B34: =OFFSET(B34,-1,0)+1 -> 1 | C34: =IF($B34<=numEventos,INDEX(Eventos,B34,2),"") -> Administração Local | E34: A administração local será proporcional a execução dos demais eventos, independente de frentes de obra.
B35: =OFFSET(B35,-1,0)+1 -> 2 | C35: =IF($B35<=numEventos,INDEX(Eventos,B35,2),"") -> PAVIMENTAÇÃO | E35: 1 | F35: 3
B36: =OFFSET(B36,-1,0)+1 -> 3 | C36: =IF($B36<=numEventos,INDEX(Eventos,B36,2),"") -> CALÇADA | E36: 2 | F36: 3
B38: Cronograma | G38: =(ROW($G38)-ROW($G$38))/6*12+1 -> 1 | K38: =G38+1 -> 2 | O38: =K38+1 -> 3 | S38: =O38+1 -> 4 | W38: =S38+1 -> 5 | AA38: =W38+1 -> 6 | AE38: =AA38+1 -> 7 | AI38: =AE38+1 -> 8 | AM38: =AI38+1 -> 9 | AQ38: =AM38+1 -> 10 | AU38: =AQ38+1 -> 11 | AY38: =AU38+1 -> 12
B39: Parcela | E39: % | G39: =IF(TotalEventos=0,0,G40/TotalEventos) -> #REF! | K39: =IF(TotalEventos=0,0,K40/TotalEventos) -> #REF! | O39: =IF(TotalEventos=0,0,O40/TotalEventos) -> #REF! | S39: =IF(TotalEventos=0,0,S40/TotalEventos) -> #REF! | W39: =IF(TotalEventos=0,0,W40/TotalEventos) -> #REF! | AA39: =IF(TotalEventos=0,0,AA40/TotalEventos) -> #REF! | AE39: =IF(TotalEventos=0,0,AE40/TotalEventos) -> #REF! | AI39: =IF(TotalEventos=0,0,AI40/TotalEventos) -> #REF! | AM39: =IF(TotalEventos=0,0,AM40/TotalEventos) -> #REF! | AQ39: =IF(TotalEventos=0,0,AQ40/TotalEventos) -> #REF! | AU39: =IF(TotalEventos=0,0,AU40/TotalEventos) -> #REF! | AY39: =IF(TotalEventos=0,0,AY40/TotalEventos) -> #REF!
E40: R$ | G40: =SUMIF(OFFSET($E$34:$BB$34,1,0,numEventos-1),G38,OFFSET(ValoresPorEvento,1,0,numEventos-1))*(1+INDEX(TotalPorEvento,1,0)/(TotalEventos-INDEX(TotalPorEvento,1,0))) -> #REF! | K40: =SUMIF(OFFSET($E$34:$BB$34,1,0,numEventos-1),K38,OFFSET(ValoresPorEvento,1,0,numEventos-1))*(1+INDEX(TotalPorEvento,1,0)/(TotalEventos-INDEX(TotalPorEvento,1,0))) -> #REF! | O40: =SUMIF(OFFSET($E$34:$BB$34,1,0,numEventos-1),O38,OFFSET(ValoresPorEvento,1,0,numEventos-1))*(1+INDEX(TotalPorEvento,1,0)/(TotalEventos-INDEX(TotalPorEvento,1,0))) -> #REF! | S40: =SUMIF(OFFSET($E$34:$BB$34,1,0,numEventos-1),S38,OFFSET(ValoresPorEvento,1,0,numEventos-1))*(1+INDEX(TotalPorEvento,1,0)/(TotalEventos-INDEX(TotalPorEvento,1,0))) -> #REF! | W40: =SUMIF(OFFSET($E$34:$BB$34,1,0,numEventos-1),W38,OFFSET(ValoresPorEvento,1,0,numEventos-1))*(1+INDEX(TotalPorEvento,1,0)/(TotalEventos-INDEX(TotalPorEvento,1,0))) -> #REF! | AA40: =SUMIF(OFFSET($E$34:$BB$34,1,0,numEventos-1),AA38,OFFSET(ValoresPorEvento,1,0,numEventos-1))*(1+INDEX(TotalPorEvento,1,0)/(TotalEventos-INDEX(TotalPorEvento,1,0))) -> #REF! | AE40: =SUMIF(OFFSET($E$34:$BB$34,1,0,numEventos-1),AE38,OFFSET(ValoresPorEvento,1,0,numEventos-1))*(1+INDEX(TotalPorEvento,1,0)/(TotalEventos-INDEX(TotalPorEvento,1,0))) -> #REF! | AI40: =SUMIF(OFFSET($E$34:$BB$34,1,0,numEventos-1),AI38,OFFSET(ValoresPorEvento,1,0,numEventos-1))*(1+INDEX(TotalPorEvento,1,0)/(TotalEventos-INDEX(TotalPorEvento,1,0))) -> #REF! | AM40: =SUMIF(OFFSET($E$34:$BB$34,1,0,numEventos-1),AM38,OFFSET(ValoresPorEvento,1,0,numEventos-1))*(1+INDEX(TotalPorEvento,1,0)/(TotalEventos-INDEX(TotalPorEvento,1,0))) -> #REF! | AQ40: =SUMIF(OFFSET($E$34:$BB$34,1,0,numEventos-1),AQ38,OFFSET(ValoresPorEvento,1,0,numEventos-1))*(1+INDEX(TotalPorEvento,1,0)/(TotalEventos-INDEX(TotalPorEvento,1,0))) -> #REF! | AU40: =SUMIF(OFFSET($E$34:$BB$34,1,0,numEventos-1),AU38,OFFSET(ValoresPorEvento,1,0,numEventos-1))*(1+INDEX(TotalPorEvento,1,0)/(TotalEventos-INDEX(TotalPorEvento,1,0))) -> #REF! | AY40: =SUMIF(OFFSET($E$34:$BB$34,1,0,numEventos-1),AY38,OFFSET(ValoresPorEvento,1,0,numEventos-1))*(1+INDEX(TotalPorEvento,1,0)/(TotalEventos-INDEX(TotalPorEvento,1,0))) -> #REF!
B41: Acumulado | E41: % | G41: =IF(TotalEventos=0,0,G42/TotalEventos) -> #REF! | K41: =IF(TotalEventos=0,0,K42/TotalEventos) -> #REF! | O41: =IF(TotalEventos=0,0,O42/TotalEventos) -> #REF! | S41: =IF(TotalEventos=0,0,S42/TotalEventos) -> #REF! | W41: =IF(TotalEventos=0,0,W42/TotalEventos) -> #REF! | AA41: =IF(TotalEventos=0,0,AA42/TotalEventos) -> #REF! | AE41: =IF(TotalEventos=0,0,AE42/TotalEventos) -> #REF! | AI41: =IF(TotalEventos=0,0,AI42/TotalEventos) -> #REF! | AM41: =IF(TotalEventos=0,0,AM42/TotalEventos) -> #REF! | AQ41: =IF(TotalEventos=0,0,AQ42/TotalEventos) -> #REF! | AU41: =IF(TotalEventos=0,0,AU42/TotalEventos) -> #REF! | AY41: =IF(TotalEventos=0,0,AY42/TotalEventos) -> #REF!
E42: R$ | G42: =SUMIF(OFFSET($E$34:$BB$34,1,0,numEventos-1),"<="&G38,OFFSET(ValoresPorEvento,1,0,numEventos-1))*(1+INDEX(TotalPorEvento,1,0)/(TotalEventos-INDEX(TotalPorEvento,1,0))) -> #REF! | K42: =K40+G42 -> #REF! | O42: =O40+K42 -> #REF! | S42: =S40+O42 -> #REF! | W42: =W40+S42 -> #REF! | AA42: =AA40+W42 -> #REF! | AE42: =AE40+AA42 -> #REF! | AI42: =AI40+AE42 -> #REF! | AM42: =AM40+AI42 -> #REF! | AQ42: =AQ40+AM42 -> #REF! | AU42: =AU40+AQ42 -> #REF! | AY42: =AY40+AU42 -> #REF!
B46: =Import.Município&", "&TEXT(hoje,"dd")&" de "&TEXT(hoje,"mmmm")&" de "&TEXT(hoje,"aaaa") -> #REF!
B47: Local e Data | AQ47: Responsável Técnico: | AR47: =respPLE -> #REF!
AQ48: CREA / CAU: | AR48: =creaPLE -> #REF!

Sheet PLE
B1: =OFFSET(B1,-1,0)+1 -> #REF! | C1: =IF(B1<=numEventos,INDEX(Eventos,B1,2),"") -> #REF!
D20: PLE - Planilha de Levantamento de Eventos Planilha de Levantamento de Eventos | AY20: Grau de Sigilo #PUBLICO | BC20: =COUNTA(OFFSET(Medições,0,0,,2))/3*12 -> 12
Z28: % Realizado Acum.: | AA28: =OFFSET(G43,TRUNC((mediçao-G40)/12,0)*8,(mediçao-OFFSET(G40,TRUNC((mediçao-G40)/12,0)*8,0))*4) -> #REF! | AH28: Período: | AI28: =IF(OFFSET(G39,TRUNC((mediçao-G40)/12,0)*8,(mediçao-OFFSET(G39,1+TRUNC((mediçao-G40)/12,0)*8,0))*4)="","DIGITE A DATA DA MEDIÇÃO",TEXT(IF(mediçao=G40,dataInicioObra,1+OFFSET(G39,TRUNC((mediçao-G40)/12,0)*8,(mediçao-1-OFFSET(G39,1+TRUNC((mediçao-G40)/12,0)*8,0))*4)),"dd/mm/aaaa")&" a "&TEXT(OFFSET(G39,TRUNC((mediçao-G40)/12,0)*8,(mediçao-OFFSET(G39,1+TRUNC((mediçao-G40)/12,0)*8,0))*4),"dd/mm/aaaa")) -> DIGITE A DATA DA MEDIÇÃO | AW28: Medição: | AX28: 1
BA29: =mediçao -> 1 | BB29: =CONCATENATE(mediçao,".") -> 1.
E30: =IF(Eventograma_e_Quantitativos!N15<>"",Eventograma_e_Quantitativos!N15,"") -> #REF! | F30: =IF(Eventograma_e_Quantitativos!O15<>"",Eventograma_e_Quantitativos!O15,"") -> #REF! | G30: =IF(Eventograma_e_Quantitativos!P15<>"",Eventograma_e_Quantitativos!P15,"") -> #REF! | H30: =IF(Eventograma_e_Quantitativos!Q15<>"",Eventograma_e_Quantitativos!Q15,"") -> #REF! | I30: =IF(Eventograma_e_Quantitativos!R15<>"",Eventograma_e_Quantitativos!R15,"") | J30: =IF(Eventograma_e_Quantitativos!S15<>"",Eventograma_e_Quantitativos!S15,"") | K30: =IF(Eventograma_e_Quantitativos!T15<>"",Eventograma_e_Quantitativos!T15,"") | L30: =IF(Eventograma_e_Quantitativos!U15<>"",Eventograma_e_Quantitativos!U15,"") | ... BB30: =IF(Eventograma_e_Quantitativos!BK15<>"",Eventograma_e_Quantitativos!BK15,"")
B31: Nº do Evento | C31: Título dos Eventos | E31: 1 | F31: 2 | G31: 3 | H31: 4 | I31: 5 | J31: 6 | K31: 7 | L31: 8 | M31: 9 | N31: 10 | O31: 11 | P31: 12 | Q31: 13 | R31: 14 | S31: 15 | T31: 16 | U31: 17 | V31: 18 | W31: 19 | X31: 20 | Y31: 21 | Z31: 22 | AA31: 23 | AB31: 24 | AC31: 25 | AD31: 26 | AE31: 27 | AF31: 28 | AG31: 29 | AH31: 30 | AI31: 31 | AJ31: 32 | AK31: 33 | AL31: 34 | AM31: 35 | AN31: 36 | AO31: 37 | AP31: 38 | AQ31: 39 | AR31: 40 | AS31: 41 | AT31: 42 | AU31: 43 | AV31: 44 | AW31: 45 | AX31: 46 | AY31: 47 | AZ31: 48 | BA31: 49 | BB31: 50
E32: Informe abaixo o NÚMERO DA MEDIÇÃO em que os eventos foram concluídos (medição por eventos)
B34: =OFFSET(B34,-1,0)+1 -> 1 | C34: =IF(B34<=numEventos,INDEX(Eventos,B34,2),"") -> Administração Local | E34: A administração local será proporcional a execução dos demais eventos, indenpendente de frentes de obra.
B35: =OFFSET(B35,-1,0)+1 -> 2 | C35: =IF(B35<=numEventos,INDEX(Eventos,B35,2),"") -> PAVIMENTAÇÃO
B36: =OFFSET(B36,-1,0)+1 -> 3 | C36: =IF(B36<=numEventos,INDEX(Eventos,B36,2),"") -> CALÇADA
G38: Datas das medições
B40: Medições | G40: =(ROW($G40)-ROW($G$40))/8*12+1 -> 1 | K40: =G40+1 -> 2 | O40: =K40+1 -> 3 | S40: =O40+1 -> 4 | W40: =S40+1 -> 5 | AA40: =W40+1 -> 6 | AE40: =AA40+1 -> 7 | AI40: =AE40+1 -> 8 | AM40: =AI40+1 -> 9 | AQ40: =AM40+1 -> 10 | AU40: =AQ40+1 -> 11 | AY40: =AU40+1 -> 12
B41: Período | E41: % | G41: =IF(TotalEventos=0,0,G42/TotalEventos) -> #REF! | K41: =IF(TotalEventos=0,0,K42/TotalEventos) -> #REF! | O41: =IF(TotalEventos=0,0,O42/TotalEventos) -> #REF! | S41: =IF(TotalEventos=0,0,S42/TotalEventos) -> #REF! | W41: =IF(TotalEventos=0,0,W42/TotalEventos) -> #REF! | AA41: =IF(TotalEventos=0,0,AA42/TotalEventos) -> #REF! | AE41: =IF(TotalEventos=0,0,AE42/TotalEventos) -> #REF! | AI41: =IF(TotalEventos=0,0,AI42/TotalEventos) -> #REF! | AM41: =IF(TotalEventos=0,0,AM42/TotalEventos) -> #REF! | AQ41: =IF(TotalEventos=0,0,AQ42/TotalEventos) -> #REF! | AU41: =IF(TotalEventos=0,0,AU42/TotalEventos) -> #REF! | AY41: =IF(TotalEventos=0,0,AY42/TotalEventos) -> #REF!
E42: R$ | G42: =SUMIF(OFFSET(Import.PLE,1,0,numEventos-1),G40,OFFSET(ValoresPorEvento,1,0,numEventos-1))*(1+INDEX(TotalPorEvento,1,0)/(TotalEventos-INDEX(TotalPorEvento,1,0))) -> #REF! | K42: =SUMIF(OFFSET(Import.PLE,1,0,numEventos-1),K40,OFFSET(ValoresPorEvento,1,0,numEventos-1))*(1+INDEX(TotalPorEvento,1,0)/(TotalEventos-INDEX(TotalPorEvento,1,0))) -> #REF! | O42: =SUMIF(OFFSET(Import.PLE,1,0,numEventos-1),O40,OFFSET(ValoresPorEvento,1,0,numEventos-1))*(1+INDEX(TotalPorEvento,1,0)/(TotalEventos-INDEX(TotalPorEvento,1,0))) -> #REF! | S42: =SUMIF(OFFSET(Import.PLE,1,0,numEventos-1),S40,OFFSET(ValoresPorEvento,1,0,numEventos-1))*(1+INDEX(TotalPorEvento,1,0)/(TotalEventos-INDEX(TotalPorEvento,1,0))) -> #REF! | W42: =SUMIF(OFFSET(Import.PLE,1,0,numEventos-1),W40,OFFSET(ValoresPorEvento,1,0,numEventos-1))*(1+INDEX(TotalPorEvento,1,0)/(TotalEventos-INDEX(TotalPorEvento,1,0))) -> #REF! | AA42: =SUMIF(OFFSET(Import.PLE,1,0,numEventos-1),AA40,OFFSET(ValoresPorEvento,1,0,numEventos-1))*(1+INDEX(TotalPorEvento,1,0)/(TotalEventos-INDEX(TotalPorEvento,1,0))) -> #REF! | AE42: =SUMIF(OFFSET(Import.PLE,1,0,numEventos-1),AE40,OFFSET(ValoresPorEvento,1,0,numEventos-1))*(1+INDEX(TotalPorEvento,1,0)/(TotalEventos-INDEX(TotalPorEvento,1,0))) -> #REF! | AI42: =SUMIF(OFFSET(Import.PLE,1,0,numEventos-1),AI40,OFFSET(ValoresPorEvento,1,0,numEventos-1))*(1+INDEX(TotalPorEvento,1,0)/(TotalEventos-INDEX(TotalPorEvento,1,0))) -> #REF! | AM42: =SUMIF(OFFSET(Import.PLE,1,0,numEventos-1),AM40,OFFSET(ValoresPorEvento,1,0,numEventos-1))*(1+INDEX(TotalPorEvento,1,0)/(TotalEventos-INDEX(TotalPorEvento,1,0))) -> #REF! | AQ42: =SUMIF(OFFSET(Import.PLE,1,0,numEventos-1),AQ40,OFFSET(ValoresPorEvento,1,0,numEventos-1))*(1+INDEX(TotalPorEvento,1,0)/(TotalEventos-INDEX(TotalPorEvento,1,0))) -> #REF! | AU42: =SUMIF(OFFSET(Import.PLE,1,0,numEventos-1),AU40,OFFSET(ValoresPorEvento,1,0,numEventos-1))*(1+INDEX(TotalPorEvento,1,0)/(TotalEventos-INDEX(TotalPorEvento,1,0))) -> #REF! | AY42: =SUMIF(OFFSET(Import.PLE,1,0,numEventos-1),AY40,OFFSET(ValoresPorEvento,1,0,numEventos-1))*(1+INDEX(TotalPorEvento,1,0)/(TotalEventos-INDEX(TotalPorEvento,1,0))) -> #REF!
